Workbook

Sheet Смета 12 гр. по ФЕР
A1: =Source!B1 -> Smeta.RU (495) 974-1589
H3: Приложение 1 к Форме 7
B8: =CONCATENATE( "СМЕТА ",IF(Source!F20<>"Новая локальная смета", Source!F20, "")) -> СМЕТА
B10: =IF(Source!G20<>"Новая локальная смета", Source!G20, "")
B12: на капитальный ремонт напольного покрытия в помещениях комнат отдыха и коридоров 2-5-го этажей с устройством противопожарных перегородок в помещениях коридоров с 1-5-й этажи в здании общежития НИЯУ МИФИ по адресу: г. Москва, ул. Москворечье, д. 19, к. 4 | AD12: =IF(Source!G12<>"Новый объект", Source!G12, "") -> На капитальный ремонт напольного покрытия коридоров со 2-го по 5-й этажи с установкой противопожарных перегородок коридоров с 1-го по 5-й этажи здания общежития НИЯУ МИФИ по адресу: г. Москва, ул. Москворечье, д. 19, к. 4
B13: (наименование работ и затрат, наименование объекта)
G15: базовая цена | I15: текущая цена
C16: Сметная стоимость | G16: =SUM(O24:O180)/1000 -> 525.19056 | I16: =(Source!P141/1000) -> 4773.6214 | K16: тыс. руб.
C17: Строительные работы | G17: =SUM(W24:W180)/1000 -> 525.19056 | I17: =(Source!P128)/1000 -> 4045.4419 | K17: тыс. руб.
C18: Нормативная трудоемкость | G18: =I18 -> 5092.8986 | I18: =(Source!P133+Source!P134) -> 5092.8986 | K18: чел. -ч.
C19: Средства на оплату труда | G19: =SUM(R24:R180)/1000 -> 44.87684 | I19: =((Source!P126 + Source!P125)/1000) -> 345.55175 | K19: тыс. руб.
A21: Составлена в ценах IV квартал 2017 года
A22: № п/п | B22: Шифр расценки и коды ресурсов | C22: Наименование работ и затрат | D22: Ед. изм. | E22: Кол-во единиц | F22: Цена на ед. изм. | G22: Попра-вочные коэфф. | H22: Стоимость в ценах 2001г. | I22: Пункт коэфф. пересчета | J22: Коэфф. пересчета | K22: Стоимость в текущих ценах | L22: ЗТР всего чел.-час
A23: 1 | B23: 2 | C23: 3 | D23: 4 | E23: 5 | F23: 6 | G23: 7 | H23: 8 | I23: 9 | J23: 10 | K23: 11 | L23: 12
A24: =Source!E25 -> 1 | B24: =Source!F25 -> 57-2-1 | C24: =Source!G25 -> Разборка покрытий полов из линолеума и релина | D24: =Source!H25 -> 100 м2 | E24: =Source!I25 -> 8.114 | F24: =Source!AL25+Source!AM25+Source!AO25 -> 92.9 | I24: =Source!BO25 | S24: =ROUND((Source!FX25/100)*((ROUND(Source!AF25*Source!I25, 2)+ROUND(Source!AE25*Source!I25, 2))), 2) -> 588.1 | T24: =Source!X25 -> 4528.39 | U24: =ROUND((Source!FY25/100)*((ROUND(Source!AF25*Source!I25, 2)+ROUND(Source!AE25*Source!I25, 2))), 2) -> 499.89 | V24: =Source!Y25 -> 3849.13
C25: ="Объем: "&Source!I25&"=811,4/"&"100" -> Объем: 8,114=811,4/100
C26: Зарплата | F26: =Source!AO25 -> 88.84 | G26: =Source!DG25 | H26: =ROUND(Source!AF25*Source!I25, 2) -> 720.85 | J26: =IF(Source!BA25<> 0, Source!BA25, 1) -> 7.7 | K26: =Source!S25 -> 5550.53 | R26: =H26 -> 720.85
C27: Эксплуатация машин | F27: =Source!AM25 -> 4.06 | G27: =Source!DE25 | H27: =ROUND(Source!AD25*Source!I25, 2) -> 32.94 | J27: =IF(Source!BB25<> 0, Source!BB25, 1) -> 7.7 | K27: =Source!Q25 -> 253.66
C28: в т.ч. зарплата машинистов | F28: =Source!AN25 -> 1.76 | G28: =Source!DF25 | H28: =ROUND(Source!AE25*Source!I25, 2) -> 14.28 | J28: =IF(Source!BS25<> 0, Source!BS25, 1) -> 7.7 | K28: =Source!R25 -> 109.96 | R28: =H28 -> 14.28
C29: НР от ФОТ | D29: % | E29: =Source!BZ25 -> 80 | H29: =SUM(S24:S32) -> 588.1 | J29: =Source!AT25 -> 80 | K29: =SUM(T24:T32) -> 4528.39
C30: СП от ФОТ | D30: % | E30: =Source!CA25 -> 68 | H30: =SUM(U24:U32) -> 499.89 | J30: =Source!AU25 -> 68 | K30: =SUM(V24:V32) -> 3849.13
C31: Затраты труда | D31: чел-ч | E31: =Source!AQ25 -> 11.39 | G31: =Source!DI25 | L31: =Source!U25 -> 92.41846
A32: =Source!E27 -> 1,1 | B32: =Source!F27 -> 01.7.07.07 | C32: =Source!G27 -> Строительный мусор | D32: =Source!H27 -> т | E32: =Source!I27 -> 3.81358 | F32: =Source!AL27+Source!AM27+Source!AO27 -> 0 | H32: =ROUND(Source!AC27*Source!I27, 2)+ROUND(Source!AD27*Source!I27, 2)+ROUND(Source!AF27*Source!I27, 2) -> 0 | J32: =IF(Source!BC27<> 0, Source!BC27, 1) -> 7.7 | K32: =Source!O27 -> 0 | S32: =ROUND((Source!FX27/100)*((ROUND(Source!AF27*Source!I27, 2)+ROUND(Source!AE27*Source!I27, 2))), 2) -> 0 | T32: =Source!X27 -> 0 | U32: =ROUND((Source!FY27/100)*((ROUND(Source!AF27*Source!I27, 2)+ROUND(Source!AE27*Source!I27, 2))), 2) -> 0 | V32: =Source!Y27 -> 0 | W32: =IF(Source!BI27<=1,H32, 0) -> 0 | X32: =IF(Source!BI27=2,H32, 0) -> 0 | Y32: =IF(Source!BI27=3,H32, 0) -> 0 | Z32: =IF(Source!BI27=4,H32, 0) -> 0
G33: =H26+H27+H29+H30+SUM(H32:H32) -> 1841.78 | J33: =K26+K27+K29+K30+SUM(K32:K32) -> 14181.71 | L33: =Source!U25 -> 92.41846 | O33: =G33 -> 1841.78 | P33: =J33 -> 14181.71 | Q33: =L33 -> 92.41846 | W33: =IF(Source!BI25<=1,H26+H27+H29+H30, 0) -> 1841.78 | X33: =IF(Source!BI25=2,H26+H27+H29+H30, 0) -> 0 | Y33: =IF(Source!BI25=3,H26+H27+H29+H30, 0) -> 0 | Z33: =IF(Source!BI25=4,H26+H27+H29+H30, 0) -> 0
A34: =Source!E29 -> 2 | B34: =Source!F29 -> 57-3-1 | C34: =Source!G29 -> Разборка плинтусов деревянных и из пластмассовых материалов | D34: =Source!H29 -> 100 м | E34: =Source!I29 -> 5.856 | F34: =Source!AL29+Source!AM29+Source!AO29 -> 29.41 | I34: =Source!BO29 | S34: =ROUND((Source!FX29/100)*((ROUND(Source!AF29*Source!I29, 2)+ROUND(Source!AE29*Source!I29, 2))), 2) -> 137.78 | T34: =Source!X29 -> 1060.9 | U34: =ROUND((Source!FY29/100)*((ROUND(Source!AF29*Source!I29, 2)+ROUND(Source!AE29*Source!I29, 2))), 2) -> 117.11 | V34: =Source!Y29 -> 901.77
C35: ="Объем: "&Source!I29&"=585,6/"&"100" -> Объем: 5,856=585,6/100
C36: Зарплата | F36: =Source!AO29 -> 29.41 | G36: =Source!DG29 | H36: =ROUND(Source!AF29*Source!I29, 2) -> 172.22 | J36: =IF(Source!BA29<> 0, Source!BA29, 1) -> 7.7 | K36: =Source!S29 -> 1326.13 | R36: =H36 -> 172.22
C37: НР от ФОТ | D37: % | E37: =Source!BZ29 -> 80 | H37: =SUM(S34:S40) -> 137.78 | J37: =Source!AT29 -> 80 | K37: =SUM(T34:T40) -> 1060.9
C38: СП от ФОТ | D38: % | E38: =Source!CA29 -> 68 | H38: =SUM(U34:U40) -> 117.11 | J38: =Source!AU29 -> 68 | K38: =SUM(V34:V40) -> 901.77
C39: Затраты труда | D39: чел-ч | E39: =Source!AQ29 -> 3.77 | G39: =Source!DI29 | L39: =Source!U29 -> 22.07712
A40: =Source!E31 -> 2,1 | B40: =Source!F31 -> 01.7.07.07 | C40: =Source!G31 -> Строительный мусор | D40: =Source!H31 -> т | E40: =Source!I31 -> 0.64416 | F40: =Source!AL31+Source!AM31+Source!AO31 -> 0 | H40: =ROUND(Source!AC31*Source!I31, 2)+ROUND(Source!AD31*Source!I31, 2)+ROUND(Source!AF31*Source!I31, 2) -> 0 | J40: =IF(Source!BC31<> 0, Source!BC31, 1) -> 7.7 | K40: =Source!O31 -> 0 | S40: =ROUND((Source!FX31/100)*((ROUND(Source!AF31*Source!I31, 2)+ROUND(Source!AE31*Source!I31, 2))), 2) -> 0 | T40: =Source!X31 -> 0 | U40: =ROUND((Source!FY31/100)*((ROUND(Source!AF31*Source!I31, 2)+ROUND(Source!AE31*Source!I31, 2))), 2) -> 0 | V40: =Source!Y31 -> 0 | W40: =IF(Source!BI31<=1,H40, 0) -> 0 | X40: =IF(Source!BI31=2,H40, 0) -> 0 | Y40: =IF(Source!BI31=3,H40, 0) -> 0 | Z40: =IF(Source!BI31=4,H40, 0) -> 0
G41: =H36+H37+H38+SUM(H40:H40) -> 427.11 | J41: =K36+K37+K38+SUM(K40:K40) -> 3288.8 | L41: =Source!U29 -> 22.07712 | O41: =G41 -> 427.11 | P41: =J41 -> 3288.8 | Q41: =L41 -> 22.07712 | W41: =IF(Source!BI29<=1,H36+H37+H38, 0) -> 427.11 | X41: =IF(Source!BI29=2,H36+H37+H38, 0) -> 0 | Y41: =IF(Source!BI29=3,H36+H37+H38, 0) -> 0 | Z41: =IF(Source!BI29=4,H36+H37+H38, 0) -> 0
A42: =Source!E33 -> 3 | B42: =Source!F33 -> 57-2-4 | C42: =Source!G33 -> Разборка покрытий полов цементных толщиной 30 мм | D42: =Source!H33 -> 100 м2 | E42: =Source!I33 -> 8.114 | F42: =Source!AL33+Source!AM33+Source!AO33 -> 1687.56 | I42: =Source!BO33 | S42: =ROUND((Source!FX33/100)*((ROUND(Source!AF33*Source!I33, 2)+ROUND(Source!AE33*Source!I33, 2))), 2) -> 6314.9 | T42: =Source!X33 -> 48624.72 | U42: =ROUND((Source!FY33/100)*((ROUND(Source!AF33*Source!I33, 2)+ROUND(Source!AE33*Source!I33, 2))), 2) -> 5367.66 | V42: =Source!Y33 -> 41331.01
C43: ="Объем: "&Source!I33&"=811,4/"&"100" -> Объем: 8,114=811,4/100
C44: Зарплата | F44: =Source!AO33 -> 948.54 | G44: =Source!DG33 | H44: =ROUND(Source!AF33*Source!I33, 2) -> 7696.45 | J44: =IF(Source!BA33<> 0, Source!BA33, 1) -> 7.7 | K44: =Source!S33 -> 59262.69 | R44: =H44 -> 7696.45
C45: Эксплуатация машин | F45: =Source!AM33 -> 739.02 | G45: =Source!DE33 | H45: =ROUND(Source!AD33*Source!I33, 2) -> 5996.41 | J45: =IF(Source!BB33<> 0, Source!BB33, 1) -> 7.7 | K45: =Source!Q33 -> 46172.34
C46: в т.ч. зарплата машинистов | F46: =Source!AN33 -> 24.3 | G46: =Source!DF33 | H46: =ROUND(Source!AE33*Source!I33, 2) -> 197.17 | J46: =IF(Source!BS33<> 0, Source!BS33, 1) -> 7.7 | K46: =Source!R33 -> 1518.21 | R46: =H46 -> 197.17
C47: НР от ФОТ | D47: % | E47: =Source!BZ33 -> 80 | H47: =SUM(S42:S50) -> 6314.9 | J47: =Source!AT33 -> 80 | K47: =SUM(T42:T50) -> 48624.72
C48: СП от ФОТ | D48: % | E48: =Source!CA33 -> 68 | H48: =SUM(U42:U50) -> 5367.66 | J48: =Source!AU33 -> 68 | K48: =SUM(V42:V50) -> 41331.01
C49: Затраты труда | D49: чел-ч | E49: =Source!AQ33 -> 111.2 | G49: =Source!DI33 | L49: =Source!U33 -> 902.2768
A50: =Source!E35 -> 3,1 | B50: =Source!F35 -> 01.7.07.07 | C50: =Source!G35 -> Строительный мусор | D50: =Source!H35 -> т | E50: =Source!I35 -> 53.5524 | F50: =Source!AL35+Source!AM35+Source!AO35 -> 0 | H50: =ROUND(Source!AC35*Source!I35, 2)+ROUND(Source!AD35*Source!I35, 2)+ROUND(Source!AF35*Source!I35, 2) -> 0 | J50: =IF(Source!BC35<> 0, Source!BC35, 1) -> 7.7 | K50: =Source!O35 -> 0 | S50: =ROUND((Source!FX35/100)*((ROUND(Source!AF35*Source!I35, 2)+ROUND(Source!AE35*Source!I35, 2))), 2) -> 0 | T50: =Source!X35 -> 0 | U50: =ROUND((Source!FY35/100)*((ROUND(Source!AF35*Source!I35, 2)+ROUND(Source!AE35*Source!I35, 2))), 2) -> 0 | V50: =Source!Y35 -> 0 | W50: =IF(Source!BI35<=1,H50, 0) -> 0 | X50: =IF(Source!BI35=2,H50, 0) -> 0 | Y50: =IF(Source!BI35=3,H50, 0) -> 0 | Z50: =IF(Source!BI35=4,H50, 0) -> 0
G51: =H44+H45+H47+H48+SUM(H50:H50) -> 25375.42 | J51: =K44+K45+K47+K48+SUM(K50:K50) -> 195390.76 | L51: =Source!U33 -> 902.2768 | O51: =G51 -> 25375.42 | P51: =J51 -> 195390.76 | Q51: =L51 -> 902.2768 | W51: =IF(Source!BI33<=1,H44+H45+H47+H48, 0) -> 25375.42 | X51: =IF(Source!BI33=2,H44+H45+H47+H48, 0) -> 0 | Y51: =IF(Source!BI33=3,H44+H45+H47+H48, 0) -> 0 | Z51: =IF(Source!BI33=4,H44+H45+H47+H48, 0) -> 0
A52: =Source!E37 -> 4 | B52: =Source!F37 -> 11-01-004-09 | C52: =Source!G37 -> Устройство гидроизоляции обмазочной в один слой праймером | D52: =Source!H37 -> 100 м2 | E52: =Source!I37 -> 8.114 | F52: =Source!AL37+Source!AM37+Source!AO37 -> 453.75 | I52: =Source!BO37 | S52: =ROUND((Source!FX37/100)*((ROUND(Source!AF37*Source!I37, 2)+ROUND(Source!AE37*Source!I37, 2))), 2) -> 3057.49 | T52: =Source!X37 -> 23606.51 | U52: =ROUND((Source!FY37/100)*((ROUND(Source!AF37*Source!I37, 2)+ROUND(Source!AE37*Source!I37, 2))), 2) -> 1760.75 | V52: =Source!Y37 -> 13610.96
C53: ="Объем: "&Source!I37&"=811,4/"&"100" -> Объем: 8,114=811,4/100
C54: Зарплата | F54: =Source!AO37 -> 295.05 | G54: =Source!DG37 -> )*1,15 | H54: =ROUND(Source!AF37*Source!I37, 2) -> 2753.14 | J54: =IF(Source!BA37<> 0, Source!BA37, 1) -> 7.7 | K54: =Source!S37 -> 21199.19 | R54: =H54 -> 2753.14
C55: Эксплуатация машин | F55: =Source!AM37 -> 25.85 | G55: =Source!DE37 -> )*1,25 | H55: =ROUND(Source!AD37*Source!I37, 2) -> 262.18 | J55: =IF(Source!BB37<> 0, Source!BB37, 1) -> 7.7 | K55: =Source!Q37 -> 2018.81
C56: в т.ч. зарплата машинистов | F56: =Source!AN37 -> 0.87 | G56: =Source!DF37 -> )*1,25 | H56: =ROUND(Source!AE37*Source!I37, 2) -> 8.82 | J56: =IF(Source!BS37<> 0, Source!BS37, 1) -> 7.7 | K56: =Source!R37 -> 67.94 | R56: =H56 -> 8.82
C57: Материальные ресурсы | F57: =Source!AL37 -> 132.85 | G57: =Source!DD37 | H57: =ROUND(Source!AC37*Source!I37, 2) -> 1077.94 | J57: =IF(Source!BC37<> 0, Source!BC37, 1) -> 7.7 | K57: =Source!P37 -> 8300.18
C58: НР от ФОТ | D58: % | E58: =Source!BZ37 -> 123 | F58: =CONCATENATE(" )", Source!DL37, Source!FT37, "=", Source!FX37) -> )*0,9=110,7 | H58: =SUM(S52:S63) -> 3057.49 | J58: =Source!AT37 -> 111 | K58: =SUM(T52:T63) -> 23606.51
C59: СП от ФОТ | D59: % | E59: =Source!CA37 -> 75 | F59: =CONCATENATE(" )", Source!DM37, Source!FU37, "=", Source!FY37) -> )*0,85=63,75 | H59: =SUM(U52:U63) -> 1760.75 | J59: =Source!AU37 -> 64 | K59: =SUM(V52:V63) -> 13610.96
C60: Затраты труда | D60: чел-ч | E60: =Source!AQ37 -> 26.97 | G60: =Source!DI37 -> )*1,15 | L60: =Source!U37 -> 251.65977
A61: =Source!E39 -> 4,1 | B61: =Source!F39 -> 14.3.01.01-0001 | C61: =Source!G39 -> Грунтовка: «Бетоконтакт», КНАУФ | D61: =Source!H39 -> кг | E61: =Source!I39 -> 243.42 | F61: =Source!AL39+Source!AM39+Source!AO39 -> 15.09 | H61: =ROUND(Source!AC39*Source!I39, 2)+ROUND(Source!AD39*Source!I39, 2)+ROUND(Source!AF39*Source!I39, 2) -> 3673.21 | J61: =IF(Source!BC39<> 0, Source!BC39, 1) -> 7.7 | K61: =Source!O39 -> 28283.7 | S61: =ROUND((Source!FX39/100)*((ROUND(Source!AF39*Source!I39, 2)+ROUND(Source!AE39*Source!I39, 2))), 2) -> 0 | T61: =Source!X39 -> 0 | U61: =ROUND((Source!FY39/100)*((ROUND(Source!AF39*Source!I39, 2)+ROUND(Source!AE39*Source!I39, 2))), 2) -> 0 | V61: =Source!Y39 -> 0 | W61: =IF(Source!BI39<=1,H61, 0) -> 3673.21 | X61: =IF(Source!BI39=2,H61, 0) -> 0 | Y61: =IF(Source!BI39=3,H61, 0) -> 0 | Z61: =IF(Source!BI39=4,H61, 0) -> 0
A62: =Source!E41 -> 4,2 | B62: =Source!F41 -> 01.2.01.02-0054 | C62: =Source!G41 -> Битумы нефтяные строительные марки БН-90/10 | D62: =Source!H41 -> т | E62: =Source!I41 -> -0.16228 | F62: =Source!AL41+Source!AM41+Source!AO41 -> 1383.1 | H62: =ROUND(Source!AC41*Source!I41, 2)+ROUND(Source!AD41*Source!I41, 2)+ROUND(Source!AF41*Source!I41, 2) -> -224.45 | J62: =IF(Source!BC41<> 0, Source!BC41, 1) -> 7.7 | K62: =Source!O41 -> -1728.26 | S62: =ROUND((Source!FX41/100)*((ROUND(Source!AF41*Source!I41, 2)+ROUND(Source!AE41*Source!I41, 2))), 2) -> 0 | T62: =Source!X41 -> 0 | U62: =ROUND((Source!FY41/100)*((ROUND(Source!AF41*Source!I41, 2)+ROUND(Source!AE41*Source!I41, 2))), 2) -> 0 | V62: =Source!Y41 -> 0 | W62: =IF(Source!BI41<=1,H62, 0) -> -224.45 | X62: =IF(Source!BI41=2,H62, 0) -> 0 | Y62: =IF(Source!BI41=3,H62, 0) -> 0 | Z62: =IF(Source!BI41=4,H62, 0) -> 0
A63: =Source!E43 -> 4,3 | B63: =Source!F43 -> 01.3.01.03-0002 | C63: =Source!G43 -> Керосин для технических целей марок КТ-1, КТ-2 | D63: =Source!H43 -> т | E63: =Source!I43 -> -0.32456 | F63: =Source!AL43+Source!AM43+Source!AO43 -> 2606.9 | H63: =ROUND(Source!AC43*Source!I43, 2)+ROUND(Source!AD43*Source!I43, 2)+ROUND(Source!AF43*Source!I43, 2) -> -846.1 | J63: =IF(Source!BC43<> 0, Source!BC43, 1) -> 7.7 | K63: =Source!O43 -> -6514.94 | S63: =ROUND((Source!FX43/100)*((ROUND(Source!AF43*Source!I43, 2)+ROUND(Source!AE43*Source!I43, 2))), 2) -> 0 | T63: =Source!X43 -> 0 | U63: =ROUND((Source!FY43/100)*((ROUND(Source!AF43*Source!I43, 2)+ROUND(Source!AE43*Source!I43, 2))), 2) -> 0 | V63: =Source!Y43 -> 0 | W63: =IF(Source!BI43<=1,H63, 0) -> -846.1 | X63: =IF(Source!BI43=2,H63, 0) -> 0 | Y63: =IF(Source!BI43=3,H63, 0) -> 0 | Z63: =IF(Source!BI43=4,H63, 0) -> 0
G64: =H54+H55+H57+H58+H59+SUM(H61:H63) -> 11514.16 | J64: =K54+K55+K57+K58+K59+SUM(K61:K63) -> 88776.15 | L64: =Source!U37 -> 251.65977 | O64: =G64 -> 11514.16 | P64: =J64 -> 88776.15 | Q64: =L64 -> 251.65977 | W64: =IF(Source!BI37<=1,H54+H55+H57+H58+H59, 0) -> 8911.5 | X64: =IF(Source!BI37=2,H54+H55+H57+H58+H59, 0) -> 0 | Y64: =IF(Source!BI37=3,H54+H55+H57+H58+H59, 0) -> 0 | Z64: =IF(Source!BI37=4,H54+H55+H57+H58+H59, 0) -> 0
A65: =Source!E45 -> 5 | B65: =Source!F45 -> 11-01-011-08 | C65: =Source!G45 -> Устройство стяжек из выравнивающей смеси типа "Ветонит" 5000, толщиной 5 мм | D65: =Source!H45 -> 100 м2 | E65: =Source!I45 -> 8.114 | F65: =Source!AL45+Source!AM45+Source!AO45 -> 11028.89 | I65: =Source!BO45 | S65: =ROUND((Source!FX45/100)*((ROUND(Source!AF45*Source!I45, 2)+ROUND(Source!AE45*Source!I45, 2))), 2) -> 3341.3 | T65: =Source!X45 -> 25797.78 | U65: =ROUND((Source!FY45/100)*((ROUND(Source!AF45*Source!I45, 2)+ROUND(Source!AE45*Source!I45, 2))), 2) -> 1924.19 | V65: =Source!Y45 -> 14874.39
C66: ="Объем: "&Source!I45&"=(202,8+"&"204,2+"&"200,2+"&"204,2)/"&"100" -> Объем: 8,114=(202,8+204,2+200,2+204,2)/100
C67: Зарплата | F67: =Source!AO45 -> 321.33 | G67: =Source!DG45 -> )*1,15 | H67: =ROUND(Source!AF45*Source!I45, 2) -> 2998.36 | J67: =IF(Source!BA45<> 0, Source!BA45, 1) -> 7.7 | K67: =Source!S45 -> 23087.39 | R67: =H67 -> 2998.36
C68: Эксплуатация машин | F68: =Source!AM45 -> 6.23 | G68: =Source!DE45 -> )*1,25 | H68: =ROUND(Source!AD45*Source!I45, 2) -> 63.19 | J68: =IF(Source!BB45<> 0, Source!BB45, 1) -> 7.7 | K68: =Source!Q45 -> 486.55
C69: в т.ч. зарплата машинистов | F69: =Source!AN45 -> 1.97 | G69: =Source!DF45 -> )*1,25 | H69: =ROUND(Source!AE45*Source!I45, 2) -> 19.98 | J69: =IF(Source!BS45<> 0, Source!BS45, 1) -> 7.7 | K69: =Source!R45 -> 153.85 | R69: =H69 -> 19.98
C70: Материальные ресурсы | F70: =Source!AL45 -> 10701.33 | G70: =Source!DD45 | H70: =ROUND(Source!AC45*Source!I45, 2) -> 86830.59 | J70: =IF(Source!BC45<> 0, Source!BC45, 1) -> 7.7 | K70: =Source!P45 -> 668595.56
C71: НР от ФОТ | D71: % | E71: =Source!BZ45 -> 123 | F71: =CONCATENATE(" )", Source!DL45, Source!FT45, "=", Source!FX45) -> )*0,9=110,7 | H71: =SUM(S65:S73) -> 3341.3 | J71: =Source!AT45 -> 111 | K71: =SUM(T65:T73) -> 25797.78
C72: СП от ФОТ | D72: % | E72: =Source!CA45 -> 75 | F72: =CONCATENATE(" )", Source!DM45, Source!FU45, "=", Source!FY45) -> )*0,85=63,75 | H72: =SUM(U65:U73) -> 1924.19 | J72: =Source!AU45 -> 64 | K72: =SUM(V65:V73) -> 14874.39
C73: Затраты труда | D73: чел-ч | E73: =Source!AQ45 -> 37.67 | G73: =Source!DI45 -> )*1,15 | L73: =Source!U45 -> 351.50254
G74: =H67+H68+H70+H71+H72 -> 95157.63 | J74: =K67+K68+K70+K71+K72 -> 732841.67 | L74: =Source!U45 -> 351.50254 | O74: =G74 -> 95157.63 | P74: =J74 -> 732841.67 | Q74: =L74 -> 351.50254 | W74: =IF(Source!BI45<=1,H67+H68+H70+H71+H72, 0) -> 95157.63 | X74: =IF(Source!BI45=2,H67+H68+H70+H71+H72, 0) -> 0 | Y74: =IF(Source!BI45=3,H67+H68+H70+H71+H72, 0) -> 0 | Z74: =IF(Source!BI45=4,H67+H68+H70+H71+H72, 0) -> 0
A75: =Source!E47 -> 6 | B75: =Source!F47 -> 11-01-011-10 | C75: =Source!G47 -> Устройство стяжек на каждый последующий слой толщиной 1 мм добавлять к расценке 11-01-011-08 | D75: =Source!H47 -> 100 м2 | E75: =Source!I47 -> 8.114 | F75: =Source!AL47+Source!AM47+Source!AO47 -> 2070.6 | I75: =Source!BO47 | S75: =ROUND((Source!FX47/100)*((ROUND(Source!AF47*Source!I47, 2)+ROUND(Source!AE47*Source!I47, 2))), 2) -> 2171.31 | T75: =Source!X47 -> 16764.41 | U75: =ROUND((Source!FY47/100)*((ROUND(Source!AF47*Source!I47, 2)+ROUND(Source!AE47*Source!I47, 2))), 2) -> 1250.42 | V75: =Source!Y47 -> 9665.96
C76: Зарплата | F76: =Source!AO47 -> 20.64 | G76: =Source!DG47 -> )*1,15*10 | H76: =ROUND(Source!AF47*Source!I47, 2) -> 1925.94 | J76: =IF(Source!BA47<> 0, Source!BA47, 1) -> 7.7 | K76: =Source!S47 -> 14829.73 | R76: =H76 -> 1925.94
C77: Эксплуатация машин | F77: =Source!AM47 -> 1.21 | G77: =Source!DE47 -> )*1,25*10 | H77: =ROUND(Source!AD47*Source!I47, 2) -> 122.72 | J77: =IF(Source!BB47<> 0, Source!BB47, 1) -> 7.7 | K77: =Source!Q47 -> 944.98
C78: в т.ч. зарплата машинистов | F78: =Source!AN47 -> 0.35 | G78: =Source!DF47 -> )*1,25*10 | H78: =ROUND(Source!AE47*Source!I47, 2) -> 35.5 | J78: =IF(Source!BS47<> 0, Source!BS47, 1) -> 7.7 | K78: =Source!R47 -> 273.34 | R78: =H78 -> 35.5
C79: Материальные ресурсы | F79: =Source!AL47 -> 2048.75 | G79: =Source!DD47 -> *10 | H79: =ROUND(Source!AC47*Source!I47, 2) -> 166235.58 | J79: =IF(Source!BC47<> 0, Source!BC47, 1) -> 7.7 | K79: =Source!P47 -> 1280013.9
C80: НР от ФОТ | D80: % | E80: =Source!BZ47 -> 123 | F80: =CONCATENATE(" )", Source!DL47, Source!FT47, "=", Source!FX47) -> )*0,9=110,7 | H80: =SUM(S75:S82) -> 2171.31 | J80: =Source!AT47 -> 111 | K80: =SUM(T75:T82) -> 16764.41
C81: СП от ФОТ | D81: % | E81: =Source!CA47 -> 75 | F81: =CONCATENATE(" )", Source!DM47, Source!FU47, "=", Source!FY47) -> )*0,85=63,75 | H81: =SUM(U75:U82) -> 1250.42 | J81: =Source!AU47 -> 64 | K81: =SUM(V75:V82) -> 9665.96
C82: Затраты труда | D82: чел-ч | E82: =Source!AQ47 -> 2.42 | G82: =Source!DI47 -> )*1,15*10 | L82: =Source!U47 -> 225.81262
G83: =H76+H77+H79+H80+H81 -> 171705.97 | J83: =K76+K77+K79+K80+K81 -> 1322219 | L83: =Source!U47 -> 225.81262 | O83: =G83 -> 171705.97 | P83: =J83 -> 1322219 | Q83: =L83 -> 225.81262 | W83: =IF(Source!BI47<=1,H76+H77+H79+H80+H81, 0) -> 171705.97 | X83: =IF(Source!BI47=2,H76+H77+H79+H80+H81, 0) -> 0 | Y83: =IF(Source!BI47=3,H76+H77+H79+H80+H81, 0) -> 0 | Z83: =IF(Source!BI47=4,H76+H77+H79+H80+H81, 0) -> 0
A84: =Source!E57 -> 7 | B84: =Source!F57 -> 11-01-047-01 | C84: =Source!G57 -> Устройство покрытий из плит керамогранитных размером 30х30 см | D84: =Source!H57 -> 100 м2 | E84: =Source!I57 -> 8.114 | F84: =Source!AL57+Source!AM57+Source!AO57 -> 21576.86 | I84: =Source!BO57 | S84: =ROUND((Source!FX57/100)*((ROUND(Source!AF57*Source!I57, 2)+ROUND(Source!AE57*Source!I57, 2))), 2) -> 28221.34 | T84: =Source!X57 -> 217893.13 | U84: =ROUND((Source!FY57/100)*((ROUND(Source!AF57*Source!I57, 2)+ROUND(Source!AE57*Source!I57, 2))), 2) -> 16252.13 | V84: =Source!Y57 -> 125632.08
C85: ="Объем: "&Source!I57&"=811,4/"&"100" -> Объем: 8,114=811,4/100
C86: Зарплата | F86: =Source!AO57 -> 2713.07 | G86: =Source!DG57 -> )*1,15 | H86: =ROUND(Source!AF57*Source!I57, 2) -> 25315.93 | J86: =IF(Source!BA57<> 0, Source!BA57, 1) -> 7.7 | K86: =Source!S57 -> 194932.64 | R86: =H86 -> 25315.93
C87: Эксплуатация машин | F87: =Source!AM57 -> 24.15 | G87: =Source!DE57 -> )*1,25 | H87: =ROUND(Source!AD57*Source!I57, 2) -> 244.94 | J87: =IF(Source!BB57<> 0, Source!BB57, 1) -> 7.7 | K87: =Source!Q57 -> 1886.05
C88: в т.ч. зарплата машинистов | F88: =Source!AN57 -> 17.51 | G88: =Source!DF57 -> )*1,25 | H88: =ROUND(Source!AE57*Source!I57, 2) -> 177.6 | J88: =IF(Source!BS57<> 0, Source!BS57, 1) -> 7.7 | K88: =Source!R57 -> 1367.48 | R88: =H88 -> 177.6
C89: Материальные ресурсы | F89: =Source!AL57 -> 18839.64 | G89: =Source!DD57 | H89: =ROUND(Source!AC57*Source!I57, 2) -> 152864.84 | J89: =IF(Source!BC57<> 0, Source!BC57, 1) -> 7.7 | K89: =Source!P57 -> 1177059.3
C90: НР от ФОТ | D90: % | E90: =Source!BZ57 -> 123 | F90: =CONCATENATE(" )", Source!DL57, Source!FT57, "=", Source!FX57) -> )*0,9=110,7 | H90: =SUM(S84:S95) -> 28221.34 | J90: =Source!AT57 -> 111 | K90: =SUM(T84:T95) -> 217893.13
C91: СП от ФОТ | D91: % | E91: =Source!CA57 -> 75 | F91: =CONCATENATE(" )", Source!DM57, Source!FU57, "=", Source!FY57) -> )*0,85=63,75 | H91: =SUM(U84:U95) -> 16252.13 | J91: =Source!AU57 -> 64 | K91: =SUM(V84:V95) -> 125632.08
C92: Затраты труда | D92: чел-ч | E92: =Source!AQ57 -> 310.42 | G92: =Source!DI57 -> )*1,15 | L92: =Source!U57 -> 2896.5601
A93: =Source!E59 -> 7,1 | B93: =Source!F59 -> 14.3.01.02-0103 | C93: =Source!G59 -> Грунтовка воднодисперсионная CERESIT CT 17 | D93: =Source!H59 -> л | E93: =Source!I59 -> 162.28 | F93: =Source!AL59+Source!AM59+Source!AO59 -> 9.14 | H93: =ROUND(Source!AC59*Source!I59, 2)+ROUND(Source!AD59*Source!I59, 2)+ROUND(Source!AF59*Source!I59, 2) -> 1483.24 | J93: =IF(Source!BC59<> 0, Source!BC59, 1) -> 7.7 | K93: =Source!O59 -> 11420.94 | S93: =ROUND((Source!FX59/100)*((ROUND(Source!AF59*Source!I59, 2)+ROUND(Source!AE59*Source!I59, 2))), 2) -> 0 | T93: =Source!X59 -> 0 | U93: =ROUND((Source!FY59/100)*((ROUND(Source!AF59*Source!I59, 2)+ROUND(Source!AE59*Source!I59, 2))), 2) -> 0 | V93: =Source!Y59 -> 0 | W93: =IF(Source!BI59<=1,H93, 0) -> 1483.24 | X93: =IF(Source!BI59=2,H93, 0) -> 0 | Y93: =IF(Source!BI59=3,H93, 0) -> 0 | Z93: =IF(Source!BI59=4,H93, 0) -> 0
A94: =Source!E61 -> 7,2 | B94: =Source!F61 -> 06.2.05.03-0003 | C94: =Source!G61 -> Гранит керамический многоцветный неполированный, размером 400х400х9 мм | D94: =Source!H61 -> м2 | E94: =Source!I61 -> -827.628 | F94: =Source!AL61+Source!AM61+Source!AO61 -> 140.45 | H94: =ROUND(Source!AC61*Source!I61, 2)+ROUND(Source!AD61*Source!I61, 2)+ROUND(Source!AF61*Source!I61, 2) -> -116240.35 | J94: =IF(Source!BC61<> 0, Source!BC61, 1) -> 7.7 | K94: =Source!O61 -> -895050.72 | S94: =ROUND((Source!FX61/100)*((ROUND(Source!AF61*Source!I61, 2)+ROUND(Source!AE61*Source!I61, 2))), 2) -> 0 | T94: =Source!X61 -> 0 | U94: =ROUND((Source!FY61/100)*((ROUND(Source!AF61*Source!I61, 2)+ROUND(Source!AE61*Source!I61, 2))), 2) -> 0 | V94: =Source!Y61 -> 0 | W94: =IF(Source!BI61<=1,H94, 0) -> -116240.35 | X94: =IF(Source!BI61=2,H94, 0) -> 0 | Y94: =IF(Source!BI61=3,H94, 0) -> 0 | Z94: =IF(Source!BI61=4,H94, 0) -> 0
A95: =Source!E63 -> 7,3 | B95: =Source!F63 -> 06.2.05.03-0054 | C95: =Source!G63 -> Плитки керамогранитные размером 300х300х8 мм | D95: =Source!H63 -> м2 | E95: =Source!I63 -> 827.628 | F95: =Source!AL63+Source!AM63+Source!AO63 -> 56.32 | H95: =ROUND(Source!AC63*Source!I63, 2)+ROUND(Source!AD63*Source!I63, 2)+ROUND(Source!AF63*Source!I63, 2) -> 46612.01 | J95: =IF(Source!BC63<> 0, Source!BC63, 1) -> 7.7 | K95: =Source!O63 -> 358912.47 | S95: =ROUND((Source!FX63/100)*((ROUND(Source!AF63*Source!I63, 2)+ROUND(Source!AE63*Source!I63, 2))), 2) -> 0 | T95: =Source!X63 -> 0 | U95: =ROUND((Source!FY63/100)*((ROUND(Source!AF63*Source!I63, 2)+ROUND(Source!AE63*Source!I63, 2))), 2) -> 0 | V95: =Source!Y63 -> 0 | W95: =IF(Source!BI63<=1,H95, 0) -> 46612.01 | X95: =IF(Source!BI63=2,H95, 0) -> 0 | Y95: =IF(Source!BI63=3,H95, 0) -> 0 | Z95: =IF(Source!BI63=4,H95, 0) -> 0
G96: =H86+H87+H89+H90+H91+SUM(H93:H95) -> 154754.08 | J96: =K86+K87+K89+K90+K91+SUM(K93:K95) -> 1192685.9 | L96: =Source!U57 -> 2896.5601 | O96: =G96 -> 154754.08 | P96: =J96 -> 1192685.9 | Q96: =L96 -> 2896.5601 | W96: =IF(Source!BI57<=1,H86+H87+H89+H90+H91, 0) -> 222899.18 | X96: =IF(Source!BI57=2,H86+H87+H89+H90+H91, 0) -> 0 | Y96: =IF(Source!BI57=3,H86+H87+H89+H90+H91, 0) -> 0 | Z96: =IF(Source!BI57=4,H86+H87+H89+H90+H91, 0) -> 0
A97: =Source!E65 -> 8 | B97: =Source!F65 -> 11-01-039-04 | C97: =Source!G65 -> Устройство плинтусов из плиток керамогранитных | D97: =Source!H65 -> 100 м | E97: =Source!I65 -> 5.856 | F97: =Source!AL65+Source!AM65+Source!AO65 -> 232.03 | I97: =Source!BO65 | S97: =ROUND((Source!FX65/100)*((ROUND(Source!AF65*Source!I65, 2)+ROUND(Source!AE65*Source!I65, 2))), 2) -> 1699.95 | T97: =Source!X65 -> 13125.16 | U97: =ROUND((Source!FY65/100)*((ROUND(Source!AF65*Source!I65, 2)+ROUND(Source!AE65*Source!I65, 2))), 2) -> 978.97 | V97: =Source!Y65 -> 7567.66
C98: ="Объем: "&Source!I65&"=585,6/"&"100" -> Объем: 5,856=585,6/100
C99: Зарплата | F99: =Source!AO65 -> 226.53 | G99: =Source!DG65 -> )*1,15 | H99: =ROUND(Source!AF65*Source!I65, 2) -> 1525.54 | J99: =IF(Source!BA65<> 0, Source!BA65, 1) -> 7.7 | K99: =Source!S65 -> 11746.69 | R99: =H99 -> 1525.54
C100: Эксплуатация машин | F100: =Source!AM65 -> 5.5 | G100: =Source!DE65 -> )*1,25 | H100: =ROUND(Source!AD65*Source!I65, 2) -> 40.26 | J100: =IF(Source!BB65<> 0, Source!BB65, 1) -> 7.7 | K100: =Source!Q65 -> 310
C101: в т.ч. зарплата машинистов | F101: =Source!AN65 -> 1.38 | G101: =Source!DF65 -> )*1,25 | H101: =ROUND(Source!AE65*Source!I65, 2) -> 10.1 | J101: =IF(Source!BS65<> 0, Source!BS65, 1) -> 7.7 | K101: =Source!R65 -> 77.78 | R101: =H101 -> 10.1
C102: НР от ФОТ | D102: % | E102: =Source!BZ65 -> 123 | F102: =CONCATENATE(" )", Source!DL65, Source!FT65, "=", Source!FX65) -> )*0,9=110,7 | H102: =SUM(S97:S106) -> 1699.95 | J102: =Source!AT65 -> 111 | K102: =SUM(T97:T106) -> 13125.16
C103: СП от ФОТ | D103: % | E103: =Source!CA65 -> 75 | F103: =CONCATENATE(" )", Source!DM65, Source!FU65, "=", Source!FY65) -> )*0,85=63,75 | H103: =SUM(U97:U106) -> 978.97 | J103: =Source!AU65 -> 64 | K103: =SUM(V97:V106) -> 7567.66
C104: Затраты труда | D104: чел-ч | E104: =Source!AQ65 -> 23.82 | G104: =Source!DI65 -> )*1,15 | L104: =Source!U65 -> 160.41341
A105: =Source!E67 -> 8,1 | B105: =Source!F67 -> 06.2.05.03-0054 | C105: =Source!G67 -> Плитки керамогранитные размером 300х300х8 мм | D105: =Source!H67 -> м2 | E105: =Source!I67 -> 59.1456 | F105: =Source!AL67+Source!AM67+Source!AO67 -> 56.32 | H105: =ROUND(Source!AC67*Source!I67, 2)+ROUND(Source!AD67*Source!I67, 2)+ROUND(Source!AF67*Source!I67, 2) -> 3331.08 | J105: =IF(Source!BC67<> 0, Source!BC67, 1) -> 7.7 | K105: =Source!O67 -> 25649.32 | S105: =ROUND((Source!FX67/100)*((ROUND(Source!AF67*Source!I67, 2)+ROUND(Source!AE67*Source!I67, 2))), 2) -> 0 | T105: =Source!X67 -> 0 | U105: =ROUND((Source!FY67/100)*((ROUND(Source!AF67*Source!I67, 2)+ROUND(Source!AE67*Source!I67, 2))), 2) -> 0 | V105: =Source!Y67 -> 0 | W105: =IF(Source!BI67<=1,H105, 0) -> 3331.08 | X105: =IF(Source!BI67=2,H105, 0) -> 0 | Y105: =IF(Source!BI67=3,H105, 0) -> 0 | Z105: =IF(Source!BI67=4,H105, 0) -> 0
A106: =Source!E69 -> 8,2 | B106: =Source!F69 -> 14.1.06.02-0044 | C106: =Source!G69 -> Клей плиточный «Юнис Гранит» | D106: =Source!H69 -> кг | E106: =Source!I69 -> 2635.2 | F106: =Source!AL69+Source!AM69+Source!AO69 -> 3.69 | H106: =ROUND(Source!AC69*Source!I69, 2)+ROUND(Source!AD69*Source!I69, 2)+ROUND(Source!AF69*Source!I69, 2) -> 9723.89 | J106: =IF(Source!BC69<> 0, Source!BC69, 1) -> 7.7 | K106: =Source!O69 -> 74873.94 | S106: =ROUND((Source!FX69/100)*((ROUND(Source!AF69*Source!I69, 2)+ROUND(Source!AE69*Source!I69, 2))), 2) -> 0 | T106: =Source!X69 -> 0 | U106: =ROUND((Source!FY69/100)*((ROUND(Source!AF69*Source!I69, 2)+ROUND(Source!AE69*Source!I69, 2))), 2) -> 0 | V106: =Source!Y69 -> 0 | W106: =IF(Source!BI69<=1,H106, 0) -> 9723.89 | X106: =IF(Source!BI69=2,H106, 0) -> 0 | Y106: =IF(Source!BI69=3,H106, 0) -> 0 | Z106: =IF(Source!BI69=4,H106, 0) -> 0
G107: =H99+H100+H102+H103+SUM(H105:H106) -> 17299.69 | J107: =K99+K100+K102+K103+SUM(K105:K106) -> 133272.77 | L107: =Source!U65 -> 160.41341 | O107: =G107 -> 17299.69 | P107: =J107 -> 133272.77 | Q107: =L107 -> 160.41341 | W107: =IF(Source!BI65<=1,H99+H100+H102+H103, 0) -> 4244.72 | X107: =IF(Source!BI65=2,H99+H100+H102+H103, 0) -> 0 | Y107: =IF(Source!BI65=3,H99+H100+H102+H103, 0) -> 0 | Z107: =IF(Source!BI65=4,H99+H100+H102+H103, 0) -> 0
A108: =Source!E71 -> 9 | B108: =Source!F71 -> 10-06-032-02 | C108: =Source!G71 -> Устройство перегородок из гипсоволокнистых листов (ГВЛ) по системе «КНАУФ» с одинарным металлическим каркасом и двухслойной обшивкой с обеих сторон (С 362) с одним дверным проемом | D108: =Source!H71 -> 100 м2 | E108: =Source!I71 -> 0.15 | F108: =Source!AL71+Source!AM71+Source!AO71 -> 13462 | I108: =Source!BO71 | S108: =ROUND((Source!FX71/100)*((ROUND(Source!AF71*Source!I71, 2)+ROUND(Source!AE71*Source!I71, 2))), 2) -> 244.25 | T108: =Source!X71 -> 1877.2 | U108: =ROUND((Source!FY71/100)*((ROUND(Source!AF71*Source!I71, 2)+ROUND(Source!AE71*Source!I71, 2))), 2) -> 123.16 | V108: =Source!Y71 -> 956.31
C109: ="Объем: "&Source!I71&"=15/"&"100" -> Объем: 0,15=15/100
...

Sheet Source
A1: 0 | B1: Smeta.RU (495) 974-1589 | D1: _PS_ | F1: 0 | G1: 0 | H1: 0 | I1: Smeta.RU | J1: НИЯУ МИФИ Доп. раб. место MCCS-0016187 | K1: 0 | L1: 16187 | M1: 10
A12: 1 | B12: 204 | C12: 0 | D12: =ROW(A143) -> 143 | E12: 0 | F12: на 4 кв 2017 | G12: На капитальный ремонт напольного покрытия коридоров со 2-го по 5-й этажи с установкой противопожарных перегородок коридоров с 1-го по 5-й этажи здания общежития НИЯУ МИФИ по адресу: г. Москва, ул. Москворечье, д. 19, к. 4 | I12: 0 | K12: 0 | O12: 0 | P12: 0 | Q12: 0 | R12: 0 | S12: 0 | V12: 0 | BH12: Сметные нормы списания | BI12: Коды ценников | BJ12: 1 | BK12: 1 | BL12: 0 | BM12: 0 | BN12: 1 | BO12: 0 | BP12: 6 | BQ12: 2 | BR12: 1 | BS12: 1 | BT12: 0 | BU12: 0 | BV12: 0 | BW12: 0 | BX12: 0 | BY12: ФЕР-2017 | BZ12: ТР для Версии 10: Центральные регионы (с учетом п-ма 2536-ИП/12/ГС от 22.03.2017 г | CA12: ФЕР-2017 | CB12: ФЕР-2017 | CC12: ФЕР-2017 | CD12: ФЕР-2017 | CE12: Поправки для ГСН 2017 от 31.03.2017 г | CF12: 0 | CG12: 0 | CH12: 524288 | CK12: 0 | EC12: 0
A15: 15 | B15: 1
A18: 52 | B18: =B143 -> 204 | C18: =C143 -> 1 | D18: =D143 -> 12 | E18: =E143 -> 0 | F18: =F143 -> на 4 кв 2017 | G18: =G143 -> На капитальный ремонт напольного покрытия коридоров со 2-го по 5-й этажи с установкой противопожарных перегородок коридоров с 1-го по 5-й этажи здания общежития НИЯУ МИФИ по адресу: г. Москва, ул. Москворечье, д. 19, к. 4 | O18: =O143 -> 445751.13 | P18: =P143 -> 394458.49 | Q18: =Q143 -> 6886.4 | R18: =R143 -> 470.6 | S18: =S143 -> 44406.24 | T18: =T143 -> 0 | U18: =U143 -> 5052.81 | V18: =V143 -> 40.088525 | ... GX18: =GX143 -> 0
A20: 3 | B20: 1 | D20: =ROW(A111) -> 111 | F20: Новая локальная смета | G20: Новая локальная смета | I20: 0 | K20: 0 | V20: 0 | BX20: 0 | CF20: 0 | CG20: 0
A22: 52 | B22: =B111 -> 1 | C22: =C111 -> 3 | D22: =D111 -> 20 | E22: =E111 -> 0 | F22: =F111 -> Новая локальная смета | G22: =G111 -> Новая локальная смета | O22: =O111 -> 445751.13 | P22: =P111 -> 394458.49 | Q22: =Q111 -> 6886.4 | R22: =R111 -> 470.6 | S22: =S111 -> 44406.24 | T22: =T111 -> 0 | U22: =U111 -> 5052.81 | V22: =V111 -> 40.088525 | ... GX22: =GX111 -> 0
A24: 17 | B24: 1 | C24: =ROW(SmtRes!A4) -> 4 | D24: =ROW(EtalonRes!A4) -> 4 | E24: 1 | F24: 57-2-1 | G24: Разборка покрытий полов из линолеума и релина | H24: 100 м2 | I24: =ROUND(811.4/100,9) -> 8.114 | J24: 0 | O24: =ROUND(CP24,2) -> 753.79 | P24: =ROUND(CQ24*I24,2) -> 0 | Q24: =ROUND(CR24*I24,2) -> 32.94 | R24: =ROUND(CS24*I24,2) -> 14.28 | S24: =ROUND(CT24*I24,2) -> 720.85 | T24: =ROUND(CU24*I24,2) -> 0 | U24: =CV24*I24 -> 92.41846 | V24: =CW24*I24 -> 1.05482 | W24: =ROUND(CX24*I24,2) -> 0 | X24: =ROUND(CY24,2) -> 588.1 | Y24: =ROUND(CZ24,2) -> 499.89 | AA24: 26914188 | AB24: =ROUND((AC24+AD24+AF24),6) -> 92.9 | AC24: =ROUND((ES24),6) -> 0 | AD24: =ROUND((((ET24)-(EU24))+AE24),6) -> 4.06 | AE24: =ROUND((EU24),6) -> 1.76 | AF24: =ROUND((EV24),6) -> 88.84 | AG24: =ROUND((AP24),6) -> 0 | AH24: =(EW24) -> 11.39 | AI24: =(EX24) -> 0.13 | AJ24: =ROUND((AS24),6) -> 0 | AK24: 92.9 | AL24: 0 | AM24: 4.06 | AN24: 1.76 | AO24: 88.84 | AP24: 0 | AQ24: 11.39 | AR24: 0.13 | AS24: 0 | AT24: 80 | AU24: 68 | AV24: 1 | AW24: 1 | AZ24: 1 | BA24: 1 | BB24: 1 | BC24: 1 | BH24: 0 | BI24: 1 | BJ24: ФЕР-2001, 57-2-1, приказ Минстроя России №1039/пр от 30.12.2016г. | BM24: 57001 | BN24: 0 | BP24: 0 | BQ24: 6 | BR24: 0 | BS24: 1 | BT24: 1 | BU24: 1 | BV24: 1 | BW24: 1 | BX24: 1 | BZ24: 80 | CA24: 68 | CF24: 0 | CG24: 0 | CM24: 0 | CO24: 0 | CP24: =(P24+Q24+S24) -> 753.79 | CQ24: =AC24*BC24 -> 0 | CR24: =AD24*BB24 -> 4.06 | CS24: =AE24*BS24 -> 1.76 | CT24: =AF24*BA24 -> 88.84 | CU24: =AG24 -> 0 | CV24: =AH24 -> 11.39 | CW24: =AI24 -> 0.13 | CX24: =AJ24 -> 0 | CY24: =(((S24+R24)*AT24)/100) -> 588.104 | CZ24: =(((S24+R24)*AU24)/100) -> 499.8884 | DN24: 0 | DO24: 0 | DP24: 1 | DQ24: 1 | DU24: 1005 | DV24: 100 м2 | DW24: 100 м2 | DX24: 100 | EE24: 26549139 | EF24: 6 | EG24: Ремонтно-строительные работы | EH24: 0 | EJ24: 1 | EK24: 57001 | EL24: Полы | EM24: рФЕР-57 | EQ24: 0 | ER24: 92.9 | ES24: 0 | ET24: 4.06 | EU24: 1.76 | EV24: 88.84 | EW24: 11.39 | EX24: 0.13 | EY24: 0 | FQ24: 0 | FR24: =ROUND(IF(AND(BH24=3,BI24=3),P24,0),2) -> 0 | FS24: 0 | FX24: 80 | FY24: 68 | GD24: 0 | GF24: -1228944231 | GG24: 2 | GH24: 1 | GI24: -2 | GJ24: 0 | GK24: =ROUND(R24*(R12)/100,2) -> 0 | GL24: =ROUND(IF(AND(BH24=3,BI24=3,FS24<>0),P24,0),2) -> 0 | GM24: =ROUND(O24+X24+Y24+GK24,2)+GX24 -> 1841.78 | GN24: =IF(OR(BI24=0,BI24=1),ROUND(O24+X24+Y24+GK24,2),0) -> 1841.78 | GO24: =IF(BI24=2,ROUND(O24+X24+Y24+GK24,2),0) -> 0 | GP24: =IF(BI24=4,ROUND(O24+X24+Y24+GK24,2)+GX24,0) -> 0 | GR24: 0 | GS24: 3 | GT24: 0 | GV24: =ROUND(GT24,6) -> 0 | GW24: 1 | GX24: =ROUND(GV24*GW24*I24,2) -> 0 | HA24: 0 | HB24: 0 | IK24: 0
A25: 17 | B25: 1 | C25: =ROW(SmtRes!A8) -> 8 | D25: =ROW(EtalonRes!A8) -> 8 | E25: 1 | F25: 57-2-1 | G25: Разборка покрытий полов из линолеума и релина | H25: 100 м2 | I25: =ROUND(811.4/100,9) -> 8.114 | J25: 0 | O25: =ROUND(CP25,2) -> 5804.19 | P25: =ROUND(CQ25*I25,2) -> 0 | Q25: =ROUND(CR25*I25,2) -> 253.66 | R25: =ROUND(CS25*I25,2) -> 109.96 | S25: =ROUND(CT25*I25,2) -> 5550.53 | T25: =ROUND(CU25*I25,2) -> 0 | U25: =CV25*I25 -> 92.41846 | V25: =CW25*I25 -> 1.05482 | W25: =ROUND(CX25*I25,2) -> 0 | X25: =ROUND(CY25,2) -> 4528.39 | Y25: =ROUND(CZ25,2) -> 3849.13 | AA25: 26914189 | AB25: =ROUND((AC25+AD25+AF25),6) -> 92.9 | AC25: =ROUND((ES25),6) -> 0 | AD25: =ROUND((((ET25)-(EU25))+AE25),6) -> 4.06 | AE25: =ROUND((EU25),6) -> 1.76 | AF25: =ROUND((EV25),6) -> 88.84 | AG25: =ROUND((AP25),6) -> 0 | AH25: =(EW25) -> 11.39 | AI25: =(EX25) -> 0.13 | AJ25: =ROUND((AS25),6) -> 0 | AK25: 92.9 | AL25: 0 | AM25: 4.06 | AN25: 1.76 | AO25: 88.84 | AP25: 0 | AQ25: 11.39 | AR25: 0.13 | AS25: 0 | AT25: 80 | AU25: 68 | AV25: 1 | AW25: 1 | AZ25: 7.7 | BA25: 7.7 | BB25: 7.7 | BC25: 7.7 | BH25: 0 | BI25: 1 | BJ25: ФЕР-2001, 57-2-1, приказ Минстроя России №1039/пр от 30.12.2016г. | BM25: 57001 | BN25: 0 | BP25: 0 | BQ25: 6 | BR25: 0 | BS25: 7.7 | BT25: 1 | BU25: 1 | BV25: 1 | BW25: 1 | BX25: 1 | BZ25: 80 | CA25: 68 | CF25: 0 | CG25: 0 | CM25: 0 | CO25: 0 | CP25: =(P25+Q25+S25) -> 5804.19 | CQ25: =AC25*BC25 -> 0 | CR25: =AD25*BB25 -> 31.262 | CS25: =AE25*BS25 -> 13.552 | CT25: =AF25*BA25 -> 684.068 | CU25: =AG25 -> 0 | CV25: =AH25 -> 11.39 | CW25: =AI25 -> 0.13 | CX25: =AJ25 -> 0 | CY25: =(((S25+R25)*AT25)/100) -> 4528.392 | CZ25: =(((S25+R25)*AU25)/100) -> 3849.1332 | DN25: 0 | DO25: 0 | DP25: 1 | DQ25: 1 | DU25: 1005 | DV25: 100 м2 | DW25: 100 м2 | DX25: 100 | EE25: 26549139 | EF25: 6 | EG25: Ремонтно-строительные работы | EH25: 0 | EJ25: 1 | EK25: 57001 | EL25: Полы | EM25: рФЕР-57 | EQ25: 0 | ER25: 92.9 | ES25: 0 | ET25: 4.06 | EU25: 1.76 | EV25: 88.84 | EW25: 11.39 | EX25: 0.13 | EY25: 0 | FQ25: 0 | FR25: =ROUND(IF(AND(BH25=3,BI25=3),P25,0),2) -> 0 | FS25: 0 | FX25: 80 | FY25: 68 | GD25: 0 | GF25: -1228944231 | GG25: 1 | GH25: 1 | GI25: 4 | GJ25: 0 | GK25: =ROUND(R25*(S12)/100,2) -> 0 | GL25: =ROUND(IF(AND(BH25=3,BI25=3,FS25<>0),P25,0),2) -> 0 | GM25: =ROUND(O25+X25+Y25+GK25,2)+GX25 -> 14181.71 | GN25: =IF(OR(BI25=0,BI25=1),ROUND(O25+X25+Y25+GK25,2),0) -> 14181.71 | GO25: =IF(BI25=2,ROUND(O25+X25+Y25+GK25,2),0) -> 0 | GP25: =IF(BI25=4,ROUND(O25+X25+Y25+GK25,2)+GX25,0) -> 0 | GR25: 0 | GS25: 3 | GT25: 0 | GV25: =ROUND(GT25,6) -> 0 | GW25: 1 | GX25: =ROUND(GV25*GW25*I25,2) -> 0 | HA25: 0 | HB25: 0 | IK25: 0
A26: 18 | B26: 1 | C26: 4 | E26: 1,1 | F26: 01.7.07.07 | G26: Строительный мусор | H26: т | I26: =I24*J26 -> 3.81358 | J26: 0.47 | O26: =ROUND(CP26,2) -> 0 | P26: =ROUND(CQ26*I26,2) -> 0 | Q26: =ROUND(CR26*I26,2) -> 0 | R26: =ROUND(CS26*I26,2) -> 0 | S26: =ROUND(CT26*I26,2) -> 0 | T26: =ROUND(CU26*I26,2) -> 0 | U26: =CV26*I26 -> 0 | V26: =CW26*I26 -> 0 | W26: =ROUND(CX26*I26,2) -> 0 | X26: =ROUND(CY26,2) -> 0 | Y26: =ROUND(CZ26,2) -> 0 | AA26: 26914188 | AB26: =ROUND((AC26+AD26+AF26),6) -> 0 | AC26: =ROUND((ES26),6) -> 0 | AD26: =ROUND((((ET26)-(EU26))+AE26),6) -> 0 | AE26: =ROUND((EU26),6) -> 0 | AF26: =ROUND((EV26),6) -> 0 | AG26: =ROUND((AP26),6) -> 0 | AH26: =(EW26) -> 0 | AI26: =(EX26) -> 0 | AJ26: =ROUND((AS26),6) -> 0 | AK26: 0 | AL26: 0 | AM26: 0 | AN26: 0 | AO26: 0 | AP26: 0 | AQ26: 0 | AR26: 0 | AS26: 0 | AT26: 80 | AU26: 68 | AV26: 1 | AW26: 1 | AZ26: 1 | BA26: 1 | BB26: 1 | BC26: 1 | BH26: 3 | BI26: 1 | BM26: 57001 | BN26: 0 | BP26: 0 | BQ26: 6 | BR26: 0 | BS26: 1 | BT26: 1 | BU26: 1 | BV26: 1 | BW26: 1 | BX26: 1 | BZ26: 80 | CA26: 68 | CF26: 0 | CG26: 0 | CM26: 0 | CO26: 0 | CP26: =(P26+Q26+S26) -> 0 | CQ26: =AC26*BC26 -> 0 | CR26: =AD26*BB26 -> 0 | CS26: =AE26*BS26 -> 0 | CT26: =AF26*BA26 -> 0 | CU26: =AG26 -> 0 | CV26: =AH26 -> 0 | CW26: =AI26 -> 0 | CX26: =AJ26 -> 0 | CY26: =(((S26+R26)*AT26)/100) -> 0 | CZ26: =(((S26+R26)*AU26)/100) -> 0 | DN26: 0 | DO26: 0 | DP26: 1 | DQ26: 1 | DU26: 1009 | DV26: т | DW26: т | DX26: 1000 | EE26: 26549139 | EF26: 6 | EG26: Ремонтно-строительные работы | EH26: 0 | EJ26: 1 | EK26: 57001 | EL26: Полы | EM26: рФЕР-57 | EQ26: 0 | ER26: 0 | ES26: 0 | ET26: 0 | EU26: 0 | EV26: 0 | EW26: 0 | EX26: 0 | FQ26: 0 | FR26: =ROUND(IF(AND(BH26=3,BI26=3),P26,0),2) -> 0 | FS26: 0 | FX26: 80 | FY26: 68 | GD26: 0 | GF26: -179832266 | GG26: 2 | GH26: 1 | GI26: -2 | GJ26: 0 | GK26: =ROUND(R26*(R12)/100,2) -> 0 | GL26: =ROUND(IF(AND(BH26=3,BI26=3,FS26<>0),P26,0),2) -> 0 | GM26: =ROUND(O26+X26+Y26+GK26,2)+GX26 -> 0 | GN26: =IF(OR(BI26=0,BI26=1),ROUND(O26+X26+Y26+GK26,2),0) -> 0 | GO26: =IF(BI26=2,ROUND(O26+X26+Y26+GK26,2),0) -> 0 | GP26: =IF(BI26=4,ROUND(O26+X26+Y26+GK26,2)+GX26,0) -> 0 | GR26: 0 | GS26: 0 | GT26: 0 | GV26: =ROUND(GT26,6) -> 0 | GW26: 1 | GX26: =ROUND(GV26*GW26*I26,2) -> 0 | HA26: 0 | HB26: 0 | IK26: 0
A27: 18 | B27: 1 | C27: 8 | E27: 1,1 | F27: 01.7.07.07 | G27: Строительный мусор | H27: т | I27: =I25*J27 -> 3.81358 | J27: 0.47 | O27: =ROUND(CP27,2) -> 0 | P27: =ROUND(CQ27*I27,2) -> 0 | Q27: =ROUND(CR27*I27,2) -> 0 | R27: =ROUND(CS27*I27,2) -> 0 | S27: =ROUND(CT27*I27,2) -> 0 | T27: =ROUND(CU27*I27,2) -> 0 | U27: =CV27*I27 -> 0 | V27: =CW27*I27 -> 0 | W27: =ROUND(CX27*I27,2) -> 0 | X27: =ROUND(CY27,2) -> 0 | Y27: =ROUND(CZ27,2) -> 0 | AA27: 26914189 | AB27: =ROUND((AC27+AD27+AF27),6) -> 0 | AC27: =ROUND((ES27),6) -> 0 | AD27: =ROUND((((ET27)-(EU27))+AE27),6) -> 0 | AE27: =ROUND((EU27),6) -> 0 | AF27: =ROUND((EV27),6) -> 0 | AG27: =ROUND((AP27),6) -> 0 | AH27: =(EW27) -> 0 | AI27: =(EX27) -> 0 | AJ27: =ROUND((AS27),6) -> 0 | AK27: 0 | AL27: 0 | AM27: 0 | AN27: 0 | AO27: 0 | AP27: 0 | AQ27: 0 | AR27: 0 | AS27: 0 | AT27: 80 | AU27: 68 | AV27: 1 | AW27: 1 | AZ27: 7.7 | BA27: 1 | BB27: 1 | BC27: 7.7 | BH27: 3 | BI27: 1 | BM27: 57001 | BN27: 0 | BP27: 0 | BQ27: 6 | BR27: 0 | BS27: 1 | BT27: 1 | BU27: 1 | BV27: 1 | BW27: 1 | BX27: 1 | BZ27: 80 | CA27: 68 | CF27: 0 | CG27: 0 | CM27: 0 | CO27: 0 | CP27: =(P27+Q27+S27) -> 0 | CQ27: =AC27*BC27 -> 0 | CR27: =AD27*BB27 -> 0 | CS27: =AE27*BS27 -> 0 | CT27: =AF27*BA27 -> 0 | CU27: =AG27 -> 0 | CV27: =AH27 -> 0 | CW27: =AI27 -> 0 | CX27: =AJ27 -> 0 | CY27: =(((S27+R27)*AT27)/100) -> 0 | CZ27: =(((S27+R27)*AU27)/100) -> 0 | DN27: 0 | DO27: 0 | DP27: 1 | DQ27: 1 | DU27: 1009 | DV27: т | DW27: т | DX27: 1000 | EE27: 26549139 | EF27: 6 | EG27: Ремонтно-строительные работы | EH27: 0 | EJ27: 1 | EK27: 57001 | EL27: Полы | EM27: рФЕР-57 | EQ27: 0 | ER27: 0 | ES27: 0 | ET27: 0 | EU27: 0 | EV27: 0 | EW27: 0 | EX27: 0 | FQ27: 0 | FR27: =ROUND(IF(AND(BH27=3,BI27=3),P27,0),2) -> 0 | FS27: 0 | FX27: 80 | FY27: 68 | GD27: 0 | GF27: -179832266 | GG27: 1 | GH27: 1 | GI27: 4 | GJ27: 0 | GK27: =ROUND(R27*(S12)/100,2) -> 0 | GL27: =ROUND(IF(AND(BH27=3,BI27=3,FS27<>0),P27,0),2) -> 0 | GM27: =ROUND(O27+X27+Y27+GK27,2)+GX27 -> 0 | GN27: =IF(OR(BI27=0,BI27=1),ROUND(O27+X27+Y27+GK27,2),0) -> 0 | GO27: =IF(BI27=2,ROUND(O27+X27+Y27+GK27,2),0) -> 0 | GP27: =IF(BI27=4,ROUND(O27+X27+Y27+GK27,2)+GX27,0) -> 0 | GR27: 0 | GS27: 0 | GT27: 0 | GV27: =ROUND(GT27,6) -> 0 | GW27: 1 | GX27: =ROUND(GV27*GW27*I27,2) -> 0 | HA27: 0 | HB27: 0 | IK27: 0
A28: 17 | B28: 1 | C28: =ROW(SmtRes!A10) -> 10 | D28: =ROW(EtalonRes!A10) -> 10 | E28: 2 | F28: 57-3-1 | G28: Разборка плинтусов деревянных и из пластмассовых материалов | H28: 100 м | I28: =ROUND(585.6/100,9) -> 5.856 | J28: 0 | O28: =ROUND(CP28,2) -> 172.22 | P28: =ROUND(CQ28*I28,2) -> 0 | Q28: =ROUND(CR28*I28,2) -> 0 | R28: =ROUND(CS28*I28,2) -> 0 | S28: =ROUND(CT28*I28,2) -> 172.22 | T28: =ROUND(CU28*I28,2) -> 0 | U28: =CV28*I28 -> 22.07712 | V28: =CW28*I28 -> 0 | W28: =ROUND(CX28*I28,2) -> 0 | X28: =ROUND(CY28,2) -> 137.78 | Y28: =ROUND(CZ28,2) -> 117.11 | AA28: 26914188 | AB28: =ROUND((AC28+AD28+AF28),6) -> 29.41 | AC28: =ROUND((ES28),6) -> 0 | AD28: =ROUND((((ET28)-(EU28))+AE28),6) -> 0 | AE28: =ROUND((EU28),6) -> 0 | AF28: =ROUND((EV28),6) -> 29.41 | AG28: =ROUND((AP28),6) -> 0 | AH28: =(EW28) -> 3.77 | AI28: =(EX28) -> 0 | AJ28: =ROUND((AS28),6) -> 0 | AK28: 29.41 | AL28: 0 | AM28: 0 | AN28: 0 | AO28: 29.41 | AP28: 0 | AQ28: 3.77 | AR28: 0 | AS28: 0 | AT28: 80 | AU28: 68 | AV28: 1 | AW28: 1 | AZ28: 1 | BA28: 1 | BB28: 1 | BC28: 1 | BH28: 0 | BI28: 1 | BJ28: ФЕР-2001, 57-3-1, приказ Минстроя России №1039/пр от 30.12.2016г. | BM28: 57001 | BN28: 0 | BP28: 0 | BQ28: 6 | BR28: 0 | BS28: 1 | BT28: 1 | BU28: 1 | BV28: 1 | BW28: 1 | BX28: 1 | BZ28: 80 | CA28: 68 | CF28: 0 | CG28: 0 | CM28: 0 | CO28: 0 | CP28: =(P28+Q28+S28) -> 172.22 | CQ28: =AC28*BC28 -> 0 | CR28: =AD28*BB28 -> 0 | CS28: =AE28*BS28 -> 0 | CT28: =AF28*BA28 -> 29.41 | CU28: =AG28 -> 0 | CV28: =AH28 -> 3.77 | CW28: =AI28 -> 0 | CX28: =AJ28 -> 0 | CY28: =(((S28+R28)*AT28)/100) -> 137.776 | CZ28: =(((S28+R28)*AU28)/100) -> 117.1096 | DN28: 0 | DO28: 0 | DP28: 1 | DQ28: 1 | DU28: 1003 | DV28: 100 м | DW28: 100 м | DX28: 100 | EE28: 26549139 | EF28: 6 | EG28: Ремонтно-строительные работы | EH28: 0 | EJ28: 1 | EK28: 57001 | EL28: Полы | EM28: рФЕР-57 | EQ28: 0 | ER28: 29.41 | ES28: 0 | ET28: 0 | EU28: 0 | EV28: 29.41 | EW28: 3.77 | EX28: 0 | EY28: 0 | FQ28: 0 | FR28: =ROUND(IF(AND(BH28=3,BI28=3),P28,0),2) -> 0 | FS28: 0 | FX28: 80 | FY28: 68 | GD28: 0 | GF28: -1431764135 | GG28: 2 | GH28: 1 | GI28: -2 | GJ28: 0 | GK28: =ROUND(R28*(R12)/100,2) -> 0 | GL28: =ROUND(IF(AND(BH28=3,BI28=3,FS28<>0),P28,0),2) -> 0 | GM28: =ROUND(O28+X28+Y28+GK28,2)+GX28 -> 427.11 | GN28: =IF(OR(BI28=0,BI28=1),ROUND(O28+X28+Y28+GK28,2),0) -> 427.11 | GO28: =IF(BI28=2,ROUND(O28+X28+Y28+GK28,2),0) -> 0 | GP28: =IF(BI28=4,ROUND(O28+X28+Y28+GK28,2)+GX28,0) -> 0 | GR28: 0 | GS28: 3 | GT28: 0 | GV28: =ROUND(GT28,6) -> 0 | GW28: 1 | GX28: =ROUND(GV28*GW28*I28,2) -> 0 | HA28: 0 | HB28: 0 | IK28: 0
A29: 17 | B29: 1 | C29: =ROW(SmtRes!A12) -> 12 | D29: =ROW(EtalonRes!A12) -> 12 | E29: 2 | F29: 57-3-1 | G29: Разборка плинтусов деревянных и из пластмассовых материалов | H29: 100 м | I29: =ROUND(585.6/100,9) -> 5.856 | J29: 0 | O29: =ROUND(CP29,2) -> 1326.13 | P29: =ROUND(CQ29*I29,2) -> 0 | Q29: =ROUND(CR29*I29,2) -> 0 | R29: =ROUND(CS29*I29,2) -> 0 | S29: =ROUND(CT29*I29,2) -> 1326.13 | T29: =ROUND(CU29*I29,2) -> 0 | U29: =CV29*I29 -> 22.07712 | V29: =CW29*I29 -> 0 | W29: =ROUND(CX29*I29,2) -> 0 | X29: =ROUND(CY29,2) -> 1060.9 | Y29: =ROUND(CZ29,2) -> 901.77 | AA29: 26914189 | AB29: =ROUND((AC29+AD29+AF29),6) -> 29.41 | AC29: =ROUND((ES29),6) -> 0 | AD29: =ROUND((((ET29)-(EU29))+AE29),6) -> 0 | AE29: =ROUND((EU29),6) -> 0 | AF29: =ROUND((EV29),6) -> 29.41 | AG29: =ROUND((AP29),6) -> 0 | AH29: =(EW29) -> 3.77 | AI29: =(EX29) -> 0 | AJ29: =ROUND((AS29),6) -> 0 | AK29: 29.41 | AL29: 0 | AM29: 0 | AN29: 0 | AO29: 29.41 | AP29: 0 | AQ29: 3.77 | AR29: 0 | AS29: 0 | AT29: 80 | AU29: 68 | AV29: 1 | AW29: 1 | AZ29: 7.7 | BA29: 7.7 | BB29: 7.7 | BC29: 7.7 | BH29: 0 | BI29: 1 | BJ29: ФЕР-2001, 57-3-1, приказ Минстроя России №1039/пр от 30.12.2016г. | BM29: 57001 | BN29: 0 | BP29: 0 | BQ29: 6 | BR29: 0 | BS29: 7.7 | BT29: 1 | BU29: 1 | BV29: 1 | BW29: 1 | BX29: 1 | BZ29: 80 | CA29: 68 | CF29: 0 | CG29: 0 | CM29: 0 | CO29: 0 | CP29: =(P29+Q29+S29) -> 1326.13 | CQ29: =AC29*BC29 -> 0 | CR29: =AD29*BB29 -> 0 | CS29: =AE29*BS29 -> 0 | CT29: =AF29*BA29 -> 226.457 | CU29: =AG29 -> 0 | CV29: =AH29 -> 3.77 | CW29: =AI29 -> 0 | CX29: =AJ29 -> 0 | CY29: =(((S29+R29)*AT29)/100) -> 1060.904 | CZ29: =(((S29+R29)*AU29)/100) -> 901.7684 | DN29: 0 | DO29: 0 | DP29: 1 | DQ29: 1 | DU29: 1003 | DV29: 100 м | DW29: 100 м | DX29: 100 | EE29: 26549139 | EF29: 6 | EG29: Ремонтно-строительные работы | EH29: 0 | EJ29: 1 | EK29: 57001 | EL29: Полы | EM29: рФЕР-57 | EQ29: 0 | ER29: 29.41 | ES29: 0 | ET29: 0 | EU29: 0 | EV29: 29.41 | EW29: 3.77 | EX29: 0 | EY29: 0 | FQ29: 0 | FR29: =ROUND(IF(AND(BH29=3,BI29=3),P29,0),2) -> 0 | FS29: 0 | FX29: 80 | FY29: 68 | GD29: 0 | GF29: -1431764135 | GG29: 1 | GH29: 1 | GI29: 4 | GJ29: 0 | GK29: =ROUND(R29*(S12)/100,2) -> 0 | GL29: =ROUND(IF(AND(BH29=3,BI29=3,FS29<>0),P29,0),2) -> 0 | GM29: =ROUND(O29+X29+Y29+GK29,2)+GX29 -> 3288.8 | GN29: =IF(OR(BI29=0,BI29=1),ROUND(O29+X29+Y29+GK29,2),0) -> 3288.8 | GO29: =IF(BI29=2,ROUND(O29+X29+Y29+GK29,2),0) -> 0 | GP29: =IF(BI29=4,ROUND(O29+X29+Y29+GK29,2)+GX29,0) -> 0 | GR29: 0 | GS29: 3 | GT29: 0 | GV29: =ROUND(GT29,6) -> 0 | GW29: 1 | GX29: =ROUND(GV29*GW29*I29,2) -> 0 | HA29: 0 | HB29: 0 | IK29: 0
A30: 18 | B30: 1 | C30: 10 | E30: 2,1 | F30: 01.7.07.07 | G30: Строительный мусор | H30: т | I30: =I28*J30 -> 0.64416 | J30: 0.11 | O30: =ROUND(CP30,2) -> 0 | P30: =ROUND(CQ30*I30,2) -> 0 | Q30: =ROUND(CR30*I30,2) -> 0 | R30: =ROUND(CS30*I30,2) -> 0 | S30: =ROUND(CT30*I30,2) -> 0 | T30: =ROUND(CU30*I30,2) -> 0 | U30: =CV30*I30 -> 0 | V30: =CW30*I30 -> 0 | W30: =ROUND(CX30*I30,2) -> 0 | X30: =ROUND(CY30,2) -> 0 | Y30: =ROUND(CZ30,2) -> 0 | AA30: 26914188 | AB30: =ROUND((AC30+AD30+AF30),6) -> 0 | AC30: =ROUND((ES30),6) -> 0 | AD30: =ROUND((((ET30)-(EU30))+AE30),6) -> 0 | AE30: =ROUND((EU30),6) -> 0 | AF30: =ROUND((EV30),6) -> 0 | AG30: =ROUND((AP30),6) -> 0 | AH30: =(EW30) -> 0 | AI30: =(EX30) -> 0 | AJ30: =ROUND((AS30),6) -> 0 | AK30: 0 | AL30: 0 | AM30: 0 | AN30: 0 | AO30: 0 | AP30: 0 | AQ30: 0 | AR30: 0 | AS30: 0 | AT30: 80 | AU30: 68 | AV30: 1 | AW30: 1 | AZ30: 1 | BA30: 1 | BB30: 1 | BC30: 1 | BH30: 3 | BI30: 1 | BM30: 57001 | BN30: 0 | BP30: 0 | BQ30: 6 | BR30: 0 | BS30: 1 | BT30: 1 | BU30: 1 | BV30: 1 | BW30: 1 | BX30: 1 | BZ30: 80 | CA30: 68 | CF30: 0 | CG30: 0 | CM30: 0 | CO30: 0 | CP30: =(P30+Q30+S30) -> 0 | CQ30: =AC30*BC30 -> 0 | CR30: =AD30*BB30 -> 0 | CS30: =AE30*BS30 -> 0 | CT30: =AF30*BA30 -> 0 | CU30: =AG30 -> 0 | CV30: =AH30 -> 0 | CW30: =AI30 -> 0 | CX30: =AJ30 -> 0 | CY30: =(((S30+R30)*AT30)/100) -> 0 | CZ30: =(((S30+R30)*AU30)/100) -> 0 | DN30: 0 | DO30: 0 | DP30: 1 | DQ30: 1 | DU30: 1009 | DV30: т | DW30: т | DX30: 1000 | EE30: 26549139 | EF30: 6 | EG30: Ремонтно-строительные работы | EH30: 0 | EJ30: 1 | EK30: 57001 | EL30: Полы | EM30: рФЕР-57 | EQ30: 0 | ER30: 0 | ES30: 0 | ET30: 0 | EU30: 0 | EV30: 0 | EW30: 0 | EX30: 0 | FQ30: 0 | FR30: =ROUND(IF(AND(BH30=3,BI30=3),P30,0),2) -> 0 | FS30: 0 | FX30: 80 | FY30: 68 | GD30: 0 | GF30: -179832266 | GG30: 2 | GH30: 1 | GI30: -2 | GJ30: 0 | GK30: =ROUND(R30*(R12)/100,2) -> 0 | GL30: =ROUND(IF(AND(BH30=3,BI30=3,FS30<>0),P30,0),2) -> 0 | GM30: =ROUND(O30+X30+Y30+GK30,2)+GX30 -> 0 | GN30: =IF(OR(BI30=0,BI30=1),ROUND(O30+X30+Y30+GK30,2),0) -> 0 | GO30: =IF(BI30=2,ROUND(O30+X30+Y30+GK30,2),0) -> 0 | GP30: =IF(BI30=4,ROUND(O30+X30+Y30+GK30,2)+GX30,0) -> 0 | GR30: 0 | GS30: 0 | GT30: 0 | GV30: =ROUND(GT30,6) -> 0 | GW30: 1 | GX30: =ROUND(GV30*GW30*I30,2) -> 0 | HA30: 0 | HB30: 0 | IK30: 0
A31: 18 | B31: 1 | C31: 12 | E31: 2,1 | F31: 01.7.07.07 | G31: Строительный мусор | H31: т | I31: =I29*J31 -> 0.64416 | J31: 0.11 | O31: =ROUND(CP31,2) -> 0 | P31: =ROUND(CQ31*I31,2) -> 0 | Q31: =ROUND(CR31*I31,2) -> 0 | R31: =ROUND(CS31*I31,2) -> 0 | S31: =ROUND(CT31*I31,2) -> 0 | T31: =ROUND(CU31*I31,2) -> 0 | U31: =CV31*I31 -> 0 | V31: =CW31*I31 -> 0 | W31: =ROUND(CX31*I31,2) -> 0 | X31: =ROUND(CY31,2) -> 0 | Y31: =ROUND(CZ31,2) -> 0 | AA31: 26914189 | AB31: =ROUND((AC31+AD31+AF31),6) -> 0 | AC31: =ROUND((ES31),6) -> 0 | AD31: =ROUND((((ET31)-(EU31))+AE31),6) -> 0 | AE31: =ROUND((EU31),6) -> 0 | AF31: =ROUND((EV31),6) -> 0 | AG31: =ROUND((AP31),6) -> 0 | AH31: =(EW31) -> 0 | AI31: =(EX31) -> 0 | AJ31: =ROUND((AS31),6) -> 0 | AK31: 0 | AL31: 0 | AM31: 0 | AN31: 0 | AO31: 0 | AP31: 0 | AQ31: 0 | AR31: 0 | AS31: 0 | AT31: 80 | AU31: 68 | AV31: 1 | AW31: 1 | AZ31: 7.7 | BA31: 1 | BB31: 1 | BC31: 7.7 | BH31: 3 | BI31: 1 | BM31: 57001 | BN31: 0 | BP31: 0 | BQ31: 6 | BR31: 0 | BS31: 1 | BT31: 1 | BU31: 1 | BV31: 1 | BW31: 1 | BX31: 1 | BZ31: 80 | CA31: 68 | CF31: 0 | CG31: 0 | CM31: 0 | CO31: 0 | CP31: =(P31+Q31+S31) -> 0 | CQ31: =AC31*BC31 -> 0 | CR31: =AD31*BB31 -> 0 | CS31: =AE31*BS31 -> 0 | CT31: =AF31*BA31 -> 0 | CU31: =AG31 -> 0 | CV31: =AH31 -> 0 | CW31: =AI31 -> 0 | CX31: =AJ31 -> 0 | CY31: =(((S31+R31)*AT31)/100) -> 0 | CZ31: =(((S31+R31)*AU31)/100) -> 0 | DN31: 0 | DO31: 0 | DP31: 1 | DQ31: 1 | DU31: 1009 | DV31: т | DW31: т | DX31: 1000 | EE31: 26549139 | EF31: 6 | EG31: Ремонтно-строительные работы | EH31: 0 | EJ31: 1 | EK31: 57001 | EL31: Полы | EM31: рФЕР-57 | EQ31: 0 | ER31: 0 | ES31: 0 | ET31: 0 | EU31: 0 | EV31: 0 | EW31: 0 | EX31: 0 | FQ31: 0 | FR31: =ROUND(IF(AND(BH31=3,BI31=3),P31,0),2) -> 0 | FS31: 0 | FX31: 80 | FY31: 68 | GD31: 0 | GF31: -179832266 | GG31: 1 | GH31: 1 | GI31: 4 | GJ31: 0 | GK31: =ROUND(R31*(S12)/100,2) -> 0 | GL31: =ROUND(IF(AND(BH31=3,BI31=3,FS31<>0),P31,0),2) -> 0 | GM31: =ROUND(O31+X31+Y31+GK31,2)+GX31 -> 0 | GN31: =IF(OR(BI31=0,BI31=1),ROUND(O31+X31+Y31+GK31,2),0) -> 0 | GO31: =IF(BI31=2,ROUND(O31+X31+Y31+GK31,2),0) -> 0 | GP31: =IF(BI31=4,ROUND(O31+X31+Y31+GK31,2)+GX31,0) -> 0 | GR31: 0 | GS31: 0 | GT31: 0 | GV31: =ROUND(GT31,6) -> 0 | GW31: 1 | GX31: =ROUND(GV31*GW31*I31,2) -> 0 | HA31: 0 | HB31: 0 | IK31: 0
A32: 17 | B32: 1 | C32: =ROW(SmtRes!A18) -> 18 | D32: =ROW(EtalonRes!A18) -> 18 | E32: 3 | F32: 57-2-4 | G32: Разборка покрытий полов цементных толщиной 30 мм | H32: 100 м2 | I32: =ROUND(811.4/100,9) -> 8.114 | J32: 0 | O32: =ROUND(CP32,2) -> 13692.86 | P32: =ROUND(CQ32*I32,2) -> 0 | Q32: =ROUND(CR32*I32,2) -> 5996.41 | R32: =ROUND(CS32*I32,2) -> 197.17 | S32: =ROUND(CT32*I32,2) -> 7696.45 | T32: =ROUND(CU32*I32,2) -> 0 | U32: =CV32*I32 -> 902.2768 | V32: =CW32*I32 -> 14.6052 | W32: =ROUND(CX32*I32,2) -> 0 | X32: =ROUND(CY32,2) -> 6314.9 | Y32: =ROUND(CZ32,2) -> 5367.66 | AA32: 26914188 | AB32: =ROUND((AC32+AD32+AF32),6) -> 1687.56 | AC32: =ROUND((ES32),6) -> 0 | AD32: =ROUND((((ET32)-(EU32))+AE32),6) -> 739.02 | AE32: =ROUND((EU32),6) -> 24.3 | AF32: =ROUND((EV32),6) -> 948.54 | AG32: =ROUND((AP32),6) -> 0 | AH32: =(EW32) -> 111.2 | AI32: =(EX32) -> 1.8 | AJ32: =ROUND((AS32),6) -> 0 | AK32: 1687.56 | AL32: 0 | AM32: 739.02 | AN32: 24.3 | AO32: 948.54 | AP32: 0 | AQ32: 111.2 | AR32: 1.8 | AS32: 0 | AT32: 80 | AU32: 68 | AV32: 1 | AW32: 1 | AZ32: 1 | BA32: 1 | BB32: 1 | BC32: 1 | BH32: 0 | BI32: 1 | BJ32: ФЕР-2001, 57-2-4, приказ Минстроя России №1039/пр от 30.12.2016г. | BM32: 57001 | BN32: 0 | BP32: 0 | BQ32: 6 | BR32: 0 | BS32: 1 | BT32: 1 | BU32: 1 | BV32: 1 | BW32: 1 | BX32: 1 | BZ32: 80 | CA32: 68 | CF32: 0 | CG32: 0 | CM32: 0 | CO32: 0 | CP32: =(P32+Q32+S32) -> 13692.86 | CQ32: =AC32*BC32 -> 0 | CR32: =AD32*BB32 -> 739.02 | CS32: =AE32*BS32 -> 24.3 | CT32: =AF32*BA32 -> 948.54 | CU32: =AG32 -> 0 | CV32: =AH32 -> 111.2 | CW32: =AI32 -> 1.8 | CX32: =AJ32 -> 0 | CY32: =(((S32+R32)*AT32)/100) -> 6314.896 | CZ32: =(((S32+R32)*AU32)/100) -> 5367.6616 | DN32: 0 | DO32: 0 | DP32: 1 | DQ32: 1 | DU32: 1005 | DV32: 100 м2 | DW32: 100 м2 | DX32: 100 | EE32: 26549139 | EF32: 6 | EG32: Ремонтно-строительные работы | EH32: 0 | EJ32: 1 | EK32: 57001 | EL32: Полы | EM32: рФЕР-57 | EQ32: 0 | ER32: 1687.56 | ES32: 0 | ET32: 739.02 | EU32: 24.3 | EV32: 948.54 | EW32: 111.2 | EX32: 1.8 | EY32: 0 | FQ32: 0 | FR32: =ROUND(IF(AND(BH32=3,BI32=3),P32,0),2) -> 0 | FS32: 0 | FX32: 80 | FY32: 68 | GD32: 0 | GF32: -1435280135 | GG32: 2 | GH32: 1 | GI32: -2 | GJ32: 0 | GK32: =ROUND(R32*(R12)/100,2) -> 0 | GL32: =ROUND(IF(AND(BH32=3,BI32=3,FS32<>0),P32,0),2) -> 0 | GM32: =ROUND(O32+X32+Y32+GK32,2)+GX32 -> 25375.42 | GN32: =IF(OR(BI32=0,BI32=1),ROUND(O32+X32+Y32+GK32,2),0) -> 25375.42 | GO32: =IF(BI32=2,ROUND(O32+X32+Y32+GK32,2),0) -> 0 | GP32: =IF(BI32=4,ROUND(O32+X32+Y32+GK32,2)+GX32,0) -> 0 | GR32: 0 | GS32: 3 | GT32: 0 | GV32: =ROUND(GT32,6) -> 0 | GW32: 1 | GX32: =ROUND(GV32*GW32*I32,2) -> 0 | HA32: 0 | HB32: 0 | IK32: 0
A33: 17 | B33: 1 | C33: =ROW(SmtRes!A24) -> 24 | D33: =ROW(EtalonRes!A24) -> 24 | E33: 3 | F33: 57-2-4 | G33: Разборка покрытий полов цементных толщиной 30 мм | H33: 100 м2 | I33: =ROUND(811.4/100,9) -> 8.114 | J33: 0 | O33: =ROUND(CP33,2) -> 105435.03 | P33: =ROUND(CQ33*I33,2) -> 0 | Q33: =ROUND(CR33*I33,2) -> 46172.34 | R33: =ROUND(CS33*I33,2) -> 1518.21 | S33: =ROUND(CT33*I33,2) -> 59262.69 | T33: =ROUND(CU33*I33,2) -> 0 | U33: =CV33*I33 -> 902.2768 | V33: =CW33*I33 -> 14.6052 | W33: =ROUND(CX33*I33,2) -> 0 | X33: =ROUND(CY33,2) -> 48624.72 | Y33: =ROUND(CZ33,2) -> 41331.01 | AA33: 26914189 | AB33: =ROUND((AC33+AD33+AF33),6) -> 1687.56 | AC33: =ROUND((ES33),6) -> 0 | AD33: =ROUND((((ET33)-(EU33))+AE33),6) -> 739.02 | AE33: =ROUND((EU33),6) -> 24.3 | AF33: =ROUND((EV33),6) -> 948.54 | AG33: =ROUND((AP33),6) -> 0 | AH33: =(EW33) -> 111.2 | AI33: =(EX33) -> 1.8 | AJ33: =ROUND((AS33),6) -> 0 | AK33: 1687.56 | AL33: 0 | AM33: 739.02 | AN33: 24.3 | AO33: 948.54 | AP33: 0 | AQ33: 111.2 | AR33: 1.8 | AS33: 0 | AT33: 80 | AU33: 68 | AV33: 1 | AW33: 1 | AZ33: 7.7 | BA33: 7.7 | BB33: 7.7 | BC33: 7.7 | BH33: 0 | BI33: 1 | BJ33: ФЕР-2001, 57-2-4, приказ Минстроя России №1039/пр от 30.12.2016г. | BM33: 57001 | BN33: 0 | BP33: 0 | BQ33: 6 | BR33: 0 | BS33: 7.7 | BT33: 1 | BU33: 1 | BV33: 1 | BW33: 1 | BX33: 1 | BZ33: 80 | CA33: 68 | CF33: 0 | CG33: 0 | CM33: 0 | CO33: 0 | CP33: =(P33+Q33+S33) -> 105435.03 | CQ33: =AC33*BC33 -> 0 | CR33: =AD33*BB33 -> 5690.454 | CS33: =AE33*BS33 -> 187.11 | CT33: =AF33*BA33 -> 7303.758 | CU33: =AG33 -> 0 | CV33: =AH33 -> 111.2 | CW33: =AI33 -> 1.8 | CX33: =AJ33 -> 0 | CY33: =(((S33+R33)*AT33)/100) -> 48624.72 | CZ33: =(((S33+R33)*AU33)/100) -> 41331.012 | DN33: 0 | DO33: 0 | DP33: 1 | DQ33: 1 | DU33: 1005 | DV33: 100 м2 | DW33: 100 м2 | DX33: 100 | EE33: 26549139 | EF33: 6 | EG33: Ремонтно-строительные работы | EH33: 0 | EJ33: 1 | EK33: 57001 | EL33: Полы | EM33: рФЕР-57 | EQ33: 0 | ER33: 1687.56 | ES33: 0 | ET33: 739.02 | EU33: 24.3 | EV33: 948.54 | EW33: 111.2 | EX33: 1.8 | EY33: 0 | FQ33: 0 | FR33: =ROUND(IF(AND(BH33=3,BI33=3),P33,0),2) -> 0 | FS33: 0 | FX33: 80 | FY33: 68 | GD33: 0 | GF33: -1435280135 | GG33: 1 | GH33: 1 | GI33: 4 | GJ33: 0 | GK33: =ROUND(R33*(S12)/100,2) -> 0 | GL33: =ROUND(IF(AND(BH33=3,BI33=3,FS33<>0),P33,0),2) -> 0 | GM33: =ROUND(O33+X33+Y33+GK33,2)+GX33 -> 195390.76 | GN33: =IF(OR(BI33=0,BI33=1),ROUND(O33+X33+Y33+GK33,2),0) -> 195390.76 | GO33: =IF(BI33=2,ROUND(O33+X33+Y33+GK33,2),0) -> 0 | GP33: =IF(BI33=4,ROUND(O33+X33+Y33+GK33,2)+GX33,0) -> 0 | GR33: 0 | GS33: 3 | GT33: 0 | GV33: =ROUND(GT33,6) -> 0 | GW33: 1 | GX33: =ROUND(GV33*GW33*I33,2) -> 0 | HA33: 0 | HB33: 0 | IK33: 0
A34: 18 | B34: 1 | C34: 18 | E34: 3,1 | F34: 01.7.07.07 | G34: Строительный мусор | H34: т | I34: =I32*J34 -> 53.5524 | J34: 6.6 | O34: =ROUND(CP34,2) -> 0 | P34: =ROUND(CQ34*I34,2) -> 0 | Q34: =ROUND(CR34*I34,2) -> 0 | R34: =ROUND(CS34*I34,2) -> 0 | S34: =ROUND(CT34*I34,2) -> 0 | T34: =ROUND(CU34*I34,2) -> 0 | U34: =CV34*I34 -> 0 | V34: =CW34*I34 -> 0 | W34: =ROUND(CX34*I34,2) -> 0 | X34: =ROUND(CY34,2) -> 0 | Y34: =ROUND(CZ34,2) -> 0 | AA34: 26914188 | AB34: =ROUND((AC34+AD34+AF34),6) -> 0 | AC34: =ROUND((ES34),6) -> 0 | AD34: =ROUND((((ET34)-(EU34))+AE34),6) -> 0 | AE34: =ROUND((EU34),6) -> 0 | AF34: =ROUND((EV34),6) -> 0 | AG34: =ROUND((AP34),6) -> 0 | AH34: =(EW34) -> 0 | AI34: =(EX34) -> 0 | AJ34: =ROUND((AS34),6) -> 0 | AK34: 0 | AL34: 0 | AM34: 0 | AN34: 0 | AO34: 0 | AP34: 0 | AQ34: 0 | AR34: 0 | AS34: 0 | AT34: 80 | AU34: 68 | AV34: 1 | AW34: 1 | AZ34: 1 | BA34: 1 | BB34: 1 | BC34: 1 | BH34: 3 | BI34: 1 | BM34: 57001 | BN34: 0 | BP34: 0 | BQ34: 6 | BR34: 0 | BS34: 1 | BT34: 1 | BU34: 1 | BV34: 1 | BW34: 1 | BX34: 1 | BZ34: 80 | CA34: 68 | CF34: 0 | CG34: 0 | CM34: 0 | CO34: 0 | CP34: =(P34+Q34+S34) -> 0 | CQ34: =AC34*BC34 -> 0 | CR34: =AD34*BB34 -> 0 | CS34: =AE34*BS34 -> 0 | CT34: =AF34*BA34 -> 0 | CU34: =AG34 -> 0 | CV34: =AH34 -> 0 | CW34: =AI34 -> 0 | CX34: =AJ34 -> 0 | CY34: =(((S34+R34)*AT34)/100) -> 0 | CZ34: =(((S34+R34)*AU34)/100) -> 0 | DN34: 0 | DO34: 0 | DP34: 1 | DQ34: 1 | DU34: 1009 | DV34: т | DW34: т | DX34: 1000 | EE34: 26549139 | EF34: 6 | EG34: Ремонтно-строительные работы | EH34: 0 | EJ34: 1 | EK34: 57001 | EL34: Полы | EM34: рФЕР-57 | EQ34: 0 | ER34: 0 | ES34: 0 | ET34: 0 | EU34: 0 | EV34: 0 | EW34: 0 | EX34: 0 | FQ34: 0 | FR34: =ROUND(IF(AND(BH34=3,BI34=3),P34,0),2) -> 0 | FS34: 0 | FX34: 80 | FY34: 68 | GD34: 0 | GF34: -179832266 | GG34: 2 | GH34: 1 | GI34: -2 | GJ34: 0 | GK34: =ROUND(R34*(R12)/100,2) -> 0 | GL34: =ROUND(IF(AND(BH34=3,BI34=3,FS34<>0),P34,0),2) -> 0 | GM34: =ROUND(O34+X34+Y34+GK34,2)+GX34 -> 0 | GN34: =IF(OR(BI34=0,BI34=1),ROUND(O34+X34+Y34+GK34,2),0) -> 0 | GO34: =IF(BI34=2,ROUND(O34+X34+Y34+GK34,2),0) -> 0 | GP34: =IF(BI34=4,ROUND(O34+X34+Y34+GK34,2)+GX34,0) -> 0 | GR34: 0 | GS34: 0 | GT34: 0 | GV34: =ROUND(GT34,6) -> 0 | GW34: 1 | GX34: =ROUND(GV34*GW34*I34,2) -> 0 | HA34: 0 | HB34: 0 | IK34: 0
A35: 18 | B35: 1 | C35: 24 | E35: 3,1 | F35: 01.7.07.07 | G35: Строительный мусор | H35: т | I35: =I33*J35 -> 53.5524 | J35: 6.6 | O35: =ROUND(CP35,2) -> 0 | P35: =ROUND(CQ35*I35,2) -> 0 | Q35: =ROUND(CR35*I35,2) -> 0 | R35: =ROUND(CS35*I35,2) -> 0 | S35: =ROUND(CT35*I35,2) -> 0 | T35: =ROUND(CU35*I35,2) -> 0 | U35: =CV35*I35 -> 0 | V35: =CW35*I35 -> 0 | W35: =ROUND(CX35*I35,2) -> 0 | X35: =ROUND(CY35,2) -> 0 | Y35: =ROUND(CZ35,2) -> 0 | AA35: 26914189 | AB35: =ROUND((AC35+AD35+AF35),6) -> 0 | AC35: =ROUND((ES35),6) -> 0 | AD35: =ROUND((((ET35)-(EU35))+AE35),6) -> 0 | AE35: =ROUND((EU35),6) -> 0 | AF35: =ROUND((EV35),6) -> 0 | AG35: =ROUND((AP35),6) -> 0 | AH35: =(EW35) -> 0 | AI35: =(EX35) -> 0 | AJ35: =ROUND((AS35),6) -> 0 | AK35: 0 | AL35: 0 | AM35: 0 | AN35: 0 | AO35: 0 | AP35: 0 | AQ35: 0 | AR35: 0 | AS35: 0 | AT35: 80 | AU35: 68 | AV35: 1 | AW35: 1 | AZ35: 7.7 | BA35: 1 | BB35: 1 | BC35: 7.7 | BH35: 3 | BI35: 1 | BM35: 57001 | BN35: 0 | BP35: 0 | BQ35: 6 | BR35: 0 | BS35: 1 | BT35: 1 | BU35: 1 | BV35: 1 | BW35: 1 | BX35: 1 | BZ35: 80 | CA35: 68 | CF35: 0 | CG35: 0 | CM35: 0 | CO35: 0 | CP35: =(P35+Q35+S35) -> 0 | CQ35: =AC35*BC35 -> 0 | CR35: =AD35*BB35 -> 0 | CS35: =AE35*BS35 -> 0 | CT35: =AF35*BA35 -> 0 | CU35: =AG35 -> 0 | CV35: =AH35 -> 0 | CW35: =AI35 -> 0 | CX35: =AJ35 -> 0 | CY35: =(((S35+R35)*AT35)/100) -> 0 | CZ35: =(((S35+R35)*AU35)/100) -> 0 | DN35: 0 | DO35: 0 | DP35: 1 | DQ35: 1 | DU35: 1009 | DV35: т | DW35: т | DX35: 1000 | EE35: 26549139 | EF35: 6 | EG35: Ремонтно-строительные работы | EH35: 0 | EJ35: 1 | EK35: 57001 | EL35: Полы | EM35: рФЕР-57 | EQ35: 0 | ER35: 0 | ES35: 0 | ET35: 0 | EU35: 0 | EV35: 0 | EW35: 0 | EX35: 0 | FQ35: 0 | FR35: =ROUND(IF(AND(BH35=3,BI35=3),P35,0),2) -> 0 | FS35: 0 | FX35: 80 | FY35: 68 | GD35: 0 | GF35: -179832266 | GG35: 1 | GH35: 1 | GI35: 4 | GJ35: 0 | GK35: =ROUND(R35*(S12)/100,2) -> 0 | GL35: =ROUND(IF(AND(BH35=3,BI35=3,FS35<>0),P35,0),2) -> 0 | GM35: =ROUND(O35+X35+Y35+GK35,2)+GX35 -> 0 | GN35: =IF(OR(BI35=0,BI35=1),ROUND(O35+X35+Y35+GK35,2),0) -> 0 | GO35: =IF(BI35=2,ROUND(O35+X35+Y35+GK35,2),0) -> 0 | GP35: =IF(BI35=4,ROUND(O35+X35+Y35+GK35,2)+GX35,0) -> 0 | GR35: 0 | GS35: 0 | GT35: 0 | GV35: =ROUND(GT35,6) -> 0 | GW35: 1 | GX35: =ROUND(GV35*GW35*I35,2) -> 0 | HA35: 0 | HB35: 0 | IK35: 0
A36: 17 | B36: 1 | C36: =ROW(SmtRes!A34) -> 34 | D36: =ROW(EtalonRes!A33) -> 33 | E36: 4 | F36: 11-01-004-09 | G36: Устройство гидроизоляции обмазочной в один слой праймером | H36: 100 м2 | I36: =ROUND(811.4/100,9) -> 8.114 | J36: 0 | O36: =ROUND(CP36,2) -> 4093.26 | P36: =ROUND(CQ36*I36,2) -> 1077.94 | Q36: =ROUND(CR36*I36,2) -> 262.18 | R36: =ROUND(CS36*I36,2) -> 8.82 | S36: =ROUND(CT36*I36,2) -> 2753.14 | T36: =ROUND(CU36*I36,2) -> 0 | U36: =CV36*I36 -> 251.65977 | V36: =CW36*I36 -> 0.709975 | W36: =ROUND(CX36*I36,2) -> 0 | X36: =ROUND(CY36,2) -> 3065.78 | Y36: =ROUND(CZ36,2) -> 1767.65 | AA36: 26914188 | AB36: =ROUND((AC36+AD36+AF36),6) -> 504.47 | AC36: =ROUND((ES36),6) -> 132.85 | AD36: =ROUND(((((ET36*1.25))-((EU36*1.25)))+AE36),6) -> 32.3125 | AE36: =ROUND(((EU36*1.25)),6) -> 1.0875 | AF36: =ROUND(((EV36*1.15)),6) -> 339.3075 | AG36: =ROUND((AP36),6) -> 0 | AH36: =((EW36*1.15)) -> 31.0155 | AI36: =((EX36*1.25)) -> 0.0875 | AJ36: =ROUND((AS36),6) -> 0 | AK36: 453.75 | AL36: 132.85 | AM36: 25.85 | AN36: 0.87 | AO36: 295.05 | AP36: 0 | AQ36: 26.97 | AR36: 0.07 | AS36: 0 | AT36: 111 | AU36: 64 | AV36: 1 | AW36: 1 | AZ36: 1 | BA36: 1 | BB36: 1 | BC36: 1 | BH36: 0 | BI36: 1 | BJ36: ФЕР-2001, 11-01-004-09, приказ Минстроя России №1039/пр от 30.12.2016г. | BM36: 11001 | BN36: 0 | BP36: 0 | BQ36: 2 | BR36: 0 | BS36: 1 | BT36: 1 | BU36: 1 | BV36: 1 | BW36: 1 | BX36: 1 | BZ36: 123 | CA36: 75 | CF36: 0 | CG36: 0 | CM36: 0 | CN36: Поправка: МДС 81-35.2004, п.4.7 Наименование: Работы, выполняемые при реконструкции зданий и сооружений работы, аналогичные технологическим процессам в новом строительстве (в том числе возведение новых конструктивных элементов) стоимость которых определена по соответствующим сборникам ФЕР, кроме сборника № 46 «Работы при реконструкции зданий и сооружений» | CO36: 0 | CP36: =(P36+Q36+S36) -> 4093.26 | CQ36: =AC36*BC36 -> 132.85 | CR36: =AD36*BB36 -> 32.3125 | CS36: =AE36*BS36 -> 1.0875 | CT36: =AF36*BA36 -> 339.3075 | CU36: =AG36 -> 0 | CV36: =AH36 -> 31.0155 | CW36: =AI36 -> 0.0875 | CX36: =AJ36 -> 0 | CY36: =(((S36+R36)*AT36)/100) -> 3065.7756 | CZ36: =(((S36+R36)*AU36)/100) -> 1767.6544 | DE36: )*1,25 | DF36: )*1,25 | DG36: )*1,15 | DI36: )*1,15 | DJ36: )*1,25 | DN36: 0 | DO36: 0 | DP36: 1 | DQ36: 1 | DU36: 1005 | DV36: 100 м2 | DW36: 100 м2 | DX36: 100 | EE36: 26549061 | EF36: 2 | EG36: Общестроительные работы | EH36: 0 | EJ36: 1 | EK36: 11001 | EL36: Полы | EM36: ФЕР-11 | EO36: Поправка: МДС 81-35.2004, п.4.7 | EQ36: 0 | ER36: 453.75 | ES36: 132.85 | ET36: 25.85 | EU36: 0.87 | EV36: 295.05 | EW36: 26.97 | EX36: 0.07 | EY36: 0 | FQ36: 0 | FR36: =ROUND(IF(AND(BH36=3,BI36=3),P36,0),2) -> 0 | FS36: 0 | FT36: *0,9 | FU36: *0,85 | FX36: 110.7 | FY36: 63.75 | GD36: 0 | GF36: 708628656 | GG36: 2 | GH36: 1 | GI36: -2 | GJ36: 0 | GK36: =ROUND(R36*(R12)/100,2) -> 0 | GL36: =ROUND(IF(AND(BH36=3,BI36=3,FS36<>0),P36,0),2) -> 0 | GM36: =ROUND(O36+X36+Y36+GK36,2)+GX36 -> 8926.69 | GN36: =IF(OR(BI36=0,BI36=1),ROUND(O36+X36+Y36+GK36,2),0) -> 8926.69 | GO36: =IF(BI36=2,ROUND(O36+X36+Y36+GK36,2),0) -> 0 | GP36: =IF(BI36=4,ROUND(O36+X36+Y36+GK36,2)+GX36,0) -> 0 | GR36: 0 | GS36: 3 | GT36: 0 | GV36: =ROUND(GT36,6) -> 0 | GW36: 1 | GX36: =ROUND(GV36*GW36*I36,2) -> 0 | HA36: 0 | HB36: 0 | IK36: 0
A37: 17 | B37: 1 | C37: =ROW(SmtRes!A44) -> 44 | D37: =ROW(EtalonRes!A42) -> 42 | E37: 4 | F37: 11-01-004-09 | G37: Устройство гидроизоляции обмазочной в один слой праймером | H37: 100 м2 | I37: =ROUND(811.4/100,9) -> 8.114 | J37: 0 | O37: =ROUND(CP37,2) -> 31518.18 | P37: =ROUND(CQ37*I37,2) -> 8300.18 | Q37: =ROUND(CR37*I37,2) -> 2018.81 | R37: =ROUND(CS37*I37,2) -> 67.94 | S37: =ROUND(CT37*I37,2) -> 21199.19 | T37: =ROUND(CU37*I37,2) -> 0 | U37: =CV37*I37 -> 251.65977 | V37: =CW37*I37 -> 0.709975 | W37: =ROUND(CX37*I37,2) -> 0 | X37: =ROUND(CY37,2) -> 23606.51 | Y37: =ROUND(CZ37,2) -> 13610.96 | AA37: 26914189 | AB37: =ROUND((AC37+AD37+AF37),6) -> 504.47 | AC37: =ROUND((ES37),6) -> 132.85 | AD37: =ROUND(((((ET37*1.25))-((EU37*1.25)))+AE37),6) -> 32.3125 | AE37: =ROUND(((EU37*1.25)),6) -> 1.0875 | AF37: =ROUND(((EV37*1.15)),6) -> 339.3075 | AG37: =ROUND((AP37),6) -> 0 | AH37: =((EW37*1.15)) -> 31.0155 | AI37: =((EX37*1.25)) -> 0.0875 | AJ37: =ROUND((AS37),6) -> 0 | AK37: 453.75 | AL37: 132.85 | AM37: 25.85 | AN37: 0.87 | AO37: 295.05 | AP37: 0 | AQ37: 26.97 | AR37: 0.07 | AS37: 0 | AT37: 111 | AU37: 64 | AV37: 1 | AW37: 1 | AZ37: 7.7 | BA37: 7.7 | BB37: 7.7 | BC37: 7.7 | BH37: 0 | BI37: 1 | BJ37: ФЕР-2001, 11-01-004-09, приказ Минстроя России №1039/пр от 30.12.2016г. | BM37: 11001 | BN37: 0 | BP37: 0 | BQ37: 2 | BR37: 0 | BS37: 7.7 | BT37: 1 | BU37: 1 | BV37: 1 | BW37: 1 | BX37: 1 | BZ37: 123 | CA37: 75 | CF37: 0 | CG37: 0 | CM37: 0 | CN37: Поправка: МДС 81-35.2004, п.4.7 Наименование: Работы, выполняемые при реконструкции зданий и сооружений работы, аналогичные технологическим процессам в новом строительстве (в том числе возведение новых конструктивных элементов) стоимость которых определена по соответствующим сборникам ФЕР, кроме сборника № 46 «Работы при реконструкции зданий и сооружений» | CO37: 0 | CP37: =(P37+Q37+S37) -> 31518.18 | CQ37: =AC37*BC37 -> 1022.945 | CR37: =AD37*BB37 -> 248.80625 | CS37: =AE37*BS37 -> 8.37375 | CT37: =AF37*BA37 -> 2612.6678 | CU37: =AG37 -> 0 | CV37: =AH37 -> 31.0155 | CW37: =AI37 -> 0.0875 | CX37: =AJ37 -> 0 | CY37: =(((S37+R37)*AT37)/100) -> 23606.514 | CZ37: =(((S37+R37)*AU37)/100) -> 13610.963 | DE37: )*1,25 | DF37: )*1,25 | DG37: )*1,15 | DI37: )*1,15 | DJ37: )*1,25 | DN37: 0 | DO37: 0 | DP37: 1 | DQ37: 1 | DU37: 1005 | DV37: 100 м2 | DW37: 100 м2 | DX37: 100 | EE37: 26549061 | EF37: 2 | EG37: Общестроительные работы | EH37: 0 | EJ37: 1 | EK37: 11001 | EL37: Полы | EM37: ФЕР-11 | EO37: Поправка: МДС 81-35.2004, п.4.7 | EQ37: 0 | ER37: 453.75 | ES37: 132.85 | ET37: 25.85 | EU37: 0.87 | EV37: 295.05 | EW37: 26.97 | EX37: 0.07 | EY37: 0 | FQ37: 0 | FR37: =ROUND(IF(AND(BH37=3,BI37=3),P37,0),2) -> 0 | FS37: 0 | FT37: *0,9 | FU37: *0,85 | FX37: 110.7 | FY37: 63.75 | GD37: 0 | GF37: 708628656 | GG37: 1 | GH37: 1 | GI37: 4 | GJ37: 0 | GK37: =ROUND(R37*(S12)/100,2) -> 0 | GL37: =ROUND(IF(AND(BH37=3,BI37=3,FS37<>0),P37,0),2) -> 0 | GM37: =ROUND(O37+X37+Y37+GK37,2)+GX37 -> 68735.65 | GN37: =IF(OR(BI37=0,BI37=1),ROUND(O37+X37+Y37+GK37,2),0) -> 68735.65 | GO37: =IF(BI37=2,ROUND(O37+X37+Y37+GK37,2),0) -> 0 | GP37: =IF(BI37=4,ROUND(O37+X37+Y37+GK37,2)+GX37,0) -> 0 | GR37: 0 | GS37: 3 | GT37: 0 | GV37: =ROUND(GT37,6) -> 0 | GW37: 1 | GX37: =ROUND(GV37*GW37*I37,2) -> 0 | HA37: 0 | HB37: 0 | IK37: 0
A38: 18 | B38: 1 | C38: 34 | E38: 4,1 | F38: 14.3.01.01-0001 | G38: Грунтовка: «Бетоконтакт», КНАУФ | H38: кг | I38: =I36*J38 -> 243.42 | J38: 30 | O38: =ROUND(CP38,2) -> 3673.21 | P38: =ROUND(CQ38*I38,2) -> 3673.21 | Q38: =ROUND(CR38*I38,2) -> 0 | R38: =ROUND(CS38*I38,2) -> 0 | S38: =ROUND(CT38*I38,2) -> 0 | T38: =ROUND(CU38*I38,2) -> 0 | U38: =CV38*I38 -> 0 | V38: =CW38*I38 -> 0 | W38: =ROUND(CX38*I38,2) -> 0 | X38: =ROUND(CY38,2) -> 0 | Y38: =ROUND(CZ38,2) -> 0 | AA38: 26914188 | AB38: =ROUND((AC38+AD38+AF38),6) -> 15.09 | AC38: =ROUND((ES38),6) -> 15.09 | AD38: =ROUND((((ET38)-(EU38))+AE38),6) -> 0 | AE38: =ROUND((EU38),6) -> 0 | AF38: =ROUND((EV38),6) -> 0 | AG38: =ROUND((AP38),6) -> 0 | AH38: =(EW38) -> 0 | AI38: =(EX38) -> 0 | AJ38: =ROUND((AS38),6) -> 0 | AK38: 15.09 | AL38: 15.09 | AM38: 0 | AN38: 0 | AO38: 0 | AP38: 0 | AQ38: 0 | AR38: 0 | AS38: 0 | AT38: 111 | AU38: 64 | AV38: 1 | AW38: 1 | AZ38: 1 | BA38: 1 | BB38: 1 | BC38: 1 | BH38: 3 | BI38: 1 | BJ38: ФССЦ-2001, 14.3.01.01-0001, приказ Минстроя России №1039/пр от 30.12.2016г. | BM38: 11001 | BN38: 0 | BP38: 0 | BQ38: 2 | BR38: 0 | BS38: 1 | BT38: 1 | BU38: 1 | BV38: 1 | BW38: 1 | BX38: 1 | BZ38: 123 | CA38: 75 | CF38: 0 | CG38: 0 | CM38: 0 | CO38: 0 | CP38: =(P38+Q38+S38) -> 3673.21 | CQ38: =AC38*BC38 -> 15.09 | CR38: =AD38*BB38 -> 0 | CS38: =AE38*BS38 -> 0 | CT38: =AF38*BA38 -> 0 | CU38: =AG38 -> 0 | CV38: =AH38 -> 0 | CW38: =AI38 -> 0 | CX38: =AJ38 -> 0 | CY38: =(((S38+R38)*AT38)/100) -> 0 | CZ38: =(((S38+R38)*AU38)/100) -> 0 | DN38: 0 | DO38: 0 | DP38: 1 | DQ38: 1 | DU38: 1009 | DV38: кг | DW38: кг | DX38: 1 | EE38: 26549061 | EF38: 2 | EG38: Общестроительные работы | EH38: 0 | EJ38: 1 | EK38: 11001 | EL38: Полы | EM38: ФЕР-11 | EQ38: 0 | ER38: 15.09 | ES38: 15.09 | ET38: 0 | EU38: 0 | EV38: 0 | EW38: 0 | EX38: 0 | FQ38: 0 | FR38: =ROUND(IF(AND(BH38=3,BI38=3),P38,0),2) -> 0 | FS38: 0 | FT38: *0,9 | FU38: *0,85 | FX38: 110.7 | FY38: 63.75 | GD38: 0 | GF38: 1453462043 | GG38: 2 | GH38: 1 | GI38: -2 | GJ38: 0 | GK38: =ROUND(R38*(R12)/100,2) -> 0 | GL38: =ROUND(IF(AND(BH38=3,BI38=3,FS38<>0),P38,0),2) -> 0 | GM38: =ROUND(O38+X38+Y38+GK38,2)+GX38 -> 3673.21 | GN38: =IF(OR(BI38=0,BI38=1),ROUND(O38+X38+Y38+GK38,2),0) -> 3673.21 | GO38: =IF(BI38=2,ROUND(O38+X38+Y38+GK38,2),0) -> 0 | GP38: =IF(BI38=4,ROUND(O38+X38+Y38+GK38,2)+GX38,0) -> 0 | GR38: 0 | GS38: 3 | GT38: 0 | GV38: =ROUND(GT38,6) -> 0 | GW38: 1 | GX38: =ROUND(GV38*GW38*I38,2) -> 0 | HA38: 0 | HB38: 0 | IK38: 0
A39: 18 | B39: 1 | C39: 44 | E39: 4,1 | F39: 14.3.01.01-0001 | G39: Грунтовка: «Бетоконтакт», КНАУФ | H39: кг | I39: =I37*J39 -> 243.42 | J39: 30 | O39: =ROUND(CP39,2) -> 28283.7 | P39: =ROUND(CQ39*I39,2) -> 28283.7 | Q39: =ROUND(CR39*I39,2) -> 0 | R39: =ROUND(CS39*I39,2) -> 0 | S39: =ROUND(CT39*I39,2) -> 0 | T39: =ROUND(CU39*I39,2) -> 0 | U39: =CV39*I39 -> 0 | V39: =CW39*I39 -> 0 | W39: =ROUND(CX39*I39,2) -> 0 | X39: =ROUND(CY39,2) -> 0 | Y39: =ROUND(CZ39,2) -> 0 | AA39: 26914189 | AB39: =ROUND((AC39+AD39+AF39),6) -> 15.09 | AC39: =ROUND((ES39),6) -> 15.09 | AD39: =ROUND((((ET39)-(EU39))+AE39),6) -> 0 | AE39: =ROUND((EU39),6) -> 0 | AF39: =ROUND((EV39),6) -> 0 | AG39: =ROUND((AP39),6) -> 0 | AH39: =(EW39) -> 0 | AI39: =(EX39) -> 0 | AJ39: =ROUND((AS39),6) -> 0 | AK39: 15.09 | AL39: 15.09 | AM39: 0 | AN39: 0 | AO39: 0 | AP39: 0 | AQ39: 0 | AR39: 0 | AS39: 0 | AT39: 111 | AU39: 64 | AV39: 1 | AW39: 1 | AZ39: 7.7 | BA39: 1 | BB39: 1 | BC39: 7.7 | BH39: 3 | BI39: 1 | BJ39: ФССЦ-2001, 14.3.01.01-0001, приказ Минстроя России №1039/пр от 30.12.2016г. | BM39: 11001 | BN39: 0 | BP39: 0 | BQ39: 2 | BR39: 0 | BS39: 1 | BT39: 1 | BU39: 1 | BV39: 1 | BW39: 1 | BX39: 1 | BZ39: 123 | CA39: 75 | CF39: 0 | CG39: 0 | CM39: 0 | CO39: 0 | CP39: =(P39+Q39+S39) -> 28283.7 | CQ39: =AC39*BC39 -> 116.193 | CR39: =AD39*BB39 -> 0 | CS39: =AE39*BS39 -> 0 | CT39: =AF39*BA39 -> 0 | CU39: =AG39 -> 0 | CV39: =AH39 -> 0 | CW39: =AI39 -> 0 | CX39: =AJ39 -> 0 | CY39: =(((S39+R39)*AT39)/100) -> 0 | CZ39: =(((S39+R39)*AU39)/100) -> 0 | DN39: 0 | DO39: 0 | DP39: 1 | DQ39: 1 | DU39: 1009 | DV39: кг | DW39: кг | DX39: 1 | EE39: 26549061 | EF39: 2 | EG39: Общестроительные работы | EH39: 0 | EJ39: 1 | EK39: 11001 | EL39: Полы | EM39: ФЕР-11 | EQ39: 0 | ER39: 15.09 | ES39: 15.09 | ET39: 0 | EU39: 0 | EV39: 0 | EW39: 0 | EX39: 0 | FQ39: 0 | FR39: =ROUND(IF(AND(BH39=3,BI39=3),P39,0),2) -> 0 | FS39: 0 | FT39: *0,9 | FU39: *0,85 | FX39: 110.7 | FY39: 63.75 | GD39: 0 | GF39: 1453462043 | GG39: 1 | GH39: 1 | GI39: 4 | GJ39: 0 | GK39: =ROUND(R39*(S12)/100,2) -> 0 | GL39: =ROUND(IF(AND(BH39=3,BI39=3,FS39<>0),P39,0),2) -> 0 | GM39: =ROUND(O39+X39+Y39+GK39,2)+GX39 -> 28283.7 | GN39: =IF(OR(BI39=0,BI39=1),ROUND(O39+X39+Y39+GK39,2),0) -> 28283.7 | GO39: =IF(BI39=2,ROUND(O39+X39+Y39+GK39,2),0) -> 0 | GP39: =IF(BI39=4,ROUND(O39+X39+Y39+GK39,2)+GX39,0) -> 0 | GR39: 0 | GS39: 3 | GT39: 0 | GV39: =ROUND(GT39,6) -> 0 | GW39: 1 | GX39: =ROUND(GV39*GW39*I39,2) -> 0 | HA39: 0 | HB39: 0 | IK39: 0
A40: 18 | B40: 1 | C40: 31 | E40: 4,2 | F40: 01.2.01.02-0054 | G40: Битумы нефтяные строительные марки БН-90/10 | H40: т | I40: =I36*J40 -> -0.16228 | J40: -0.02 | O40: =ROUND(CP40,2) -> -224.45 | P40: =ROUND(CQ40*I40,2) -> -224.45 | Q40: =ROUND(CR40*I40,2) -> 0 | R40: =ROUND(CS40*I40,2) -> 0 | S40: =ROUND(CT40*I40,2) -> 0 | T40: =ROUND(CU40*I40,2) -> 0 | U40: =CV40*I40 -> 0 | V40: =CW40*I40 -> 0 | W40: =ROUND(CX40*I40,2) -> 0 | X40: =ROUND(CY40,2) -> 0 | Y40: =ROUND(CZ40,2) -> 0 | AA40: 26914188 | AB40: =ROUND((AC40+AD40+AF40),6) -> 1383.1 | AC40: =ROUND((ES40),6) -> 1383.1 | AD40: =ROUND((((ET40)-(EU40))+AE40),6) -> 0 | AE40: =ROUND((EU40),6) -> 0 | AF40: =ROUND((EV40),6) -> 0 | AG40: =ROUND((AP40),6) -> 0 | AH40: =(EW40) -> 0 | AI40: =(EX40) -> 0 | AJ40: =ROUND((AS40),6) -> 0 | AK40: 1383.1 | AL40: 1383.1 | AM40: 0 | AN40: 0 | AO40: 0 | AP40: 0 | AQ40: 0 | AR40: 0 | AS40: 0 | AT40: 111 | AU40: 64 | AV40: 1 | AW40: 1 | AZ40: 1 | BA40: 1 | BB40: 1 | BC40: 1 | BH40: 3 | BI40: 1 | BJ40: ФССЦ-2001, 01.2.01.02-0054, приказ Минстроя России №1039/пр от 30.12.2016г. | BM40: 11001 | BN40: 0 | BP40: 0 | BQ40: 2 | BR40: 1 | BS40: 1 | BT40: 1 | BU40: 1 | BV40: 1 | BW40: 1 | BX40: 1 | BZ40: 123 | CA40: 75 | CF40: 0 | CG40: 0 | CM40: 0 | CO40: 0 | CP40: =(P40+Q40+S40) -> -224.45 | CQ40: =AC40*BC40 -> 1383.1 | CR40: =AD40*BB40 -> 0 | CS40: =AE40*BS40 -> 0 | CT40: =AF40*BA40 -> 0 | CU40: =AG40 -> 0 | CV40: =AH40 -> 0 | CW40: =AI40 -> 0 | CX40: =AJ40 -> 0 | CY40: =(((S40+R40)*AT40)/100) -> 0 | CZ40: =(((S40+R40)*AU40)/100) -> 0 | DN40: 0 | DO40: 0 | DP40: 1 | DQ40: 1 | DU40: 1009 | DV40: т | DW40: т | DX40: 1000 | EE40: 26549061 | EF40: 2 | EG40: Общестроительные работы | EH40: 0 | EJ40: 1 | EK40: 11001 | EL40: Полы | EM40: ФЕР-11 | EQ40: 0 | ER40: 1383.1 | ES40: 1383.1 | ET40: 0 | EU40: 0 | EV40: 0 | EW40: 0 | EX40: 0 | FQ40: 0 | FR40: =ROUND(IF(AND(BH40=3,BI40=3),P40,0),2) -> 0 | FS40: 0 | FT40: *0,9 | FU40: *0,85 | FX40: 110.7 | FY40: 63.75 | GD40: 0 | GF40: 110322092 | GG40: 2 | GH40: 1 | GI40: -2 | GJ40: 0 | GK40: =ROUND(R40*(R12)/100,2) -> 0 | GL40: =ROUND(IF(AND(BH40=3,BI40=3,FS40<>0),P40,0),2) -> 0 | GM40: =ROUND(O40+X40+Y40+GK40,2)+GX40 -> -224.45 | GN40: =IF(OR(BI40=0,BI40=1),ROUND(O40+X40+Y40+GK40,2),0) -> -224.45 | GO40: =IF(BI40=2,ROUND(O40+X40+Y40+GK40,2),0) -> 0 | GP40: =IF(BI40=4,ROUND(O40+X40+Y40+GK40,2)+GX40,0) -> 0 | GR40: 0 | GS40: 0 | GT40: 0 | GV40: =ROUND(GT40,6) -> 0 | GW40: 1 | GX40: =ROUND(GV40*GW40*I40,2) -> 0 | HA40: 0 | HB40: 0 | IK40: 0
A41: 18 | B41: 1 | C41: 41 | E41: 4,2 | F41: 01.2.01.02-0054 | G41: Битумы нефтяные строительные марки БН-90/10 | H41: т | I41: =I37*J41 -> -0.16228 | J41: -0.02 | O41: =ROUND(CP41,2) -> -1728.26 | P41: =ROUND(CQ41*I41,2) -> -1728.26 | Q41: =ROUND(CR41*I41,2) -> 0 | R41: =ROUND(CS41*I41,2) -> 0 | S41: =ROUND(CT41*I41,2) -> 0 | T41: =ROUND(CU41*I41,2) -> 0 | U41: =CV41*I41 -> 0 | V41: =CW41*I41 -> 0 | W41: =ROUND(CX41*I41,2) -> 0 | X41: =ROUND(CY41,2) -> 0 | Y41: =ROUND(CZ41,2) -> 0 | AA41: 26914189 | AB41: =ROUND((AC41+AD41+AF41),6) -> 1383.1 | AC41: =ROUND((ES41),6) -> 1383.1 | AD41: =ROUND((((ET41)-(EU41))+AE41),6) -> 0 | AE41: =ROUND((EU41),6) -> 0 | AF41: =ROUND((EV41),6) -> 0 | AG41: =ROUND((AP41),6) -> 0 | AH41: =(EW41) -> 0 | AI41: =(EX41) -> 0 | AJ41: =ROUND((AS41),6) -> 0 | AK41: 1383.1 | AL41: 1383.1 | AM41: 0 | AN41: 0 | AO41: 0 | AP41: 0 | AQ41: 0 | AR41: 0 | AS41: 0 | AT41: 111 | AU41: 64 | AV41: 1 | AW41: 1 | AZ41: 7.7 | BA41: 1 | BB41: 1 | BC41: 7.7 | BH41: 3 | BI41: 1 | BJ41: ФССЦ-2001, 01.2.01.02-0054, приказ Минстроя России №1039/пр от 30.12.2016г. | BM41: 11001 | BN41: 0 | BP41: 0 | BQ41: 2 | BR41: 1 | BS41: 1 | BT41: 1 | BU41: 1 | BV41: 1 | BW41: 1 | BX41: 1 | BZ41: 123 | CA41: 75 | CF41: 0 | CG41: 0 | CM41: 0 | CO41: 0 | CP41: =(P41+Q41+S41) -> -1728.26 | CQ41: =AC41*BC41 -> 10649.87 | CR41: =AD41*BB41 -> 0 | CS41: =AE41*BS41 -> 0 | CT41: =AF41*BA41 -> 0 | CU41: =AG41 -> 0 | CV41: =AH41 -> 0 | CW41: =AI41 -> 0 | CX41: =AJ41 -> 0 | CY41: =(((S41+R41)*AT41)/100) -> 0 | CZ41: =(((S41+R41)*AU41)/100) -> 0 | DN41: 0 | DO41: 0 | DP41: 1 | DQ41: 1 | DU41: 1009 | DV41: т | DW41: т | DX41: 1000 | EE41: 26549061 | EF41: 2 | EG41: Общестроительные работы | EH41: 0 | EJ41: 1 | EK41: 11001 | EL41: Полы | EM41: ФЕР-11 | EQ41: 0 | ER41: 1383.1 | ES41: 1383.1 | ET41: 0 | EU41: 0 | EV41: 0 | EW41: 0 | EX41: 0 | FQ41: 0 | FR41: =ROUND(IF(AND(BH41=3,BI41=3),P41,0),2) -> 0 | FS41: 0 | FT41: *0,9 | FU41: *0,85 | FX41: 110.7 | FY41: 63.75 | GD41: 0 | GF41: 110322092 | GG41: 1 | GH41: 1 | GI41: 4 | GJ41: 0 | GK41: =ROUND(R41*(S12)/100,2) -> 0 | GL41: =ROUND(IF(AND(BH41=3,BI41=3,FS41<>0),P41,0),2) -> 0 | GM41: =ROUND(O41+X41+Y41+GK41,2)+GX41 -> -1728.26 | GN41: =IF(OR(BI41=0,BI41=1),ROUND(O41+X41+Y41+GK41,2),0) -> -1728.26 | GO41: =IF(BI41=2,ROUND(O41+X41+Y41+GK41,2),0) -> 0 | GP41: =IF(BI41=4,ROUND(O41+X41+Y41+GK41,2)+GX41,0) -> 0 | GR41: 0 | GS41: 0 | GT41: 0 | GV41: =ROUND(GT41,6) -> 0 | GW41: 1 | GX41: =ROUND(GV41*GW41*I41,2) -> 0 | HA41: 0 | HB41: 0 | IK41: 0
A42: 18 | B42: 1 | C42: 32 | E42: 4,3 | F42: 01.3.01.03-0002 | G42: Керосин для технических целей марок КТ-1, КТ-2 | H42: т | I42: =I36*J42 -> -0.32456 | J42: -0.04 | O42: =ROUND(CP42,2) -> -846.1 | P42: =ROUND(CQ42*I42,2) -> -846.1 | Q42: =ROUND(CR42*I42,2) -> 0 | R42: =ROUND(CS42*I42,2) -> 0 | S42: =ROUND(CT42*I42,2) -> 0 | T42: =ROUND(CU42*I42,2) -> 0 | U42: =CV42*I42 -> 0 | V42: =CW42*I42 -> 0 | W42: =ROUND(CX42*I42,2) -> 0 | X42: =ROUND(CY42,2) -> 0 | Y42: =ROUND(CZ42,2) -> 0 | AA42: 26914188 | AB42: =ROUND((AC42+AD42+AF42),6) -> 2606.9 | AC42: =ROUND((ES42),6) -> 2606.9 | AD42: =ROUND((((ET42)-(EU42))+AE42),6) -> 0 | AE42: =ROUND((EU42),6) -> 0 | AF42: =ROUND((EV42),6) -> 0 | AG42: =ROUND((AP42),6) -> 0 | AH42: =(EW42) -> 0 | AI42: =(EX42) -> 0 | AJ42: =ROUND((AS42),6) -> 0 | AK42: 2606.9 | AL42: 2606.9 | AM42: 0 | AN42: 0 | AO42: 0 | AP42: 0 | AQ42: 0 | AR42: 0 | AS42: 0 | AT42: 111 | AU42: 64 | AV42: 1 | AW42: 1 | AZ42: 1 | BA42: 1 | BB42: 1 | BC42: 1 | BH42: 3 | BI42: 1 | BJ42: ФССЦ-2001, 01.3.01.03-0002, приказ Минстроя России №1039/пр от 30.12.2016г. | BM42: 11001 | BN42: 0 | BP42: 0 | BQ42: 2 | BR42: 1 | BS42: 1 | BT42: 1 | BU42: 1 | BV42: 1 | BW42: 1 | BX42: 1 | BZ42: 123 | CA42: 75 | CF42: 0 | CG42: 0 | CM42: 0 | CO42: 0 | CP42: =(P42+Q42+S42) -> -846.1 | CQ42: =AC42*BC42 -> 2606.9 | CR42: =AD42*BB42 -> 0 | CS42: =AE42*BS42 -> 0 | CT42: =AF42*BA42 -> 0 | CU42: =AG42 -> 0 | CV42: =AH42 -> 0 | CW42: =AI42 -> 0 | CX42: =AJ42 -> 0 | CY42: =(((S42+R42)*AT42)/100) -> 0 | CZ42: =(((S42+R42)*AU42)/100) -> 0 | DN42: 0 | DO42: 0 | DP42: 1 | DQ42: 1 | DU42: 1009 | DV42: т | DW42: т | DX42: 1000 | EE42: 26549061 | EF42: 2 | EG42: Общестроительные работы | EH42: 0 | EJ42: 1 | EK42: 11001 | EL42: Полы | EM42: ФЕР-11 | EQ42: 0 | ER42: 2606.9 | ES42: 2606.9 | ET42: 0 | EU42: 0 | EV42: 0 | EW42: 0 | EX42: 0 | FQ42: 0 | FR42: =ROUND(IF(AND(BH42=3,BI42=3),P42,0),2) -> 0 | FS42: 0 | FT42: *0,9 | FU42: *0,85 | FX42: 110.7 | FY42: 63.75 | GD42: 0 | GF42: -1709508773 | GG42: 2 | GH42: 1 | GI42: -2 | GJ42: 0 | GK42: =ROUND(R42*(R12)/100,2) -> 0 | GL42: =ROUND(IF(AND(BH42=3,BI42=3,FS42<>0),P42,0),2) -> 0 | GM42: =ROUND(O42+X42+Y42+GK42,2)+GX42 -> -846.1 | GN42: =IF(OR(BI42=0,BI42=1),ROUND(O42+X42+Y42+GK42,2),0) -> -846.1 | GO42: =IF(BI42=2,ROUND(O42+X42+Y42+GK42,2),0) -> 0 | GP42: =IF(BI42=4,ROUND(O42+X42+Y42+GK42,2)+GX42,0) -> 0 | GR42: 0 | GS42: 0 | GT42: 0 | GV42: =ROUND(GT42,6) -> 0 | GW42: 1 | GX42: =ROUND(GV42*GW42*I42,2) -> 0 | HA42: 0 | HB42: 0 | IK42: 0
A43: 18 | B43: 1 | C43: 42 | E43: 4,3 | F43: 01.3.01.03-0002 | G43: Керосин для технических целей марок КТ-1, КТ-2 | H43: т | I43: =I37*J43 -> -0.32456 | J43: -0.04 | O43: =ROUND(CP43,2) -> -6514.94 | P43: =ROUND(CQ43*I43,2) -> -6514.94 | Q43: =ROUND(CR43*I43,2) -> 0 | R43: =ROUND(CS43*I43,2) -> 0 | S43: =ROUND(CT43*I43,2) -> 0 | T43: =ROUND(CU43*I43,2) -> 0 | U43: =CV43*I43 -> 0 | V43: =CW43*I43 -> 0 | W43: =ROUND(CX43*I43,2) -> 0 | X43: =ROUND(CY43,2) -> 0 | Y43: =ROUND(CZ43,2) -> 0 | AA43: 26914189 | AB43: =ROUND((AC43+AD43+AF43),6) -> 2606.9 | AC43: =ROUND((ES43),6) -> 2606.9 | AD43: =ROUND((((ET43)-(EU43))+AE43),6) -> 0 | AE43: =ROUND((EU43),6) -> 0 | AF43: =ROUND((EV43),6) -> 0 | AG43: =ROUND((AP43),6) -> 0 | AH43: =(EW43) -> 0 | AI43: =(EX43) -> 0 | AJ43: =ROUND((AS43),6) -> 0 | AK43: 2606.9 | AL43: 2606.9 | AM43: 0 | AN43: 0 | AO43: 0 | AP43: 0 | AQ43: 0 | AR43: 0 | AS43: 0 | AT43: 111 | AU43: 64 | AV43: 1 | AW43: 1 | AZ43: 7.7 | BA43: 1 | BB43: 1 | BC43: 7.7 | BH43: 3 | BI43: 1 | BJ43: ФССЦ-2001, 01.3.01.03-0002, приказ Минстроя России №1039/пр от 30.12.2016г. | BM43: 11001 | BN43: 0 | BP43: 0 | BQ43: 2 | BR43: 1 | BS43: 1 | BT43: 1 | BU43: 1 | BV43: 1 | BW43: 1 | BX43: 1 | BZ43: 123 | CA43: 75 | CF43: 0 | CG43: 0 | CM43: 0 | CO43: 0 | CP43: =(P43+Q43+S43) -> -6514.94 | CQ43: =AC43*BC43 -> 20073.13 | CR43: =AD43*BB43 -> 0 | CS43: =AE43*BS43 -> 0 | CT43: =AF43*BA43 -> 0 | CU43: =AG43 -> 0 | CV43: =AH43 -> 0 | CW43: =AI43 -> 0 | CX43: =AJ43 -> 0 | CY43: =(((S43+R43)*AT43)/100) -> 0 | CZ43: =(((S43+R43)*AU43)/100) -> 0 | DN43: 0 | DO43: 0 | DP43: 1 | DQ43: 1 | DU43: 1009 | DV43: т | DW43: т | DX43: 1000 | EE43: 26549061 | EF43: 2 | EG43: Общестроительные работы | EH43: 0 | EJ43: 1 | EK43: 11001 | EL43: Полы | EM43: ФЕР-11 | EQ43: 0 | ER43: 2606.9 | ES43: 2606.9 | ET43: 0 | EU43: 0 | EV43: 0 | EW43: 0 | EX43: 0 | FQ43: 0 | FR43: =ROUND(IF(AND(BH43=3,BI43=3),P43,0),2) -> 0 | FS43: 0 | FT43: *0,9 | FU43: *0,85 | FX43: 110.7 | FY43: 63.75 | GD43: 0 | GF43: -1709508773 | GG43: 1 | GH43: 1 | GI43: 4 | GJ43: 0 | GK43: =ROUND(R43*(S12)/100,2) -> 0 | GL43: =ROUND(IF(AND(BH43=3,BI43=3,FS43<>0),P43,0),2) -> 0 | GM43: =ROUND(O43+X43+Y43+GK43,2)+GX43 -> -6514.94 | GN43: =IF(OR(BI43=0,BI43=1),ROUND(O43+X43+Y43+GK43,2),0) -> -6514.94 | GO43: =IF(BI43=2,ROUND(O43+X43+Y43+GK43,2),0) -> 0 | GP43: =IF(BI43=4,ROUND(O43+X43+Y43+GK43,2)+GX43,0) -> 0 | GR43: 0 | GS43: 0 | GT43: 0 | GV43: =ROUND(GT43,6) -> 0 | GW43: 1 | GX43: =ROUND(GV43*GW43*I43,2) -> 0 | HA43: 0 | HB43: 0 | IK43: 0
A44: 17 | B44: 1 | C44: =ROW(SmtRes!A51) -> 51 | D44: =ROW(EtalonRes!A49) -> 49 | E44: 5 | F44: 11-01-011-08 | G44: Устройство стяжек из выравнивающей смеси типа "Ветонит" 5000, толщиной 5 мм | H44: 100 м2 | I44: =ROUND((202.8+204.2+200.2+204.2)/100,9) -> 8.114 | J44: 0 | O44: =ROUND(CP44,2) -> 89892.14 | P44: =ROUND(CQ44*I44,2) -> 86830.59 | Q44: =ROUND(CR44*I44,2) -> 63.19 | R44: =ROUND(CS44*I44,2) -> 19.98 | S44: =ROUND(CT44*I44,2) -> 2998.36 | T44: =ROUND(CU44*I44,2) -> 0 | U44: =CV44*I44 -> 351.50254 | V44: =CW44*I44 -> 1.724225 | W44: =ROUND(CX44*I44,2) -> 0 | X44: =ROUND(CY44,2) -> 3350.36 | Y44: =ROUND(CZ44,2) -> 1931.74 | AA44: 26914188 | AB44: =ROUND((AC44+AD44+AF44),6) -> 11078.647 | AC44: =ROUND((ES44),6) -> 10701.33 | AD44: =ROUND(((((ET44*1.25))-((EU44*1.25)))+AE44),6) -> 7.7875 | AE44: =ROUND(((EU44*1.25)),6) -> 2.4625 | AF44: =ROUND(((EV44*1.15)),6) -> 369.5295 | AG44: =ROUND((AP44),6) -> 0 | AH44: =((EW44*1.15)) -> 43.3205 | AI44: =((EX44*1.25)) -> 0.2125 | AJ44: =ROUND((AS44),6) -> 0 | AK44: 11028.89 | AL44: 10701.33 | AM44: 6.23 | AN44: 1.97 | AO44: 321.33 | AP44: 0 | AQ44: 37.67 | AR44: 0.17 | AS44: 0 | AT44: 111 | AU44: 64 | AV44: 1 | AW44: 1 | AZ44: 1 | BA44: 1 | BB44: 1 | BC44: 1 | BH44: 0 | BI44: 1 | BJ44: ФЕР-2001, 11-01-011-08, приказ Минстроя России №1039/пр от 30.12.2016г. | BM44: 11001 | BN44: 0 | BP44: 0 | BQ44: 2 | BR44: 0 | BS44: 1 | BT44: 1 | BU44: 1 | BV44: 1 | BW44: 1 | BX44: 1 | BZ44: 123 | CA44: 75 | CF44: 0 | CG44: 0 | CM44: 0 | CN44: Поправка: МДС 81-35.2004, п.4.7 Наименование: Работы, выполняемые при реконструкции зданий и сооружений работы, аналогичные технологическим процессам в новом строительстве (в том числе возведение новых конструктивных элементов) стоимость которых определена по соответствующим сборникам ФЕР, кроме сборника № 46 «Работы при реконструкции зданий и сооружений» | CO44: 0 | CP44: =(P44+Q44+S44) -> 89892.14 | CQ44: =AC44*BC44 -> 10701.33 | CR44: =AD44*BB44 -> 7.7875 | CS44: =AE44*BS44 -> 2.4625 | CT44: =AF44*BA44 -> 369.5295 | CU44: =AG44 -> 0 | CV44: =AH44 -> 43.3205 | CW44: =AI44 -> 0.2125 | CX44: =AJ44 -> 0 | CY44: =(((S44+R44)*AT44)/100) -> 3350.3574 | CZ44: =(((S44+R44)*AU44)/100) -> 1931.7376 | DE44: )*1,25 | DF44: )*1,25 | DG44: )*1,15 | DI44: )*1,15 | DJ44: )*1,25 | DN44: 0 | DO44: 0 | DP44: 1 | DQ44: 1 | DU44: 1005 | DV44: 100 м2 | DW44: 100 м2 | DX44: 100 | EE44: 26549061 | EF44: 2 | EG44: Общестроительные работы | EH44: 0 | EJ44: 1 | EK44: 11001 | EL44: Полы | EM44: ФЕР-11 | EO44: Поправка: МДС 81-35.2004, п.4.7 | EQ44: 0 | ER44: 11028.89 | ES44: 10701.33 | ET44: 6.23 | EU44: 1.97 | EV44: 321.33 | EW44: 37.67 | EX44: 0.17 | EY44: 0 | FQ44: 0 | FR44: =ROUND(IF(AND(BH44=3,BI44=3),P44,0),2) -> 0 | FS44: 0 | FT44: *0,9 | FU44: *0,85 | FX44: 110.7 | FY44: 63.75 | GD44: 0 | GF44: 1715562049 | GG44: 2 | GH44: 1 | GI44: -2 | GJ44: 0 | GK44: =ROUND(R44*(R12)/100,2) -> 0 | GL44: =ROUND(IF(AND(BH44=3,BI44=3,FS44<>0),P44,0),2) -> 0 | GM44: =ROUND(O44+X44+Y44+GK44,2)+GX44 -> 95174.24 | GN44: =IF(OR(BI44=0,BI44=1),ROUND(O44+X44+Y44+GK44,2),0) -> 95174.24 | GO44: =IF(BI44=2,ROUND(O44+X44+Y44+GK44,2),0) -> 0 | GP44: =IF(BI44=4,ROUND(O44+X44+Y44+GK44,2)+GX44,0) -> 0 | GR44: 0 | GS44: 3 | GT44: 0 | GV44: =ROUND(GT44,6) -> 0 | GW44: 1 | GX44: =ROUND(GV44*GW44*I44,2) -> 0 | HA44: 0 | HB44: 0 | IK44: 0
A45: 17 | B45: 1 | C45: =ROW(SmtRes!A58) -> 58 | D45: =ROW(EtalonRes!A56) -> 56 | E45: 5 | F45: 11-01-011-08 | G45: Устройство стяжек из выравнивающей смеси типа "Ветонит" 5000, толщиной 5 мм | H45: 100 м2 | I45: =ROUND((202.8+204.2+200.2+204.2)/100,9) -> 8.114 | J45: 0 | O45: =ROUND(CP45,2) -> 692169.5 | P45: =ROUND(CQ45*I45,2) -> 668595.56 | Q45: =ROUND(CR45*I45,2) -> 486.55 | R45: =ROUND(CS45*I45,2) -> 153.85 | S45: =ROUND(CT45*I45,2) -> 23087.39 | T45: =ROUND(CU45*I45,2) -> 0 | U45: =CV45*I45 -> 351.50254 | V45: =CW45*I45 -> 1.724225 | W45: =ROUND(CX45*I45,2) -> 0 | X45: =ROUND(CY45,2) -> 25797.78 | Y45: =ROUND(CZ45,2) -> 14874.39 | AA45: 26914189 | AB45: =ROUND((AC45+AD45+AF45),6) -> 11078.647 | AC45: =ROUND((ES45),6) -> 10701.33 | AD45: =ROUND(((((ET45*1.25))-((EU45*1.25)))+AE45),6) -> 7.7875 | AE45: =ROUND(((EU45*1.25)),6) -> 2.4625 | AF45: =ROUND(((EV45*1.15)),6) -> 369.5295 | AG45: =ROUND((AP45),6) -> 0 | AH45: =((EW45*1.15)) -> 43.3205 | AI45: =((EX45*1.25)) -> 0.2125 | AJ45: =ROUND((AS45),6) -> 0 | AK45: 11028.89 | AL45: 10701.33 | AM45: 6.23 | AN45: 1.97 | AO45: 321.33 | AP45: 0 | AQ45: 37.67 | AR45: 0.17 | AS45: 0 | AT45: 111 | AU45: 64 | AV45: 1 | AW45: 1 | AZ45: 7.7 | BA45: 7.7 | BB45: 7.7 | BC45: 7.7 | BH45: 0 | BI45: 1 | BJ45: ФЕР-2001, 11-01-011-08, приказ Минстроя России №1039/пр от 30.12.2016г. | BM45: 11001 | BN45: 0 | BP45: 0 | BQ45: 2 | BR45: 0 | BS45: 7.7 | BT45: 1 | BU45: 1 | BV45: 1 | BW45: 1 | BX45: 1 | BZ45: 123 | CA45: 75 | CF45: 0 | CG45: 0 | CM45: 0 | CN45: Поправка: МДС 81-35.2004, п.4.7 Наименование: Работы, выполняемые при реконструкции зданий и сооружений работы, аналогичные технологическим процессам в новом строительстве (в том числе возведение новых конструктивных элементов) стоимость которых определена по соответствующим сборникам ФЕР, кроме сборника № 46 «Работы при реконструкции зданий и сооружений» | CO45: 0 | CP45: =(P45+Q45+S45) -> 692169.5 | CQ45: =AC45*BC45 -> 82400.241 | CR45: =AD45*BB45 -> 59.96375 | CS45: =AE45*BS45 -> 18.96125 | CT45: =AF45*BA45 -> 2845.3771 | CU45: =AG45 -> 0 | CV45: =AH45 -> 43.3205 | CW45: =AI45 -> 0.2125 | CX45: =AJ45 -> 0 | CY45: =(((S45+R45)*AT45)/100) -> 25797.776 | CZ45: =(((S45+R45)*AU45)/100) -> 14874.394 | DE45: )*1,25 | DF45: )*1,25 | DG45: )*1,15 | DI45: )*1,15 | DJ45: )*1,25 | DN45: 0 | DO45: 0 | DP45: 1 | DQ45: 1 | DU45: 1005 | DV45: 100 м2 | DW45: 100 м2 | DX45: 100 | EE45: 26549061 | EF45: 2 | EG45: Общестроительные работы | EH45: 0 | EJ45: 1 | EK45: 11001 | EL45: Полы | EM45: ФЕР-11 | EO45: Поправка: МДС 81-35.2004, п.4.7 | EQ45: 0 | ER45: 11028.89 | ES45: 10701.33 | ET45: 6.23 | EU45: 1.97 | EV45: 321.33 | EW45: 37.67 | EX45: 0.17 | EY45: 0 | FQ45: 0 | FR45: =ROUND(IF(AND(BH45=3,BI45=3),P45,0),2) -> 0 | FS45: 0 | FT45: *0,9 | FU45: *0,85 | FX45: 110.7 | FY45: 63.75 | GD45: 0 | GF45: 1715562049 | GG45: 1 | GH45: 1 | GI45: 4 | GJ45: 0 | GK45: =ROUND(R45*(S12)/100,2) -> 0 | GL45: =ROUND(IF(AND(BH45=3,BI45=3,FS45<>0),P45,0),2) -> 0 | GM45: =ROUND(O45+X45+Y45+GK45,2)+GX45 -> 732841.67 | GN45: =IF(OR(BI45=0,BI45=1),ROUND(O45+X45+Y45+GK45,2),0) -> 732841.67 | GO45: =IF(BI45=2,ROUND(O45+X45+Y45+GK45,2),0) -> 0 | GP45: =IF(BI45=4,ROUND(O45+X45+Y45+GK45,2)+GX45,0) -> 0 | GR45: 0 | GS45: 3 | GT45: 0 | GV45: =ROUND(GT45,6) -> 0 | GW45: 1 | GX45: =ROUND(GV45*GW45*I45,2) -> 0 | HA45: 0 | HB45: 0 | IK45: 0
A46: 17 | B46: 1 | C46: =ROW(SmtRes!A64) -> 64 | D46: =ROW(EtalonRes!A62) -> 62 | E46: 6 | F46: 11-01-011-10 | G46: Устройство стяжек на каждый последующий слой толщиной 1 мм добавлять к расценке 11-01-011-08 | H46: 100 м2 | I46: =ROUND(I44,9) -> 8.114 | J46: 0 | O46: =ROUND(CP46,2) -> 168284.24 | P46: =ROUND(CQ46*I46,2) -> 166235.58 | Q46: =ROUND(CR46*I46,2) -> 122.72 | R46: =ROUND(CS46*I46,2) -> 35.5 | S46: =ROUND(CT46*I46,2) -> 1925.94 | T46: =ROUND(CU46*I46,2) -> 0 | U46: =CV46*I46 -> 225.81262 | V46: =CW46*I46 -> 3.04275 | W46: =ROUND(CX46*I46,2) -> 0 | X46: =ROUND(CY46,2) -> 2177.2 | Y46: =ROUND(CZ46,2) -> 1255.32 | AA46: 26914188 | AB46: =ROUND((AC46+AD46+AF46),6) -> 20739.985 | AC46: =ROUND(((ES46*10)),6) -> 20487.5 | AD46: =ROUND(((((ET46*1.25*10))-((EU46*1.25*10)))+AE46),6) -> 15.125 | AE46: =ROUND(((EU46*1.25*10)),6) -> 4.375 | AF46: =ROUND(((EV46*1.15*10)),6) -> 237.36 | AG46: =ROUND((AP46),6) -> 0 | AH46: =((EW46*1.15*10)) -> 27.83 | AI46: =((EX46*1.25*10)) -> 0.375 | AJ46: =ROUND((AS46),6) -> 0 | AK46: 2070.6 | AL46: 2048.75 | AM46: 1.21 | AN46: 0.35 | AO46: 20.64 | AP46: 0 | AQ46: 2.42 | AR46: 0.03 | AS46: 0 | AT46: 111 | AU46: 64 | AV46: 1 | AW46: 1 | AZ46: 1 | BA46: 1 | BB46: 1 | BC46: 1 | BH46: 0 | BI46: 1 | BJ46: ФЕР-2001, 11-01-011-10, приказ Минстроя России №1039/пр от 30.12.2016г. | BM46: 11001 | BN46: 0 | BP46: 0 | BQ46: 2 | BR46: 0 | BS46: 1 | BT46: 1 | BU46: 1 | BV46: 1 | BW46: 1 | BX46: 1 | BZ46: 123 | CA46: 75 | CF46: 0 | CG46: 0 | CM46: 0 | CN46: Поправка: МДС 81-35.2004, п.4.7 Наименование: Работы, выполняемые при реконструкции зданий и сооружений работы, аналогичные технологическим процессам в новом строительстве (в том числе возведение новых конструктивных элементов) стоимость которых определена по соответствующим сборникам ФЕР, кроме сборника № 46 «Работы при реконструкции зданий и сооружений» | CO46: 0 | CP46: =(P46+Q46+S46) -> 168284.24 | CQ46: =AC46*BC46 -> 20487.5 | CR46: =AD46*BB46 -> 15.125 | CS46: =AE46*BS46 -> 4.375 | CT46: =AF46*BA46 -> 237.36 | CU46: =AG46 -> 0 | CV46: =AH46 -> 27.83 | CW46: =AI46 -> 0.375 | CX46: =AJ46 -> 0 | CY46: =(((S46+R46)*AT46)/100) -> 2177.1984 | CZ46: =(((S46+R46)*AU46)/100) -> 1255.3216 | DD46: *10 | DE46: )*1,25*10 | DF46: )*1,25*10 | DG46: )*1,15*10 | DI46: )*1,15*10 | DJ46: )*1,25*10 | DN46: 0 | DO46: 0 | DP46: 1 | DQ46: 1 | DU46: 1005 | DV46: 100 м2 | DW46: 100 м2 | DX46: 100 | EE46: 26549061 | EF46: 2 | EG46: Общестроительные работы | EH46: 0 | EJ46: 1 | EK46: 11001 | EL46: Полы | EM46: ФЕР-11 | EO46: Поправка: МДС 81-35.2004, п.4.7 | EQ46: 0 | ER46: 2070.6 | ES46: 2048.75 | ET46: 1.21 | EU46: 0.35 | EV46: 20.64 | EW46: 2.42 | EX46: 0.03 | EY46: 0 | FQ46: 0 | FR46: =ROUND(IF(AND(BH46=3,BI46=3),P46,0),2) -> 0 | FS46: 0 | FT46: *0,9 | FU46: *0,85 | FX46: 110.7 | FY46: 63.75 | GD46: 0 | GF46: 337317905 | GG46: 2 | GH46: 1 | GI46: -2 | GJ46: 0 | GK46: =ROUND(R46*(R12)/100,2) -> 0 | GL46: =ROUND(IF(AND(BH46=3,BI46=3,FS46<>0),P46,0),2) -> 0 | GM46: =ROUND(O46+X46+Y46+GK46,2)+GX46 -> 171716.76 | GN46: =IF(OR(BI46=0,BI46=1),ROUND(O46+X46+Y46+GK46,2),0) -> 171716.76 | GO46: =IF(BI46=2,ROUND(O46+X46+Y46+GK46,2),0) -> 0 | GP46: =IF(BI46=4,ROUND(O46+X46+Y46+GK46,2)+GX46,0) -> 0 | GR46: 0 | GS46: 3 | GT46: 0 | GV46: =ROUND(GT46,6) -> 0 | GW46: 1 | GX46: =ROUND(GV46*GW46*I46,2) -> 0 | HA46: 0 | HB46: 0 | IK46: 0
A47: 17 | B47: 1 | C47: =ROW(SmtRes!A70) -> 70 | D47: =ROW(EtalonRes!A68) -> 68 | E47: 6 | F47: 11-01-011-10 | G47: Устройство стяжек на каждый последующий слой толщиной 1 мм добавлять к расценке 11-01-011-08 | H47: 100 м2 | I47: =ROUND(I45,9) -> 8.114 | J47: 0 | O47: =ROUND(CP47,2) -> 1295788.6 | P47: =ROUND(CQ47*I47,2) -> 1280013.9 | Q47: =ROUND(CR47*I47,2) -> 944.98 | R47: =ROUND(CS47*I47,2) -> 273.34 | S47: =ROUND(CT47*I47,2) -> 14829.73 | T47: =ROUND(CU47*I47,2) -> 0 | U47: =CV47*I47 -> 225.81262 | V47: =CW47*I47 -> 3.04275 | W47: =ROUND(CX47*I47,2) -> 0 | X47: =ROUND(CY47,2) -> 16764.41 | Y47: =ROUND(CZ47,2) -> 9665.96 | AA47: 26914189 | AB47: =ROUND((AC47+AD47+AF47),6) -> 20739.985 | AC47: =ROUND(((ES47*10)),6) -> 20487.5 | AD47: =ROUND(((((ET47*1.25*10))-((EU47*1.25*10)))+AE47),6) -> 15.125 | AE47: =ROUND(((EU47*1.25*10)),6) -> 4.375 | AF47: =ROUND(((EV47*1.15*10)),6) -> 237.36 | AG47: =ROUND((AP47),6) -> 0 | AH47: =((EW47*1.15*10)) -> 27.83 | AI47: =((EX47*1.25*10)) -> 0.375 | AJ47: =ROUND((AS47),6) -> 0 | AK47: 2070.6 | AL47: 2048.75 | AM47: 1.21 | AN47: 0.35 | AO47: 20.64 | AP47: 0 | AQ47: 2.42 | AR47: 0.03 | AS47: 0 | AT47: 111 | AU47: 64 | AV47: 1 | AW47: 1 | AZ47: 7.7 | BA47: 7.7 | BB47: 7.7 | BC47: 7.7 | BH47: 0 | BI47: 1 | BJ47: ФЕР-2001, 11-01-011-10, приказ Минстроя России №1039/пр от 30.12.2016г. | BM47: 11001 | BN47: 0 | BP47: 0 | BQ47: 2 | BR47: 0 | BS47: 7.7 | BT47: 1 | BU47: 1 | BV47: 1 | BW47: 1 | BX47: 1 | BZ47: 123 | CA47: 75 | CF47: 0 | CG47: 0 | CM47: 0 | CN47: Поправка: МДС 81-35.2004, п.4.7 Наименование: Работы, выполняемые при реконструкции зданий и сооружений работы, аналогичные технологическим процессам в новом строительстве (в том числе возведение новых конструктивных элементов) стоимость которых определена по соответствующим сборникам ФЕР, кроме сборника № 46 «Работы при реконструкции зданий и сооружений» | CO47: 0 | CP47: =(P47+Q47+S47) -> 1295788.6 | CQ47: =AC47*BC47 -> 157753.75 | CR47: =AD47*BB47 -> 116.4625 | CS47: =AE47*BS47 -> 33.6875 | CT47: =AF47*BA47 -> 1827.672 | CU47: =AG47 -> 0 | CV47: =AH47 -> 27.83 | CW47: =AI47 -> 0.375 | CX47: =AJ47 -> 0 | CY47: =(((S47+R47)*AT47)/100) -> 16764.408 | CZ47: =(((S47+R47)*AU47)/100) -> 9665.9648 | DD47: *10 | DE47: )*1,25*10 | DF47: )*1,25*10 | DG47: )*1,15*10 | DI47: )*1,15*10 | DJ47: )*1,25*10 | DN47: 0 | DO47: 0 | DP47: 1 | DQ47: 1 | DU47: 1005 | DV47: 100 м2 | DW47: 100 м2 | DX47: 100 | EE47: 26549061 | EF47: 2 | EG47: Общестроительные работы | EH47: 0 | EJ47: 1 | EK47: 11001 | EL47: Полы | EM47: ФЕР-11 | EO47: Поправка: МДС 81-35.2004, п.4.7 | EQ47: 0 | ER47: 2070.6 | ES47: 2048.75 | ET47: 1.21 | EU47: 0.35 | EV47: 20.64 | EW47: 2.42 | EX47: 0.03 | EY47: 0 | FQ47: 0 | FR47: =ROUND(IF(AND(BH47=3,BI47=3),P47,0),2) -> 0 | FS47: 0 | FT47: *0,9 | FU47: *0,85 | FX47: 110.7 | FY47: 63.75 | GD47: 0 | GF47: 337317905 | GG47: 1 | GH47: 1 | GI47: 4 | GJ47: 0 | GK47: =ROUND(R47*(S12)/100,2) -> 0 | GL47: =ROUND(IF(AND(BH47=3,BI47=3,FS47<>0),P47,0),2) -> 0 | GM47: =ROUND(O47+X47+Y47+GK47,2)+GX47 -> 1322219 | GN47: =IF(OR(BI47=0,BI47=1),ROUND(O47+X47+Y47+GK47,2),0) -> 1322219 | GO47: =IF(BI47=2,ROUND(O47+X47+Y47+GK47,2),0) -> 0 | GP47: =IF(BI47=4,ROUND(O47+X47+Y47+GK47,2)+GX47,0) -> 0 | GR47: 0 | GS47: 3 | GT47: 0 | GV47: =ROUND(GT47,6) -> 0 | GW47: 1 | GX47: =ROUND(GV47*GW47*I47,2) -> 0 | HA47: 0 | HB47: 0 | IK47: 0
A48: 17 | B48: 1 | C48: =ROW(SmtRes!A76) -> 76 | D48: =ROW(EtalonRes!A74) -> 74 | F48: 11-01-011-01 | G48: Устройство стяжек цементных толщиной 20 мм | H48: 100 м2 | I48: =ROUND(811.4/100,9) -> 8.114 | J48: 0 | O48: =ROUND(CP48,2) -> 3445.25 | P48: =ROUND(CQ48*I48,2) -> 69.29 | Q48: =ROUND(CR48*I48,2) -> 448.7 | R48: =ROUND(CS48*I48,2) -> 173.94 | S48: =ROUND(CT48*I48,2) -> 2927.26 | T48: =ROUND(CU48*I48,2) -> 0 | U48: =CV48*I48 -> 368.67176 | V48: =CW48*I48 -> 12.880975 | W48: =ROUND(CX48*I48,2) -> 0 | X48: =ROUND(CY48,2) -> 3442.33 | Y48: =ROUND(CZ48,2) -> 1984.77 | AA48: -1 | AB48: =ROUND((AC48+AD48+AF48),6) -> 424.6065 | AC48: =ROUND((ES48),6) -> 8.54 | AD48: =ROUND(((((ET48*1.25))-((EU48*1.25)))+AE48),6) -> 55.3 | AE48: =ROUND(((EU48*1.25)),6) -> 21.4375 | AF48: =ROUND(((EV48*1.15)),6) -> 360.7665 | AG48: =ROUND((AP48),6) -> 0 | AH48: =((EW48*1.15)) -> 45.4365 | AI48: =((EX48*1.25)) -> 1.5875 | AJ48: =ROUND((AS48),6) -> 0 | AK48: 366.49 | AL48: 8.54 | AM48: 44.24 | AN48: 17.15 | AO48: 313.71 | AP48: 0 | AQ48: 39.51 | AR48: 1.27 | AS48: 0 | AT48: 111 | AU48: 64 | AV48: 1 | AW48: 1 | AZ48: 1 | BA48: 1 | BB48: 1 | BC48: 1 | BH48: 0 | BI48: 1 | BJ48: ФЕР-2001, 11-01-011-01, приказ Минстроя России №1039/пр от 30.12.2016г. | BM48: 11001 | BN48: 0 | BP48: 0 | BQ48: 2 | BR48: 0 | BS48: 1 | BT48: 1 | BU48: 1 | BV48: 1 | BW48: 1 | BX48: 1 | BZ48: 123 | CA48: 75 | CF48: 0 | CG48: 0 | CM48: 0 | CN48: Поправка: МДС 81-35.2004, п.4.7 Наименование: Работы, выполняемые при реконструкции зданий и сооружений работы, аналогичные технологическим процессам в новом строительстве (в том числе возведение новых конструктивных элементов) стоимость которых определена по соответствующим сборникам ФЕР, кроме сборника № 46 «Работы при реконструкции зданий и сооружений» | CO48: 0 | CP48: =(P48+Q48+S48) -> 3445.25 | CQ48: =AC48*BC48 -> 8.54 | CR48: =AD48*BB48 -> 55.3 | CS48: =AE48*BS48 -> 21.4375 | CT48: =AF48*BA48 -> 360.7665 | CU48: =AG48 -> 0 | CV48: =AH48 -> 45.4365 | CW48: =AI48 -> 1.5875 | CX48: =AJ48 -> 0 | CY48: =(((S48+R48)*AT48)/100) -> 3442.332 | CZ48: =(((S48+R48)*AU48)/100) -> 1984.768 | DE48: )*1,25 | DF48: )*1,25 | DG48: )*1,15 | DI48: )*1,15 | DJ48: )*1,25 | DN48: 0 | DO48: 0 | DP48: 1 | DQ48: 1 | DU48: 1005 | DV48: 100 м2 | DW48: 100 м2 | DX48: 100 | EE48: 26549061 | EF48: 2 | EG48: Общестроительные работы | EH48: 0 | EJ48: 1 | EK48: 11001 | EL48: Полы | EM48: ФЕР-11 | EO48: Поправка: МДС 81-35.2004, п.4.7 | EQ48: 1024 | ER48: 366.49 | ES48: 8.54 | ET48: 44.24 | EU48: 17.15 | EV48: 313.71 | EW48: 39.51 | EX48: 1.27 | EY48: 0 | FQ48: 0 | FR48: =ROUND(IF(AND(BH48=3,BI48=3),P48,0),2) -> 0 | FS48: 0 | FT48: *0,9 | FU48: *0,85 | FX48: 110.7 | FY48: 63.75 | GD48: 0 | GF48: 192743499 | GG48: 2 | GH48: 1 | GI48: -2 | GJ48: 0 | GK48: =ROUND(R48*(R12)/100,2) -> 0 | GL48: =ROUND(IF(AND(BH48=3,BI48=3,FS48<>0),P48,0),2) -> 0 | GM48: =ROUND(O48+X48+Y48+GK48,2)+GX48 -> 8872.35 | GN48: =IF(OR(BI48=0,BI48=1),ROUND(O48+X48+Y48+GK48,2),0) -> 8872.35 | GO48: =IF(BI48=2,ROUND(O48+X48+Y48+GK48,2),0) -> 0 | GP48: =IF(BI48=4,ROUND(O48+X48+Y48+GK48,2)+GX48,0) -> 0 | GR48: 0 | GS48: 3 | GT48: 0 | GV48: =ROUND(GT48,6) -> 0 | GW48: 1 | GX48: =ROUND(GV48*GW48*I48,2) -> 0 | HA48: 0 | HB48: 0 | IK48: 0
A49: 17 | B49: 1 | C49: =ROW(SmtRes!A82) -> 82 | D49: =ROW(EtalonRes!A80) -> 80 | F49: 11-01-011-01 | G49: Устройство стяжек цементных толщиной 20 мм | H49: 100 м2 | I49: =ROUND(811.4/100,9) -> 8.114 | J49: 0 | O49: =ROUND(CP49,2) -> 26528.48 | P49: =ROUND(CQ49*I49,2) -> 533.56 | Q49: =ROUND(CR49*I49,2) -> 3455.02 | R49: =ROUND(CS49*I49,2) -> 1339.37 | S49: =ROUND(CT49*I49,2) -> 22539.9 | T49: =ROUND(CU49*I49,2) -> 0 | U49: =CV49*I49 -> 368.67176 | V49: =CW49*I49 -> 12.880975 | W49: =ROUND(CX49*I49,2) -> 0 | X49: =ROUND(CY49,2) -> 26505.99 | Y49: =ROUND(CZ49,2) -> 15282.73 | AA49: -1 | AB49: =ROUND((AC49+AD49+AF49),6) -> 424.6065 | AC49: =ROUND((ES49),6) -> 8.54 | AD49: =ROUND(((((ET49*1.25))-((EU49*1.25)))+AE49),6) -> 55.3 | AE49: =ROUND(((EU49*1.25)),6) -> 21.4375 | AF49: =ROUND(((EV49*1.15)),6) -> 360.7665 | AG49: =ROUND((AP49),6) -> 0 | AH49: =((EW49*1.15)) -> 45.4365 | AI49: =((EX49*1.25)) -> 1.5875 | AJ49: =ROUND((AS49),6) -> 0 | AK49: 366.49 | AL49: 8.54 | AM49: 44.24 | AN49: 17.15 | AO49: 313.71 | AP49: 0 | AQ49: 39.51 | AR49: 1.27 | AS49: 0 | AT49: 111 | AU49: 64 | AV49: 1 | AW49: 1 | AZ49: 7.7 | BA49: 7.7 | BB49: 7.7 | BC49: 7.7 | BH49: 0 | BI49: 1 | BJ49: ФЕР-2001, 11-01-011-01, приказ Минстроя России №1039/пр от 30.12.2016г. | BM49: 11001 | BN49: 0 | BP49: 0 | BQ49: 2 | BR49: 0 | BS49: 7.7 | BT49: 1 | BU49: 1 | BV49: 1 | BW49: 1 | BX49: 1 | BZ49: 123 | CA49: 75 | CF49: 0 | CG49: 0 | CM49: 0 | CN49: Поправка: МДС 81-35.2004, п.4.7 Наименование: Работы, выполняемые при реконструкции зданий и сооружений работы, аналогичные технологическим процессам в новом строительстве (в том числе возведение новых конструктивных элементов) стоимость которых определена по соответствующим сборникам ФЕР, кроме сборника № 46 «Работы при реконструкции зданий и сооружений» | CO49: 0 | CP49: =(P49+Q49+S49) -> 26528.48 | CQ49: =AC49*BC49 -> 65.758 | CR49: =AD49*BB49 -> 425.81 | CS49: =AE49*BS49 -> 165.06875 | CT49: =AF49*BA49 -> 2777.9021 | CU49: =AG49 -> 0 | CV49: =AH49 -> 45.4365 | CW49: =AI49 -> 1.5875 | CX49: =AJ49 -> 0 | CY49: =(((S49+R49)*AT49)/100) -> 26505.99 | CZ49: =(((S49+R49)*AU49)/100) -> 15282.733 | DE49: )*1,25 | DF49: )*1,25 | DG49: )*1,15 | DI49: )*1,15 | DJ49: )*1,25 | DN49: 0 | DO49: 0 | DP49: 1 | DQ49: 1 | DU49: 1005 | DV49: 100 м2 | DW49: 100 м2 | DX49: 100 | EE49: 26549061 | EF49: 2 | EG49: Общестроительные работы | EH49: 0 | EJ49: 1 | EK49: 11001 | EL49: Полы | EM49: ФЕР-11 | EO49: Поправка: МДС 81-35.2004, п.4.7 | EQ49: 1024 | ER49: 366.49 | ES49: 8.54 | ET49: 44.24 | EU49: 17.15 | EV49: 313.71 | EW49: 39.51 | EX49: 1.27 | EY49: 0 | FQ49: 0 | FR49: =ROUND(IF(AND(BH49=3,BI49=3),P49,0),2) -> 0 | FS49: 0 | FT49: *0,9 | FU49: *0,85 | FX49: 110.7 | FY49: 63.75 | GD49: 0 | GF49: 192743499 | GG49: 1 | GH49: 1 | GI49: 4 | GJ49: 0 | GK49: =ROUND(R49*(S12)/100,2) -> 0 | GL49: =ROUND(IF(AND(BH49=3,BI49=3,FS49<>0),P49,0),2) -> 0 | GM49: =ROUND(O49+X49+Y49+GK49,2)+GX49 -> 68317.2 | GN49: =IF(OR(BI49=0,BI49=1),ROUND(O49+X49+Y49+GK49,2),0) -> 68317.2 | GO49: =IF(BI49=2,ROUND(O49+X49+Y49+GK49,2),0) -> 0 | GP49: =IF(BI49=4,ROUND(O49+X49+Y49+GK49,2)+GX49,0) -> 0 | GR49: 0 | GS49: 3 | GT49: 0 | GV49: =ROUND(GT49,6) -> 0 | GW49: 1 | GX49: =ROUND(GV49*GW49*I49,2) -> 0 | HA49: 0 | HB49: 0 | IK49: 0
A50: 18 | B50: 1 | C50: 76 | F50: 04.3.01.09 | G50: Раствор готовый кладочный тяжелый цементный | H50: м3 | I50: =I48*J50 -> 16.55256 | J50: 2.04 | O50: =ROUND(CP50,2) -> 0 | P50: =ROUND(CQ50*I50,2) -> 0 | Q50: =ROUND(CR50*I50,2) -> 0 | R50: =ROUND(CS50*I50,2) -> 0 | S50: =ROUND(CT50*I50,2) -> 0 | T50: =ROUND(CU50*I50,2) -> 0 | U50: =CV50*I50 -> 0 | V50: =CW50*I50 -> 0 | W50: =ROUND(CX50*I50,2) -> 0 | X50: =ROUND(CY50,2) -> 0 | Y50: =ROUND(CZ50,2) -> 0 | AA50: -1 | AB50: =ROUND((AC50+AD50+AF50),6) -> 0 | AC50: =ROUND((ES50),6) -> 0 | AD50: =ROUND((((ET50)-(EU50))+AE50),6) -> 0 | AE50: =ROUND((EU50),6) -> 0 | AF50: =ROUND((EV50),6) -> 0 | AG50: =ROUND((AP50),6) -> 0 | AH50: =(EW50) -> 0 | AI50: =(EX50) -> 0 | AJ50: =ROUND((AS50),6) -> 0 | AK50: 0 | AL50: 0 | AM50: 0 | AN50: 0 | AO50: 0 | AP50: 0 | AQ50: 0 | AR50: 0 | AS50: 0 | AT50: 111 | AU50: 64 | AV50: 1 | AW50: 1 | AZ50: 1 | BA50: 1 | BB50: 1 | BC50: 1 | BH50: 3 | BI50: 1 | BM50: 11001 | BN50: 0 | BP50: 0 | BQ50: 2 | BR50: 0 | BS50: 1 | BT50: 1 | BU50: 1 | BV50: 1 | BW50: 1 | BX50: 1 | BZ50: 123 | CA50: 75 | CF50: 0 | CG50: 0 | CM50: 0 | CO50: 0 | CP50: =(P50+Q50+S50) -> 0 | CQ50: =AC50*BC50 -> 0 | CR50: =AD50*BB50 -> 0 | CS50: =AE50*BS50 -> 0 | CT50: =AF50*BA50 -> 0 | CU50: =AG50 -> 0 | CV50: =AH50 -> 0 | CW50: =AI50 -> 0 | CX50: =AJ50 -> 0 | CY50: =(((S50+R50)*AT50)/100) -> 0 | CZ50: =(((S50+R50)*AU50)/100) -> 0 | DN50: 0 | DO50: 0 | DP50: 1 | DQ50: 1 | DU50: 1007 | DV50: м3 | DW50: м3 | DX50: 1 | EE50: 26549061 | EF50: 2 | EG50: Общестроительные работы | EH50: 0 | EJ50: 1 | EK50: 11001 | EL50: Полы | EM50: ФЕР-11 | EQ50: 1024 | ER50: 0 | ES50: 0 | ET50: 0 | EU50: 0 | EV50: 0 | EW50: 0 | EX50: 0 | FQ50: 0 | FR50: =ROUND(IF(AND(BH50=3,BI50=3),P50,0),2) -> 0 | FS50: 0 | FT50: *0,9 | FU50: *0,85 | FX50: 110.7 | FY50: 63.75 | GD50: 0 | GF50: -2113302258 | GG50: 2 | GH50: 1 | GI50: -2 | GJ50: 0 | GK50: =ROUND(R50*(R12)/100,2) -> 0 | GL50: =ROUND(IF(AND(BH50=3,BI50=3,FS50<>0),P50,0),2) -> 0 | GM50: =ROUND(O50+X50+Y50+GK50,2)+GX50 -> 0 | GN50: =IF(OR(BI50=0,BI50=1),ROUND(O50+X50+Y50+GK50,2),0) -> 0 | GO50: =IF(BI50=2,ROUND(O50+X50+Y50+GK50,2),0) -> 0 | GP50: =IF(BI50=4,ROUND(O50+X50+Y50+GK50,2)+GX50,0) -> 0 | GR50: 0 | GS50: 0 | GT50: 0 | GV50: =ROUND(GT50,6) -> 0 | GW50: 1 | GX50: =ROUND(GV50*GW50*I50,2) -> 0 | HA50: 0 | HB50: 0 | IK50: 0
A51: 18 | B51: 1 | C51: 82 | F51: 04.3.01.09 | G51: Раствор готовый кладочный тяжелый цементный | H51: м3 | I51: =I49*J51 -> 16.55256 | J51: 2.04 | O51: =ROUND(CP51,2) -> 0 | P51: =ROUND(CQ51*I51,2) -> 0 | Q51: =ROUND(CR51*I51,2) -> 0 | R51: =ROUND(CS51*I51,2) -> 0 | S51: =ROUND(CT51*I51,2) -> 0 | T51: =ROUND(CU51*I51,2) -> 0 | U51: =CV51*I51 -> 0 | V51: =CW51*I51 -> 0 | W51: =ROUND(CX51*I51,2) -> 0 | X51: =ROUND(CY51,2) -> 0 | Y51: =ROUND(CZ51,2) -> 0 | AA51: -1 | AB51: =ROUND((AC51+AD51+AF51),6) -> 0 | AC51: =ROUND((ES51),6) -> 0 | AD51: =ROUND((((ET51)-(EU51))+AE51),6) -> 0 | AE51: =ROUND((EU51),6) -> 0 | AF51: =ROUND((EV51),6) -> 0 | AG51: =ROUND((AP51),6) -> 0 | AH51: =(EW51) -> 0 | AI51: =(EX51) -> 0 | AJ51: =ROUND((AS51),6) -> 0 | AK51: 0 | AL51: 0 | AM51: 0 | AN51: 0 | AO51: 0 | AP51: 0 | AQ51: 0 | AR51: 0 | AS51: 0 | AT51: 111 | AU51: 64 | AV51: 1 | AW51: 1 | AZ51: 7.7 | BA51: 1 | BB51: 1 | BC51: 7.7 | BH51: 3 | BI51: 1 | BM51: 11001 | BN51: 0 | BP51: 0 | BQ51: 2 | BR51: 0 | BS51: 1 | BT51: 1 | BU51: 1 | BV51: 1 | BW51: 1 | BX51: 1 | BZ51: 123 | CA51: 75 | CF51: 0 | CG51: 0 | CM51: 0 | CO51: 0 | CP51: =(P51+Q51+S51) -> 0 | CQ51: =AC51*BC51 -> 0 | CR51: =AD51*BB51 -> 0 | CS51: =AE51*BS51 -> 0 | CT51: =AF51*BA51 -> 0 | CU51: =AG51 -> 0 | CV51: =AH51 -> 0 | CW51: =AI51 -> 0 | CX51: =AJ51 -> 0 | CY51: =(((S51+R51)*AT51)/100) -> 0 | CZ51: =(((S51+R51)*AU51)/100) -> 0 | DN51: 0 | DO51: 0 | DP51: 1 | DQ51: 1 | DU51: 1007 | DV51: м3 | DW51: м3 | DX51: 1 | EE51: 26549061 | EF51: 2 | EG51: Общестроительные работы | EH51: 0 | EJ51: 1 | EK51: 11001 | EL51: Полы | EM51: ФЕР-11 | EQ51: 1024 | ER51: 0 | ES51: 0 | ET51: 0 | EU51: 0 | EV51: 0 | EW51: 0 | EX51: 0 | FQ51: 0 | FR51: =ROUND(IF(AND(BH51=3,BI51=3),P51,0),2) -> 0 | FS51: 0 | FT51: *0,9 | FU51: *0,85 | FX51: 110.7 | FY51: 63.75 | GD51: 0 | GF51: -2113302258 | GG51: 1 | GH51: 1 | GI51: 4 | GJ51: 0 | GK51: =ROUND(R51*(S12)/100,2) -> 0 | GL51: =ROUND(IF(AND(BH51=3,BI51=3,FS51<>0),P51,0),2) -> 0 | GM51: =ROUND(O51+X51+Y51+GK51,2)+GX51 -> 0 | GN51: =IF(OR(BI51=0,BI51=1),ROUND(O51+X51+Y51+GK51,2),0) -> 0 | GO51: =IF(BI51=2,ROUND(O51+X51+Y51+GK51,2),0) -> 0 | GP51: =IF(BI51=4,ROUND(O51+X51+Y51+GK51,2)+GX51,0) -> 0 | GR51: 0 | GS51: 0 | GT51: 0 | GV51: =ROUND(GT51,6) -> 0 | GW51: 1 | GX51: =ROUND(GV51*GW51*I51,2) -> 0 | HA51: 0 | HB51: 0 | IK51: 0
A52: 17 | B52: 1 | C52: =ROW(SmtRes!A87) -> 87 | D52: =ROW(EtalonRes!A85) -> 85 | F52: 11-01-011-02 | G52: Устройство стяжек на каждые 5 мм изменения толщины стяжки добавлять или исключать к расценке 11-01-011-01 | H52: 100 м2 | I52: =ROUND(811.4/100,9) -> 8.114 | J52: 0 | O52: =ROUND(CP52,2) -> 115.34 | P52: =ROUND(CQ52*I52,2) -> 0 | Q52: =ROUND(CR52*I52,2) -> 78.3 | R52: =ROUND(CS52*I52,2) -> 28.8 | S52: =ROUND(CT52*I52,2) -> 37.04 | T52: =ROUND(CU52*I52,2) -> 0 | U52: =CV52*I52 -> 4.66555 | V52: =CW52*I52 -> 2.129925 | W52: =ROUND(CX52*I52,2) -> 0 | X52: =ROUND(CY52,2) -> 73.08 | Y52: =ROUND(CZ52,2) -> 42.14 | AA52: -1 | AB52: =ROUND((AC52+AD52+AF52),6) -> 14.2155 | AC52: =ROUND((ES52),6) -> 0 | AD52: =ROUND(((((ET52*1.25))-((EU52*1.25)))+AE52),6) -> 9.65 | AE52: =ROUND(((EU52*1.25)),6) -> 3.55 | AF52: =ROUND(((EV52*1.15)),6) -> 4.5655 | AG52: =ROUND((AP52),6) -> 0 | AH52: =((EW52*1.15)) -> 0.575 | AI52: =((EX52*1.25)) -> 0.2625 | AJ52: =ROUND((AS52),6) -> 0 | AK52: 11.69 | AL52: 0 | AM52: 7.72 | AN52: 2.84 | AO52: 3.97 | AP52: 0 | AQ52: 0.5 | AR52: 0.21 | AS52: 0 | AT52: 111 | AU52: 64 | AV52: 1 | AW52: 1 | AZ52: 1 | BA52: 1 | BB52: 1 | BC52: 1 | BH52: 0 | BI52: 1 | BJ52: ФЕР-2001, 11-01-011-02, приказ Минстроя России №1039/пр от 30.12.2016г. | BM52: 11001 | BN52: 0 | BP52: 0 | BQ52: 2 | BR52: 0 | BS52: 1 | BT52: 1 | BU52: 1 | BV52: 1 | BW52: 1 | BX52: 1 | BZ52: 123 | CA52: 75 | CF52: 0 | CG52: 0 | CM52: 0 | CN52: Поправка: МДС 81-35.2004, п.4.7 Наименование: Работы, выполняемые при реконструкции зданий и сооружений работы, аналогичные технологическим процессам в новом строительстве (в том числе возведение новых конструктивных элементов) стоимость которых определена по соответствующим сборникам ФЕР, кроме сборника № 46 «Работы при реконструкции зданий и сооружений» | CO52: 0 | CP52: =(P52+Q52+S52) -> 115.34 | CQ52: =AC52*BC52 -> 0 | CR52: =AD52*BB52 -> 9.65 | CS52: =AE52*BS52 -> 3.55 | CT52: =AF52*BA52 -> 4.5655 | CU52: =AG52 -> 0 | CV52: =AH52 -> 0.575 | CW52: =AI52 -> 0.2625 | CX52: =AJ52 -> 0 | CY52: =(((S52+R52)*AT52)/100) -> 73.0824 | CZ52: =(((S52+R52)*AU52)/100) -> 42.1376 | DE52: )*1,25 | DF52: )*1,25 | DG52: )*1,15 | DI52: )*1,15 | DJ52: )*1,25 | DN52: 0 | DO52: 0 | DP52: 1 | DQ52: 1 | DU52: 1005 | DV52: 100 м2 | DW52: 100 м2 | DX52: 100 | EE52: 26549061 | EF52: 2 | EG52: Общестроительные работы | EH52: 0 | EJ52: 1 | EK52: 11001 | EL52: Полы | EM52: ФЕР-11 | EO52: Поправка: МДС 81-35.2004, п.4.7 | EQ52: 1024 | ER52: 11.69 | ES52: 0 | ET52: 7.72 | EU52: 2.84 | EV52: 3.97 | EW52: 0.5 | EX52: 0.21 | EY52: 0 | FQ52: 0 | FR52: =ROUND(IF(AND(BH52=3,BI52=3),P52,0),2) -> 0 | FS52: 0 | FT52: *0,9 | FU52: *0,85 | FX52: 110.7 | FY52: 63.75 | GD52: 0 | GF52: -869721543 | GG52: 2 | GH52: 1 | GI52: -2 | GJ52: 0 | GK52: =ROUND(R52*(R12)/100,2) -> 0 | GL52: =ROUND(IF(AND(BH52=3,BI52=3,FS52<>0),P52,0),2) -> 0 | GM52: =ROUND(O52+X52+Y52+GK52,2)+GX52 -> 230.56 | GN52: =IF(OR(BI52=0,BI52=1),ROUND(O52+X52+Y52+GK52,2),0) -> 230.56 | GO52: =IF(BI52=2,ROUND(O52+X52+Y52+GK52,2),0) -> 0 | GP52: =IF(BI52=4,ROUND(O52+X52+Y52+GK52,2)+GX52,0) -> 0 | GR52: 0 | GS52: 3 | GT52: 0 | GV52: =ROUND(GT52,6) -> 0 | GW52: 1 | GX52: =ROUND(GV52*GW52*I52,2) -> 0 | HA52: 0 | HB52: 0 | IK52: 0
A53: 17 | B53: 1 | C53: =ROW(SmtRes!A92) -> 92 | D53: =ROW(EtalonRes!A90) -> 90 | F53: 11-01-011-02 | G53: Устройство стяжек на каждые 5 мм изменения толщины стяжки добавлять или исключать к расценке 11-01-011-01 | H53: 100 м2 | I53: =ROUND(811.4/100,9) -> 8.114 | J53: 0 | O53: =ROUND(CP53,2) -> 888.15 | P53: =ROUND(CQ53*I53,2) -> 0 | Q53: =ROUND(CR53*I53,2) -> 602.91 | R53: =ROUND(CS53*I53,2) -> 221.8 | S53: =ROUND(CT53*I53,2) -> 285.24 | T53: =ROUND(CU53*I53,2) -> 0 | U53: =CV53*I53 -> 4.66555 | V53: =CW53*I53 -> 2.129925 | W53: =ROUND(CX53*I53,2) -> 0 | X53: =ROUND(CY53,2) -> 562.81 | Y53: =ROUND(CZ53,2) -> 324.51 | AA53: -1 | AB53: =ROUND((AC53+AD53+AF53),6) -> 14.2155 | AC53: =ROUND((ES53),6) -> 0 | AD53: =ROUND(((((ET53*1.25))-((EU53*1.25)))+AE53),6) -> 9.65 | AE53: =ROUND(((EU53*1.25)),6) -> 3.55 | AF53: =ROUND(((EV53*1.15)),6) -> 4.5655 | AG53: =ROUND((AP53),6) -> 0 | AH53: =((EW53*1.15)) -> 0.575 | AI53: =((EX53*1.25)) -> 0.2625 | AJ53: =ROUND((AS53),6) -> 0 | AK53: 11.69 | AL53: 0 | AM53: 7.72 | AN53: 2.84 | AO53: 3.97 | AP53: 0 | AQ53: 0.5 | AR53: 0.21 | AS53: 0 | AT53: 111 | AU53: 64 | AV53: 1 | AW53: 1 | AZ53: 7.7 | BA53: 7.7 | BB53: 7.7 | BC53: 7.7 | BH53: 0 | BI53: 1 | BJ53: ФЕР-2001, 11-01-011-02, приказ Минстроя России №1039/пр от 30.12.2016г. | BM53: 11001 | BN53: 0 | BP53: 0 | BQ53: 2 | BR53: 0 | BS53: 7.7 | BT53: 1 | BU53: 1 | BV53: 1 | BW53: 1 | BX53: 1 | BZ53: 123 | CA53: 75 | CF53: 0 | CG53: 0 | CM53: 0 | CN53: Поправка: МДС 81-35.2004, п.4.7 Наименование: Работы, выполняемые при реконструкции зданий и сооружений работы, аналогичные технологическим процессам в новом строительстве (в том числе возведение новых конструктивных элементов) стоимость которых определена по соответствующим сборникам ФЕР, кроме сборника № 46 «Работы при реконструкции зданий и сооружений» | CO53: 0 | CP53: =(P53+Q53+S53) -> 888.15 | CQ53: =AC53*BC53 -> 0 | CR53: =AD53*BB53 -> 74.305 | CS53: =AE53*BS53 -> 27.335 | CT53: =AF53*BA53 -> 35.15435 | CU53: =AG53 -> 0 | CV53: =AH53 -> 0.575 | CW53: =AI53 -> 0.2625 | CX53: =AJ53 -> 0 | CY53: =(((S53+R53)*AT53)/100) -> 562.8144 | CZ53: =(((S53+R53)*AU53)/100) -> 324.5056 | DE53: )*1,25 | DF53: )*1,25 | DG53: )*1,15 | DI53: )*1,15 | DJ53: )*1,25 | DN53: 0 | DO53: 0 | DP53: 1 | DQ53: 1 | DU53: 1005 | DV53: 100 м2 | DW53: 100 м2 | DX53: 100 | EE53: 26549061 | EF53: 2 | EG53: Общестроительные работы | EH53: 0 | EJ53: 1 | EK53: 11001 | EL53: Полы | EM53: ФЕР-11 | EO53: Поправка: МДС 81-35.2004, п.4.7 | EQ53: 1024 | ER53: 11.69 | ES53: 0 | ET53: 7.72 | EU53: 2.84 | EV53: 3.97 | EW53: 0.5 | EX53: 0.21 | EY53: 0 | FQ53: 0 | FR53: =ROUND(IF(AND(BH53=3,BI53=3),P53,0),2) -> 0 | FS53: 0 | FT53: *0,9 | FU53: *0,85 | FX53: 110.7 | FY53: 63.75 | GD53: 0 | GF53: -869721543 | GG53: 1 | GH53: 1 | GI53: 4 | GJ53: 0 | GK53: =ROUND(R53*(S12)/100,2) -> 0 | GL53: =ROUND(IF(AND(BH53=3,BI53=3,FS53<>0),P53,0),2) -> 0 | GM53: =ROUND(O53+X53+Y53+GK53,2)+GX53 -> 1775.47 | GN53: =IF(OR(BI53=0,BI53=1),ROUND(O53+X53+Y53+GK53,2),0) -> 1775.47 | GO53: =IF(BI53=2,ROUND(O53+X53+Y53+GK53,2),0) -> 0 | GP53: =IF(BI53=4,ROUND(O53+X53+Y53+GK53,2)+GX53,0) -> 0 | GR53: 0 | GS53: 3 | GT53: 0 | GV53: =ROUND(GT53,6) -> 0 | GW53: 1 | GX53: =ROUND(GV53*GW53*I53,2) -> 0 | HA53: 0 | HB53: 0 | IK53: 0
A54: 18 | B54: 1 | C54: 87 | F54: 04.3.01.09 | G54: Раствор готовый кладочный тяжелый цементный | H54: м3 | I54: =I52*J54 -> 4.13814 | J54: 0.51 | O54: =ROUND(CP54,2) -> 0 | P54: =ROUND(CQ54*I54,2) -> 0 | Q54: =ROUND(CR54*I54,2) -> 0 | R54: =ROUND(CS54*I54,2) -> 0 | S54: =ROUND(CT54*I54,2) -> 0 | T54: =ROUND(CU54*I54,2) -> 0 | U54: =CV54*I54 -> 0 | V54: =CW54*I54 -> 0 | W54: =ROUND(CX54*I54,2) -> 0 | X54: =ROUND(CY54,2) -> 0 | Y54: =ROUND(CZ54,2) -> 0 | AA54: -1 | AB54: =ROUND((AC54+AD54+AF54),6) -> 0 | AC54: =ROUND((ES54),6) -> 0 | AD54: =ROUND((((ET54)-(EU54))+AE54),6) -> 0 | AE54: =ROUND((EU54),6) -> 0 | AF54: =ROUND((EV54),6) -> 0 | AG54: =ROUND((AP54),6) -> 0 | AH54: =(EW54) -> 0 | AI54: =(EX54) -> 0 | AJ54: =ROUND((AS54),6) -> 0 | AK54: 0 | AL54: 0 | AM54: 0 | AN54: 0 | AO54: 0 | AP54: 0 | AQ54: 0 | AR54: 0 | AS54: 0 | AT54: 111 | AU54: 64 | AV54: 1 | AW54: 1 | AZ54: 1 | BA54: 1 | BB54: 1 | BC54: 1 | BH54: 3 | BI54: 1 | BM54: 11001 | BN54: 0 | BP54: 0 | BQ54: 2 | BR54: 0 | BS54: 1 | BT54: 1 | BU54: 1 | BV54: 1 | BW54: 1 | BX54: 1 | BZ54: 123 | CA54: 75 | CF54: 0 | CG54: 0 | CM54: 0 | CO54: 0 | CP54: =(P54+Q54+S54) -> 0 | CQ54: =AC54*BC54 -> 0 | CR54: =AD54*BB54 -> 0 | CS54: =AE54*BS54 -> 0 | CT54: =AF54*BA54 -> 0 | CU54: =AG54 -> 0 | CV54: =AH54 -> 0 | CW54: =AI54 -> 0 | CX54: =AJ54 -> 0 | CY54: =(((S54+R54)*AT54)/100) -> 0 | CZ54: =(((S54+R54)*AU54)/100) -> 0 | DN54: 0 | DO54: 0 | DP54: 1 | DQ54: 1 | DU54: 1007 | DV54: м3 | DW54: м3 | DX54: 1 | EE54: 26549061 | EF54: 2 | EG54: Общестроительные работы | EH54: 0 | EJ54: 1 | EK54: 11001 | EL54: Полы | EM54: ФЕР-11 | EQ54: 1024 | ER54: 0 | ES54: 0 | ET54: 0 | EU54: 0 | EV54: 0 | EW54: 0 | EX54: 0 | FQ54: 0 | FR54: =ROUND(IF(AND(BH54=3,BI54=3),P54,0),2) -> 0 | FS54: 0 | FT54: *0,9 | FU54: *0,85 | FX54: 110.7 | FY54: 63.75 | GD54: 0 | GF54: -2113302258 | GG54: 2 | GH54: 1 | GI54: -2 | GJ54: 0 | GK54: =ROUND(R54*(R12)/100,2) -> 0 | GL54: =ROUND(IF(AND(BH54=3,BI54=3,FS54<>0),P54,0),2) -> 0 | GM54: =ROUND(O54+X54+Y54+GK54,2)+GX54 -> 0 | GN54: =IF(OR(BI54=0,BI54=1),ROUND(O54+X54+Y54+GK54,2),0) -> 0 | GO54: =IF(BI54=2,ROUND(O54+X54+Y54+GK54,2),0) -> 0 | GP54: =IF(BI54=4,ROUND(O54+X54+Y54+GK54,2)+GX54,0) -> 0 | GR54: 0 | GS54: 0 | GT54: 0 | GV54: =ROUND(GT54,6) -> 0 | GW54: 1 | GX54: =ROUND(GV54*GW54*I54,2) -> 0 | HA54: 0 | HB54: 0 | IK54: 0
A55: 18 | B55: 1 | C55: 92 | F55: 04.3.01.09 | G55: Раствор готовый кладочный тяжелый цементный | H55: м3 | I55: =I53*J55 -> 4.13814 | J55: 0.51 | O55: =ROUND(CP55,2) -> 0 | P55: =ROUND(CQ55*I55,2) -> 0 | Q55: =ROUND(CR55*I55,2) -> 0 | R55: =ROUND(CS55*I55,2) -> 0 | S55: =ROUND(CT55*I55,2) -> 0 | T55: =ROUND(CU55*I55,2) -> 0 | U55: =CV55*I55 -> 0 | V55: =CW55*I55 -> 0 | W55: =ROUND(CX55*I55,2) -> 0 | X55: =ROUND(CY55,2) -> 0 | Y55: =ROUND(CZ55,2) -> 0 | AA55: -1 | AB55: =ROUND((AC55+AD55+AF55),6) -> 0 | AC55: =ROUND((ES55),6) -> 0 | AD55: =ROUND((((ET55)-(EU55))+AE55),6) -> 0 | AE55: =ROUND((EU55),6) -> 0 | AF55: =ROUND((EV55),6) -> 0 | AG55: =ROUND((AP55),6) -> 0 | AH55: =(EW55) -> 0 | AI55: =(EX55) -> 0 | AJ55: =ROUND((AS55),6) -> 0 | AK55: 0 | AL55: 0 | AM55: 0 | AN55: 0 | AO55: 0 | AP55: 0 | AQ55: 0 | AR55: 0 | AS55: 0 | AT55: 111 | AU55: 64 | AV55: 1 | AW55: 1 | AZ55: 7.7 | BA55: 1 | BB55: 1 | BC55: 7.7 | BH55: 3 | BI55: 1 | BM55: 11001 | BN55: 0 | BP55: 0 | BQ55: 2 | BR55: 0 | BS55: 1 | BT55: 1 | BU55: 1 | BV55: 1 | BW55: 1 | BX55: 1 | BZ55: 123 | CA55: 75 | CF55: 0 | CG55: 0 | CM55: 0 | CO55: 0 | CP55: =(P55+Q55+S55) -> 0 | CQ55: =AC55*BC55 -> 0 | CR55: =AD55*BB55 -> 0 | CS55: =AE55*BS55 -> 0 | CT55: =AF55*BA55 -> 0 | CU55: =AG55 -> 0 | CV55: =AH55 -> 0 | CW55: =AI55 -> 0 | CX55: =AJ55 -> 0 | CY55: =(((S55+R55)*AT55)/100) -> 0 | CZ55: =(((S55+R55)*AU55)/100) -> 0 | DN55: 0 | DO55: 0 | DP55: 1 | DQ55: 1 | DU55: 1007 | DV55: м3 | DW55: м3 | DX55: 1 | EE55: 26549061 | EF55: 2 | EG55: Общестроительные работы | EH55: 0 | EJ55: 1 | EK55: 11001 | EL55: Полы | EM55: ФЕР-11 | EQ55: 1024 | ER55: 0 | ES55: 0 | ET55: 0 | EU55: 0 | EV55: 0 | EW55: 0 | EX55: 0 | FQ55: 0 | FR55: =ROUND(IF(AND(BH55=3,BI55=3),P55,0),2) -> 0 | FS55: 0 | FT55: *0,9 | FU55: *0,85 | FX55: 110.7 | FY55: 63.75 | GD55: 0 | GF55: -2113302258 | GG55: 1 | GH55: 1 | GI55: 4 | GJ55: 0 | GK55: =ROUND(R55*(S12)/100,2) -> 0 | GL55: =ROUND(IF(AND(BH55=3,BI55=3,FS55<>0),P55,0),2) -> 0 | GM55: =ROUND(O55+X55+Y55+GK55,2)+GX55 -> 0 | GN55: =IF(OR(BI55=0,BI55=1),ROUND(O55+X55+Y55+GK55,2),0) -> 0 | GO55: =IF(BI55=2,ROUND(O55+X55+Y55+GK55,2),0) -> 0 | GP55: =IF(BI55=4,ROUND(O55+X55+Y55+GK55,2)+GX55,0) -> 0 | GR55: 0 | GS55: 0 | GT55: 0 | GV55: =ROUND(GT55,6) -> 0 | GW55: 1 | GX55: =ROUND(GV55*GW55*I55,2) -> 0 | HA55: 0 | HB55: 0 | IK55: 0
A56: 17 | B56: 1 | C56: =ROW(SmtRes!A104) -> 104 | D56: =ROW(EtalonRes!A102) -> 102 | E56: 7 | F56: 11-01-047-01 | G56: Устройство покрытий из плит керамогранитных размером 30х30 см | H56: 100 м2 | I56: =ROUND(811.4/100,9) -> 8.114 | J56: 0 | O56: =ROUND(CP56,2) -> 178425.71 | P56: =ROUND(CQ56*I56,2) -> 152864.84 | Q56: =ROUND(CR56*I56,2) -> 244.94 | R56: =ROUND(CS56*I56,2) -> 177.6 | S56: =ROUND(CT56*I56,2) -> 25315.93 | T56: =ROUND(CU56*I56,2) -> 0 | U56: =CV56*I56 -> 2896.5601 | V56: =CW56*I56 -> 17.546525 | W56: =ROUND(CX56*I56,2) -> 0 | X56: =ROUND(CY56,2) -> 28297.82 | Y56: =ROUND(CZ56,2) -> 16315.86 | AA56: 26914188 | AB56: =ROUND((AC56+AD56+AF56),6) -> 21989.858 | AC56: =ROUND((ES56),6) -> 18839.64 | AD56: =ROUND(((((ET56*1.25))-((EU56*1.25)))+AE56),6) -> 30.1875 | AE56: =ROUND(((EU56*1.25)),6) -> 21.8875 | AF56: =ROUND(((EV56*1.15)),6) -> 3120.0305 | AG56: =ROUND((AP56),6) -> 0 | AH56: =((EW56*1.15)) -> 356.983 | AI56: =((EX56*1.25)) -> 2.1625 | AJ56: =ROUND((AS56),6) -> 0 | AK56: 21576.86 | AL56: 18839.64 | AM56: 24.15 | AN56: 17.51 | AO56: 2713.07 | AP56: 0 | AQ56: 310.42 | AR56: 1.73 | AS56: 0 | AT56: 111 | AU56: 64 | AV56: 1 | AW56: 1 | AZ56: 1 | BA56: 1 | BB56: 1 | BC56: 1 | BH56: 0 | BI56: 1 | BJ56: ФЕР-2001, 11-01-047-01, приказ Минстроя России №1039/пр от 30.12.2016г. | BM56: 11001 | BN56: 0 | BP56: 0 | BQ56: 2 | BR56: 0 | BS56: 1 | BT56: 1 | BU56: 1 | BV56: 1 | BW56: 1 | BX56: 1 | BZ56: 123 | CA56: 75 | CF56: 0 | CG56: 0 | CM56: 0 | CN56: Поправка: МДС 81-35.2004, п.4.7 Наименование: Работы, выполняемые при реконструкции зданий и сооружений работы, аналогичные технологическим процессам в новом строительстве (в том числе возведение новых конструктивных элементов) стоимость которых определена по соответствующим сборникам ФЕР, кроме сборника № 46 «Работы при реконструкции зданий и сооружений» | CO56: 0 | CP56: =(P56+Q56+S56) -> 178425.71 | CQ56: =AC56*BC56 -> 18839.64 | CR56: =AD56*BB56 -> 30.1875 | CS56: =AE56*BS56 -> 21.8875 | CT56: =AF56*BA56 -> 3120.0305 | CU56: =AG56 -> 0 | CV56: =AH56 -> 356.983 | CW56: =AI56 -> 2.1625 | CX56: =AJ56 -> 0 | CY56: =(((S56+R56)*AT56)/100) -> 28297.818 | CZ56: =(((S56+R56)*AU56)/100) -> 16315.859 | DE56: )*1,25 | DF56: )*1,25 | DG56: )*1,15 | DI56: )*1,15 | DJ56: )*1,25 | DN56: 0 | DO56: 0 | DP56: 1 | DQ56: 1 | DU56: 1005 | DV56: 100 м2 | DW56: 100 м2 | DX56: 100 | EE56: 26549061 | EF56: 2 | EG56: Общестроительные работы | EH56: 0 | EJ56: 1 | EK56: 11001 | EL56: Полы | EM56: ФЕР-11 | EO56: Поправка: МДС 81-35.2004, п.4.7 | EQ56: 0 | ER56: 21576.86 | ES56: 18839.64 | ET56: 24.15 | EU56: 17.51 | EV56: 2713.07 | EW56: 310.42 | EX56: 1.73 | EY56: 0 | FQ56: 0 | FR56: =ROUND(IF(AND(BH56=3,BI56=3),P56,0),2) -> 0 | FS56: 0 | FT56: *0,9 | FU56: *0,85 | FX56: 110.7 | FY56: 63.75 | GD56: 0 | GF56: -957353104 | GG56: 2 | GH56: 1 | GI56: -2 | GJ56: 0 | GK56: =ROUND(R56*(R12)/100,2) -> 0 | GL56: =ROUND(IF(AND(BH56=3,BI56=3,FS56<>0),P56,0),2) -> 0 | GM56: =ROUND(O56+X56+Y56+GK56,2)+GX56 -> 223039.39 | GN56: =IF(OR(BI56=0,BI56=1),ROUND(O56+X56+Y56+GK56,2),0) -> 223039.39 | GO56: =IF(BI56=2,ROUND(O56+X56+Y56+GK56,2),0) -> 0 | GP56: =IF(BI56=4,ROUND(O56+X56+Y56+GK56,2)+GX56,0) -> 0 | GR56: 0 | GS56: 3 | GT56: 0 | GV56: =ROUND(GT56,6) -> 0 | GW56: 1 | GX56: =ROUND(GV56*GW56*I56,2) -> 0 | HA56: 0 | HB56: 0 | IK56: 0
A57: 17 | B57: 1 | C57: =ROW(SmtRes!A116) -> 116 | D57: =ROW(EtalonRes!A114) -> 114 | E57: 7 | F57: 11-01-047-01 | G57: Устройство покрытий из плит керамогранитных размером 30х30 см | H57: 100 м2 | I57: =ROUND(811.4/100,9) -> 8.114 | J57: 0 | O57: =ROUND(CP57,2) -> 1373877.9 | P57: =ROUND(CQ57*I57,2) -> 1177059.3 | Q57: =ROUND(CR57*I57,2) -> 1886.05 | R57: =ROUND(CS57*I57,2) -> 1367.48 | S57: =ROUND(CT57*I57,2) -> 194932.64 | T57: =ROUND(CU57*I57,2) -> 0 | U57: =CV57*I57 -> 2896.5601 | V57: =CW57*I57 -> 17.546525 | W57: =ROUND(CX57*I57,2) -> 0 | X57: =ROUND(CY57,2) -> 217893.13 | Y57: =ROUND(CZ57,2) -> 125632.08 | AA57: 26914189 | AB57: =ROUND((AC57+AD57+AF57),6) -> 21989.858 | AC57: =ROUND((ES57),6) -> 18839.64 | AD57: =ROUND(((((ET57*1.25))-((EU57*1.25)))+AE57),6) -> 30.1875 | AE57: =ROUND(((EU57*1.25)),6) -> 21.8875 | AF57: =ROUND(((EV57*1.15)),6) -> 3120.0305 | AG57: =ROUND((AP57),6) -> 0 | AH57: =((EW57*1.15)) -> 356.983 | AI57: =((EX57*1.25)) -> 2.1625 | AJ57: =ROUND((AS57),6) -> 0 | AK57: 21576.86 | AL57: 18839.64 | AM57: 24.15 | AN57: 17.51 | AO57: 2713.07 | AP57: 0 | AQ57: 310.42 | AR57: 1.73 | AS57: 0 | AT57: 111 | AU57: 64 | AV57: 1 | AW57: 1 | AZ57: 7.7 | BA57: 7.7 | BB57: 7.7 | BC57: 7.7 | BH57: 0 | BI57: 1 | BJ57: ФЕР-2001, 11-01-047-01, приказ Минстроя России №1039/пр от 30.12.2016г. | BM57: 11001 | BN57: 0 | BP57: 0 | BQ57: 2 | BR57: 0 | BS57: 7.7 | BT57: 1 | BU57: 1 | BV57: 1 | BW57: 1 | BX57: 1 | BZ57: 123 | CA57: 75 | CF57: 0 | CG57: 0 | CM57: 0 | CN57: Поправка: МДС 81-35.2004, п.4.7 Наименование: Работы, выполняемые при реконструкции зданий и сооружений работы, аналогичные технологическим процессам в новом строительстве (в том числе возведение новых конструктивных элементов) стоимость которых определена по соответствующим сборникам ФЕР, кроме сборника № 46 «Работы при реконструкции зданий и сооружений» | CO57: 0 | CP57: =(P57+Q57+S57) -> 1373878 | CQ57: =AC57*BC57 -> 145065.23 | CR57: =AD57*BB57 -> 232.44375 | CS57: =AE57*BS57 -> 168.53375 | CT57: =AF57*BA57 -> 24024.235 | CU57: =AG57 -> 0 | CV57: =AH57 -> 356.983 | CW57: =AI57 -> 2.1625 | CX57: =AJ57 -> 0 | CY57: =(((S57+R57)*AT57)/100) -> 217893.13 | CZ57: =(((S57+R57)*AU57)/100) -> 125632.08 | DE57: )*1,25 | DF57: )*1,25 | DG57: )*1,15 | DI57: )*1,15 | DJ57: )*1,25 | DN57: 0 | DO57: 0 | DP57: 1 | DQ57: 1 | DU57: 1005 | DV57: 100 м2 | DW57: 100 м2 | DX57: 100 | EE57: 26549061 | EF57: 2 | EG57: Общестроительные работы | EH57: 0 | EJ57: 1 | EK57: 11001 | EL57: Полы | EM57: ФЕР-11 | EO57: Поправка: МДС 81-35.2004, п.4.7 | EQ57: 0 | ER57: 21576.86 | ES57: 18839.64 | ET57: 24.15 | EU57: 17.51 | EV57: 2713.07 | EW57: 310.42 | EX57: 1.73 | EY57: 0 | FQ57: 0 | FR57: =ROUND(IF(AND(BH57=3,BI57=3),P57,0),2) -> 0 | FS57: 0 | FT57: *0,9 | FU57: *0,85 | FX57: 110.7 | FY57: 63.75 | GD57: 0 | GF57: -957353104 | GG57: 1 | GH57: 1 | GI57: 4 | GJ57: 0 | GK57: =ROUND(R57*(S12)/100,2) -> 0 | GL57: =ROUND(IF(AND(BH57=3,BI57=3,FS57<>0),P57,0),2) -> 0 | GM57: =ROUND(O57+X57+Y57+GK57,2)+GX57 -> 1717403.2 | GN57: =IF(OR(BI57=0,BI57=1),ROUND(O57+X57+Y57+GK57,2),0) -> 1717403.2 | GO57: =IF(BI57=2,ROUND(O57+X57+Y57+GK57,2),0) -> 0 | GP57: =IF(BI57=4,ROUND(O57+X57+Y57+GK57,2)+GX57,0) -> 0 | GR57: 0 | GS57: 3 | GT57: 0 | GV57: =ROUND(GT57,6) -> 0 | GW57: 1 | GX57: =ROUND(GV57*GW57*I57,2) -> 0 | HA57: 0 | HB57: 0 | IK57: 0
A58: 18 | B58: 1 | C58: 104 | E58: 7,1 | F58: 14.3.01.02-0103 | G58: Грунтовка воднодисперсионная CERESIT CT 17 | H58: л | I58: =I56*J58 -> 162.28 | J58: 20 | O58: =ROUND(CP58,2) -> 1483.24 | P58: =ROUND(CQ58*I58,2) -> 1483.24 | Q58: =ROUND(CR58*I58,2) -> 0 | R58: =ROUND(CS58*I58,2) -> 0 | S58: =ROUND(CT58*I58,2) -> 0 | T58: =ROUND(CU58*I58,2) -> 0 | U58: =CV58*I58 -> 0 | V58: =CW58*I58 -> 0 | W58: =ROUND(CX58*I58,2) -> 0 | X58: =ROUND(CY58,2) -> 0 | Y58: =ROUND(CZ58,2) -> 0 | AA58: 26914188 | AB58: =ROUND((AC58+AD58+AF58),6) -> 9.14 | AC58: =ROUND((ES58),6) -> 9.14 | AD58: =ROUND((((ET58)-(EU58))+AE58),6) -> 0 | AE58: =ROUND((EU58),6) -> 0 | AF58: =ROUND((EV58),6) -> 0 | AG58: =ROUND((AP58),6) -> 0 | AH58: =(EW58) -> 0 | AI58: =(EX58) -> 0 | AJ58: =ROUND((AS58),6) -> 0 | AK58: 9.14 | AL58: 9.14 | AM58: 0 | AN58: 0 | AO58: 0 | AP58: 0 | AQ58: 0 | AR58: 0 | AS58: 0 | AT58: 111 | AU58: 64 | AV58: 1 | AW58: 1 | AZ58: 1 | BA58: 1 | BB58: 1 | BC58: 1 | BH58: 3 | BI58: 1 | BJ58: ФССЦ-2001, 14.3.01.02-0103, приказ Минстроя России №1039/пр от 30.12.2016г. | BM58: 11001 | BN58: 0 | BP58: 0 | BQ58: 2 | BR58: 0 | BS58: 1 | BT58: 1 | BU58: 1 | BV58: 1 | BW58: 1 | BX58: 1 | BZ58: 123 | CA58: 75 | CF58: 0 | CG58: 0 | CM58: 0 | CO58: 0 | CP58: =(P58+Q58+S58) -> 1483.24 | CQ58: =AC58*BC58 -> 9.14 | CR58: =AD58*BB58 -> 0 | CS58: =AE58*BS58 -> 0 | CT58: =AF58*BA58 -> 0 | CU58: =AG58 -> 0 | CV58: =AH58 -> 0 | CW58: =AI58 -> 0 | CX58: =AJ58 -> 0 | CY58: =(((S58+R58)*AT58)/100) -> 0 | CZ58: =(((S58+R58)*AU58)/100) -> 0 | DN58: 0 | DO58: 0 | DP58: 1 | DQ58: 1 | DU58: 1002 | DV58: л | DW58: л | DX58: 1 | EE58: 26549061 | EF58: 2 | EG58: Общестроительные работы | EH58: 0 | EJ58: 1 | EK58: 11001 | EL58: Полы | EM58: ФЕР-11 | EQ58: 0 | ER58: 9.14 | ES58: 9.14 | ET58: 0 | EU58: 0 | EV58: 0 | EW58: 0 | EX58: 0 | FQ58: 0 | FR58: =ROUND(IF(AND(BH58=3,BI58=3),P58,0),2) -> 0 | FS58: 0 | FT58: *0,9 | FU58: *0,85 | FX58: 110.7 | FY58: 63.75 | GD58: 0 | GF58: -972933126 | GG58: 2 | GH58: 1 | GI58: -2 | GJ58: 0 | GK58: =ROUND(R58*(R12)/100,2) -> 0 | GL58: =ROUND(IF(AND(BH58=3,BI58=3,FS58<>0),P58,0),2) -> 0 | GM58: =ROUND(O58+X58+Y58+GK58,2)+GX58 -> 1483.24 | GN58: =IF(OR(BI58=0,BI58=1),ROUND(O58+X58+Y58+GK58,2),0) -> 1483.24 | GO58: =IF(BI58=2,ROUND(O58+X58+Y58+GK58,2),0) -> 0 | GP58: =IF(BI58=4,ROUND(O58+X58+Y58+GK58,2)+GX58,0) -> 0 | GR58: 0 | GS58: 3 | GT58: 0 | GV58: =ROUND(GT58,6) -> 0 | GW58: 1 | GX58: =ROUND(GV58*GW58*I58,2) -> 0 | HA58: 0 | HB58: 0 | IK58: 0
A59: 18 | B59: 1 | C59: 116 | E59: 7,1 | F59: 14.3.01.02-0103 | G59: Грунтовка воднодисперсионная CERESIT CT 17 | H59: л | I59: =I57*J59 -> 162.28 | J59: 20 | O59: =ROUND(CP59,2) -> 11420.94 | P59: =ROUND(CQ59*I59,2) -> 11420.94 | Q59: =ROUND(CR59*I59,2) -> 0 | R59: =ROUND(CS59*I59,2) -> 0 | S59: =ROUND(CT59*I59,2) -> 0 | T59: =ROUND(CU59*I59,2) -> 0 | U59: =CV59*I59 -> 0 | V59: =CW59*I59 -> 0 | W59: =ROUND(CX59*I59,2) -> 0 | X59: =ROUND(CY59,2) -> 0 | Y59: =ROUND(CZ59,2) -> 0 | AA59: 26914189 | AB59: =ROUND((AC59+AD59+AF59),6) -> 9.14 | AC59: =ROUND((ES59),6) -> 9.14 | AD59: =ROUND((((ET59)-(EU59))+AE59),6) -> 0 | AE59: =ROUND((EU59),6) -> 0 | AF59: =ROUND((EV59),6) -> 0 | AG59: =ROUND((AP59),6) -> 0 | AH59: =(EW59) -> 0 | AI59: =(EX59) -> 0 | AJ59: =ROUND((AS59),6) -> 0 | AK59: 9.14 | AL59: 9.14 | AM59: 0 | AN59: 0 | AO59: 0 | AP59: 0 | AQ59: 0 | AR59: 0 | AS59: 0 | AT59: 111 | AU59: 64 | AV59: 1 | AW59: 1 | AZ59: 7.7 | BA59: 1 | BB59: 1 | BC59: 7.7 | BH59: 3 | BI59: 1 | BJ59: ФССЦ-2001, 14.3.01.02-0103, приказ Минстроя России №1039/пр от 30.12.2016г. | BM59: 11001 | BN59: 0 | BP59: 0 | BQ59: 2 | BR59: 0 | BS59: 1 | BT59: 1 | BU59: 1 | BV59: 1 | BW59: 1 | BX59: 1 | BZ59: 123 | CA59: 75 | CF59: 0 | CG59: 0 | CM59: 0 | CO59: 0 | CP59: =(P59+Q59+S59) -> 11420.94 | CQ59: =AC59*BC59 -> 70.378 | CR59: =AD59*BB59 -> 0 | CS59: =AE59*BS59 -> 0 | CT59: =AF59*BA59 -> 0 | CU59: =AG59 -> 0 | CV59: =AH59 -> 0 | CW59: =AI59 -> 0 | CX59: =AJ59 -> 0 | CY59: =(((S59+R59)*AT59)/100) -> 0 | CZ59: =(((S59+R59)*AU59)/100) -> 0 | DN59: 0 | DO59: 0 | DP59: 1 | DQ59: 1 | DU59: 1002 | DV59: л | DW59: л | DX59: 1 | EE59: 26549061 | EF59: 2 | EG59: Общестроительные работы | EH59: 0 | EJ59: 1 | EK59: 11001 | EL59: Полы | EM59: ФЕР-11 | EQ59: 0 | ER59: 9.14 | ES59: 9.14 | ET59: 0 | EU59: 0 | EV59: 0 | EW59: 0 | EX59: 0 | FQ59: 0 | FR59: =ROUND(IF(AND(BH59=3,BI59=3),P59,0),2) -> 0 | FS59: 0 | FT59: *0,9 | FU59: *0,85 | FX59: 110.7 | FY59: 63.75 | GD59: 0 | GF59: -972933126 | GG59: 1 | GH59: 1 | GI59: 4 | GJ59: 0 | GK59: =ROUND(R59*(S12)/100,2) -> 0 | GL59: =ROUND(IF(AND(BH59=3,BI59=3,FS59<>0),P59,0),2) -> 0 | GM59: =ROUND(O59+X59+Y59+GK59,2)+GX59 -> 11420.94 | GN59: =IF(OR(BI59=0,BI59=1),ROUND(O59+X59+Y59+GK59,2),0) -> 11420.94 | GO59: =IF(BI59=2,ROUND(O59+X59+Y59+GK59,2),0) -> 0 | GP59: =IF(BI59=4,ROUND(O59+X59+Y59+GK59,2)+GX59,0) -> 0 | GR59: 0 | GS59: 3 | GT59: 0 | GV59: =ROUND(GT59,6) -> 0 | GW59: 1 | GX59: =ROUND(GV59*GW59*I59,2) -> 0 | HA59: 0 | HB59: 0 | IK59: 0
A60: 18 | B60: 1 | C60: 101 | E60: 7,2 | F60: 06.2.05.03-0003 | G60: Гранит керамический многоцветный неполированный, размером 400х400х9 мм | H60: м2 | I60: =I56*J60 -> -827.628 | J60: -102 | O60: =ROUND(CP60,2) -> -116240.35 | P60: =ROUND(CQ60*I60,2) -> -116240.35 | Q60: =ROUND(CR60*I60,2) -> 0 | R60: =ROUND(CS60*I60,2) -> 0 | S60: =ROUND(CT60*I60,2) -> 0 | T60: =ROUND(CU60*I60,2) -> 0 | U60: =CV60*I60 -> 0 | V60: =CW60*I60 -> 0 | W60: =ROUND(CX60*I60,2) -> 0 | X60: =ROUND(CY60,2) -> 0 | Y60: =ROUND(CZ60,2) -> 0 | AA60: 26914188 | AB60: =ROUND((AC60+AD60+AF60),6) -> 140.45 | AC60: =ROUND((ES60),6) -> 140.45 | AD60: =ROUND((((ET60)-(EU60))+AE60),6) -> 0 | AE60: =ROUND((EU60),6) -> 0 | AF60: =ROUND((EV60),6) -> 0 | AG60: =ROUND((AP60),6) -> 0 | AH60: =(EW60) -> 0 | AI60: =(EX60) -> 0 | AJ60: =ROUND((AS60),6) -> 0 | AK60: 140.45 | AL60: 140.45 | AM60: 0 | AN60: 0 | AO60: 0 | AP60: 0 | AQ60: 0 | AR60: 0 | AS60: 0 | AT60: 111 | AU60: 64 | AV60: 1 | AW60: 1 | AZ60: 1 | BA60: 1 | BB60: 1 | BC60: 1 | BH60: 3 | BI60: 1 | BJ60: ФССЦ-2001, 06.2.05.03-0003, приказ Минстроя России №1039/пр от 30.12.2016г. | BM60: 11001 | BN60: 0 | BP60: 0 | BQ60: 2 | BR60: 1 | BS60: 1 | BT60: 1 | BU60: 1 | BV60: 1 | BW60: 1 | BX60: 1 | BZ60: 123 | CA60: 75 | CF60: 0 | CG60: 0 | CM60: 0 | CO60: 0 | CP60: =(P60+Q60+S60) -> -116240.35 | CQ60: =AC60*BC60 -> 140.45 | CR60: =AD60*BB60 -> 0 | CS60: =AE60*BS60 -> 0 | CT60: =AF60*BA60 -> 0 | CU60: =AG60 -> 0 | CV60: =AH60 -> 0 | CW60: =AI60 -> 0 | CX60: =AJ60 -> 0 | CY60: =(((S60+R60)*AT60)/100) -> 0 | CZ60: =(((S60+R60)*AU60)/100) -> 0 | DN60: 0 | DO60: 0 | DP60: 1 | DQ60: 1 | DU60: 1005 | DV60: м2 | DW60: м2 | DX60: 1 | EE60: 26549061 | EF60: 2 | EG60: Общестроительные работы | EH60: 0 | EJ60: 1 | EK60: 11001 | EL60: Полы | EM60: ФЕР-11 | EQ60: 0 | ER60: 140.45 | ES60: 140.45 | ET60: 0 | EU60: 0 | EV60: 0 | EW60: 0 | EX60: 0 | FQ60: 0 | FR60: =ROUND(IF(AND(BH60=3,BI60=3),P60,0),2) -> 0 | FS60: 0 | FT60: *0,9 | FU60: *0,85 | FX60: 110.7 | FY60: 63.75 | GD60: 0 | GF60: 2046761779 | GG60: 2 | GH60: 1 | GI60: -2 | GJ60: 0 | GK60: =ROUND(R60*(R12)/100,2) -> 0 | GL60: =ROUND(IF(AND(BH60=3,BI60=3,FS60<>0),P60,0),2) -> 0 | GM60: =ROUND(O60+X60+Y60+GK60,2)+GX60 -> -116240.35 | GN60: =IF(OR(BI60=0,BI60=1),ROUND(O60+X60+Y60+GK60,2),0) -> -116240.35 | GO60: =IF(BI60=2,ROUND(O60+X60+Y60+GK60,2),0) -> 0 | GP60: =IF(BI60=4,ROUND(O60+X60+Y60+GK60,2)+GX60,0) -> 0 | GR60: 0 | GS60: 0 | GT60: 0 | GV60: =ROUND(GT60,6) -> 0 | GW60: 1 | GX60: =ROUND(GV60*GW60*I60,2) -> 0 | HA60: 0 | HB60: 0 | IK60: 0
A61: 18 | B61: 1 | C61: 113 | E61: 7,2 | F61: 06.2.05.03-0003 | G61: Гранит керамический многоцветный неполированный, размером 400х400х9 мм | H61: м2 | I61: =I57*J61 -> -827.628 | J61: -102 | O61: =ROUND(CP61,2) -> -895050.72 | P61: =ROUND(CQ61*I61,2) -> -895050.72 | Q61: =ROUND(CR61*I61,2) -> 0 | R61: =ROUND(CS61*I61,2) -> 0 | S61: =ROUND(CT61*I61,2) -> 0 | T61: =ROUND(CU61*I61,2) -> 0 | U61: =CV61*I61 -> 0 | V61: =CW61*I61 -> 0 | W61: =ROUND(CX61*I61,2) -> 0 | X61: =ROUND(CY61,2) -> 0 | Y61: =ROUND(CZ61,2) -> 0 | AA61: 26914189 | AB61: =ROUND((AC61+AD61+AF61),6) -> 140.45 | AC61: =ROUND((ES61),6) -> 140.45 | AD61: =ROUND((((ET61)-(EU61))+AE61),6) -> 0 | AE61: =ROUND((EU61),6) -> 0 | AF61: =ROUND((EV61),6) -> 0 | AG61: =ROUND((AP61),6) -> 0 | AH61: =(EW61) -> 0 | AI61: =(EX61) -> 0 | AJ61: =ROUND((AS61),6) -> 0 | AK61: 140.45 | AL61: 140.45 | AM61: 0 | AN61: 0 | AO61: 0 | AP61: 0 | AQ61: 0 | AR61: 0 | AS61: 0 | AT61: 111 | AU61: 64 | AV61: 1 | AW61: 1 | AZ61: 7.7 | BA61: 1 | BB61: 1 | BC61: 7.7 | BH61: 3 | BI61: 1 | BJ61: ФССЦ-2001, 06.2.05.03-0003, приказ Минстроя России №1039/пр от 30.12.2016г. | BM61: 11001 | BN61: 0 | BP61: 0 | BQ61: 2 | BR61: 1 | BS61: 1 | BT61: 1 | BU61: 1 | BV61: 1 | BW61: 1 | BX61: 1 | BZ61: 123 | CA61: 75 | CF61: 0 | CG61: 0 | CM61: 0 | CO61: 0 | CP61: =(P61+Q61+S61) -> -895050.72 | CQ61: =AC61*BC61 -> 1081.465 | CR61: =AD61*BB61 -> 0 | CS61: =AE61*BS61 -> 0 | CT61: =AF61*BA61 -> 0 | CU61: =AG61 -> 0 | CV61: =AH61 -> 0 | CW61: =AI61 -> 0 | CX61: =AJ61 -> 0 | CY61: =(((S61+R61)*AT61)/100) -> 0 | CZ61: =(((S61+R61)*AU61)/100) -> 0 | DN61: 0 | DO61: 0 | DP61: 1 | DQ61: 1 | DU61: 1005 | DV61: м2 | DW61: м2 | DX61: 1 | EE61: 26549061 | EF61: 2 | EG61: Общестроительные работы | EH61: 0 | EJ61: 1 | EK61: 11001 | EL61: Полы | EM61: ФЕР-11 | EQ61: 0 | ER61: 140.45 | ES61: 140.45 | ET61: 0 | EU61: 0 | EV61: 0 | EW61: 0 | EX61: 0 | FQ61: 0 | FR61: =ROUND(IF(AND(BH61=3,BI61=3),P61,0),2) -> 0 | FS61: 0 | FT61: *0,9 | FU61: *0,85 | FX61: 110.7 | FY61: 63.75 | GD61: 0 | GF61: 2046761779 | GG61: 1 | GH61: 1 | GI61: 4 | GJ61: 0 | GK61: =ROUND(R61*(S12)/100,2) -> 0 | GL61: =ROUND(IF(AND(BH61=3,BI61=3,FS61<>0),P61,0),2) -> 0 | GM61: =ROUND(O61+X61+Y61+GK61,2)+GX61 -> -895050.72 | GN61: =IF(OR(BI61=0,BI61=1),ROUND(O61+X61+Y61+GK61,2),0) -> -895050.72 | GO61: =IF(BI61=2,ROUND(O61+X61+Y61+GK61,2),0) -> 0 | GP61: =IF(BI61=4,ROUND(O61+X61+Y61+GK61,2)+GX61,0) -> 0 | GR61: 0 | GS61: 0 | GT61: 0 | GV61: =ROUND(GT61,6) -> 0 | GW61: 1 | GX61: =ROUND(GV61*GW61*I61,2) -> 0 | HA61: 0 | HB61: 0 | IK61: 0
A62: 18 | B62: 1 | C62: 102 | E62: 7,3 | F62: 06.2.05.03-0054 | G62: Плитки керамогранитные размером 300х300х8 мм | H62: м2 | I62: =I56*J62 -> 827.628 | J62: 102 | O62: =ROUND(CP62,2) -> 46612.01 | P62: =ROUND(CQ62*I62,2) -> 46612.01 | Q62: =ROUND(CR62*I62,2) -> 0 | R62: =ROUND(CS62*I62,2) -> 0 | S62: =ROUND(CT62*I62,2) -> 0 | T62: =ROUND(CU62*I62,2) -> 0 | U62: =CV62*I62 -> 0 | V62: =CW62*I62 -> 0 | W62: =ROUND(CX62*I62,2) -> 0 | X62: =ROUND(CY62,2) -> 0 | Y62: =ROUND(CZ62,2) -> 0 | AA62: 26914188 | AB62: =ROUND((AC62+AD62+AF62),6) -> 56.32 | AC62: =ROUND((ES62),6) -> 56.32 | AD62: =ROUND((((ET62)-(EU62))+AE62),6) -> 0 | AE62: =ROUND((EU62),6) -> 0 | AF62: =ROUND((EV62),6) -> 0 | AG62: =ROUND((AP62),6) -> 0 | AH62: =(EW62) -> 0 | AI62: =(EX62) -> 0 | AJ62: =ROUND((AS62),6) -> 0 | AK62: 56.32 | AL62: 56.32 | AM62: 0 | AN62: 0 | AO62: 0 | AP62: 0 | AQ62: 0 | AR62: 0 | AS62: 0 | AT62: 111 | AU62: 64 | AV62: 1 | AW62: 1 | AZ62: 1 | BA62: 1 | BB62: 1 | BC62: 1 | BH62: 3 | BI62: 1 | BJ62: ФССЦ-2001, 06.2.05.03-0054, приказ Минстроя России №1039/пр от 30.12.2016г. | BM62: 11001 | BN62: 0 | BP62: 0 | BQ62: 2 | BR62: 0 | BS62: 1 | BT62: 1 | BU62: 1 | BV62: 1 | BW62: 1 | BX62: 1 | BZ62: 123 | CA62: 75 | CF62: 0 | CG62: 0 | CM62: 0 | CO62: 0 | CP62: =(P62+Q62+S62) -> 46612.01 | CQ62: =AC62*BC62 -> 56.32 | CR62: =AD62*BB62 -> 0 | CS62: =AE62*BS62 -> 0 | CT62: =AF62*BA62 -> 0 | CU62: =AG62 -> 0 | CV62: =AH62 -> 0 | CW62: =AI62 -> 0 | CX62: =AJ62 -> 0 | CY62: =(((S62+R62)*AT62)/100) -> 0 | CZ62: =(((S62+R62)*AU62)/100) -> 0 | DN62: 0 | DO62: 0 | DP62: 1 | DQ62: 1 | DU62: 1005 | DV62: м2 | DW62: м2 | DX62: 1 | EE62: 26549061 | EF62: 2 | EG62: Общестроительные работы | EH62: 0 | EJ62: 1 | EK62: 11001 | EL62: Полы | EM62: ФЕР-11 | EQ62: 0 | ER62: 56.32 | ES62: 56.32 | ET62: 0 | EU62: 0 | EV62: 0 | EW62: 0 | EX62: 0 | FQ62: 0 | FR62: =ROUND(IF(AND(BH62=3,BI62=3),P62,0),2) -> 0 | FS62: 0 | FT62: *0,9 | FU62: *0,85 | FX62: 110.7 | FY62: 63.75 | GD62: 0 | GF62: 579238719 | GG62: 2 | GH62: 1 | GI62: -2 | GJ62: 0 | GK62: =ROUND(R62*(R12)/100,2) -> 0 | GL62: =ROUND(IF(AND(BH62=3,BI62=3,FS62<>0),P62,0),2) -> 0 | GM62: =ROUND(O62+X62+Y62+GK62,2)+GX62 -> 46612.01 | GN62: =IF(OR(BI62=0,BI62=1),ROUND(O62+X62+Y62+GK62,2),0) -> 46612.01 | GO62: =IF(BI62=2,ROUND(O62+X62+Y62+GK62,2),0) -> 0 | GP62: =IF(BI62=4,ROUND(O62+X62+Y62+GK62,2)+GX62,0) -> 0 | GR62: 0 | GS62: 3 | GT62: 0 | GV62: =ROUND(GT62,6) -> 0 | GW62: 1 | GX62: =ROUND(GV62*GW62*I62,2) -> 0 | HA62: 0 | HB62: 0 | IK62: 0
A63: 18 | B63: 1 | C63: 114 | E63: 7,3 | F63: 06.2.05.03-0054 | G63: Плитки керамогранитные размером 300х300х8 мм | H63: м2 | I63: =I57*J63 -> 827.628 | J63: 102 | O63: =ROUND(CP63,2) -> 358912.47 | P63: =ROUND(CQ63*I63,2) -> 358912.47 | Q63: =ROUND(CR63*I63,2) -> 0 | R63: =ROUND(CS63*I63,2) -> 0 | S63: =ROUND(CT63*I63,2) -> 0 | T63: =ROUND(CU63*I63,2) -> 0 | U63: =CV63*I63 -> 0 | V63: =CW63*I63 -> 0 | W63: =ROUND(CX63*I63,2) -> 0 | X63: =ROUND(CY63,2) -> 0 | Y63: =ROUND(CZ63,2) -> 0 | AA63: 26914189 | AB63: =ROUND((AC63+AD63+AF63),6) -> 56.32 | AC63: =ROUND((ES63),6) -> 56.32 | AD63: =ROUND((((ET63)-(EU63))+AE63),6) -> 0 | AE63: =ROUND((EU63),6) -> 0 | AF63: =ROUND((EV63),6) -> 0 | AG63: =ROUND((AP63),6) -> 0 | AH63: =(EW63) -> 0 | AI63: =(EX63) -> 0 | AJ63: =ROUND((AS63),6) -> 0 | AK63: 56.32 | AL63: 56.32 | AM63: 0 | AN63: 0 | AO63: 0 | AP63: 0 | AQ63: 0 | AR63: 0 | AS63: 0 | AT63: 111 | AU63: 64 | AV63: 1 | AW63: 1 | AZ63: 7.7 | BA63: 1 | BB63: 1 | BC63: 7.7 | BH63: 3 | BI63: 1 | BJ63: ФССЦ-2001, 06.2.05.03-0054, приказ Минстроя России №1039/пр от 30.12.2016г. | BM63: 11001 | BN63: 0 | BP63: 0 | BQ63: 2 | BR63: 0 | BS63: 1 | BT63: 1 | BU63: 1 | BV63: 1 | BW63: 1 | BX63: 1 | BZ63: 123 | CA63: 75 | CF63: 0 | CG63: 0 | CM63: 0 | CO63: 0 | CP63: =(P63+Q63+S63) -> 358912.47 | CQ63: =AC63*BC63 -> 433.664 | CR63: =AD63*BB63 -> 0 | CS63: =AE63*BS63 -> 0 | CT63: =AF63*BA63 -> 0 | CU63: =AG63 -> 0 | CV63: =AH63 -> 0 | CW63: =AI63 -> 0 | CX63: =AJ63 -> 0 | CY63: =(((S63+R63)*AT63)/100) -> 0 | CZ63: =(((S63+R63)*AU63)/100) -> 0 | DN63: 0 | DO63: 0 | DP63: 1 | DQ63: 1 | DU63: 1005 | DV63: м2 | DW63: м2 | DX63: 1 | EE63: 26549061 | EF63: 2 | EG63: Общестроительные работы | EH63: 0 | EJ63: 1 | EK63: 11001 | EL63: Полы | EM63: ФЕР-11 | EQ63: 0 | ER63: 56.32 | ES63: 56.32 | ET63: 0 | EU63: 0 | EV63: 0 | EW63: 0 | EX63: 0 | FQ63: 0 | FR63: =ROUND(IF(AND(BH63=3,BI63=3),P63,0),2) -> 0 | FS63: 0 | FT63: *0,9 | FU63: *0,85 | FX63: 110.7 | FY63: 63.75 | GD63: 0 | GF63: 579238719 | GG63: 1 | GH63: 1 | GI63: 4 | GJ63: 0 | GK63: =ROUND(R63*(S12)/100,2) -> 0 | GL63: =ROUND(IF(AND(BH63=3,BI63=3,FS63<>0),P63,0),2) -> 0 | GM63: =ROUND(O63+X63+Y63+GK63,2)+GX63 -> 358912.47 | GN63: =IF(OR(BI63=0,BI63=1),ROUND(O63+X63+Y63+GK63,2),0) -> 358912.47 | GO63: =IF(BI63=2,ROUND(O63+X63+Y63+GK63,2),0) -> 0 | GP63: =IF(BI63=4,ROUND(O63+X63+Y63+GK63,2)+GX63,0) -> 0 | GR63: 0 | GS63: 3 | GT63: 0 | GV63: =ROUND(GT63,6) -> 0 | GW63: 1 | GX63: =ROUND(GV63*GW63*I63,2) -> 0 | HA63: 0 | HB63: 0 | IK63: 0
A64: 17 | B64: 1 | C64: =ROW(SmtRes!A122) -> 122 | D64: =ROW(EtalonRes!A120) -> 120 | E64: 8 | F64: 11-01-039-04 | G64: Устройство плинтусов из плиток керамогранитных | H64: 100 м | I64: =ROUND(585.6/100,9) -> 5.856 | J64: 0 | O64: =ROUND(CP64,2) -> 1565.8 | P64: =ROUND(CQ64*I64,2) -> 0 | Q64: =ROUND(CR64*I64,2) -> 40.26 | R64: =ROUND(CS64*I64,2) -> 10.1 | S64: =ROUND(CT64*I64,2) -> 1525.54 | T64: =ROUND(CU64*I64,2) -> 0 | U64: =CV64*I64 -> 160.41341 | V64: =CW64*I64 -> 0.8052 | W64: =ROUND(CX64*I64,2) -> 0 | X64: =ROUND(CY64,2) -> 1704.56 | Y64: =ROUND(CZ64,2) -> 982.81 | AA64: 26914188 | AB64: =ROUND((AC64+AD64+AF64),6) -> 267.3845 | AC64: =ROUND((ES64),6) -> 0 | AD64: =ROUND(((((ET64*1.25))-((EU64*1.25)))+AE64),6) -> 6.875 | AE64: =ROUND(((EU64*1.25)),6) -> 1.725 | AF64: =ROUND(((EV64*1.15)),6) -> 260.5095 | AG64: =ROUND((AP64),6) -> 0 | AH64: =((EW64*1.15)) -> 27.393 | AI64: =((EX64*1.25)) -> 0.1375 | AJ64: =ROUND((AS64),6) -> 0 | AK64: 232.03 | AL64: 0 | AM64: 5.5 | AN64: 1.38 | AO64: 226.53 | AP64: 0 | AQ64: 23.82 | AR64: 0.11 | AS64: 0 | AT64: 111 | AU64: 64 | AV64: 1 | AW64: 1 | AZ64: 1 | BA64: 1 | BB64: 1 | BC64: 1 | BH64: 0 | BI64: 1 | BJ64: ФЕР-2001, 11-01-039-04, приказ Минстроя России №1039/пр от 30.12.2016г. | BM64: 11001 | BN64: 0 | BP64: 0 | BQ64: 2 | BR64: 0 | BS64: 1 | BT64: 1 | BU64: 1 | BV64: 1 | BW64: 1 | BX64: 1 | BZ64: 123 | CA64: 75 | CF64: 0 | CG64: 0 | CM64: 0 | CN64: Поправка: МДС 81-35.2004, п.4.7 Наименование: Работы, выполняемые при реконструкции зданий и сооружений работы, аналогичные технологическим процессам в новом строительстве (в том числе возведение новых конструктивных элементов) стоимость которых определена по соответствующим сборникам ФЕР, кроме сборника № 46 «Работы при реконструкции зданий и сооружений» | CO64: 0 | CP64: =(P64+Q64+S64) -> 1565.8 | CQ64: =AC64*BC64 -> 0 | CR64: =AD64*BB64 -> 6.875 | CS64: =AE64*BS64 -> 1.725 | CT64: =AF64*BA64 -> 260.5095 | CU64: =AG64 -> 0 | CV64: =AH64 -> 27.393 | CW64: =AI64 -> 0.1375 | CX64: =AJ64 -> 0 | CY64: =(((S64+R64)*AT64)/100) -> 1704.5604 | CZ64: =(((S64+R64)*AU64)/100) -> 982.8096 | DE64: )*1,25 | DF64: )*1,25 | DG64: )*1,15 | DI64: )*1,15 | DJ64: )*1,25 | DN64: 0 | DO64: 0 | DP64: 1 | DQ64: 1 | DU64: 1003 | DV64: 100 м | DW64: 100 м | DX64: 100 | EE64: 26549061 | EF64: 2 | EG64: Общестроительные работы | EH64: 0 | EJ64: 1 | EK64: 11001 | EL64: Полы | EM64: ФЕР-11 | EO64: Поправка: МДС 81-35.2004, п.4.7 | EQ64: 0 | ER64: 232.03 | ES64: 0 | ET64: 5.5 | EU64: 1.38 | EV64: 226.53 | EW64: 23.82 | EX64: 0.11 | EY64: 0 | FQ64: 0 | FR64: =ROUND(IF(AND(BH64=3,BI64=3),P64,0),2) -> 0 | FS64: 0 | FT64: *0,9 | FU64: *0,85 | FX64: 110.7 | FY64: 63.75 | GD64: 0 | GF64: -736606269 | GG64: 2 | GH64: 1 | GI64: -2 | GJ64: 0 | GK64: =ROUND(R64*(R12)/100,2) -> 0 | GL64: =ROUND(IF(AND(BH64=3,BI64=3,FS64<>0),P64,0),2) -> 0 | GM64: =ROUND(O64+X64+Y64+GK64,2)+GX64 -> 4253.17 | GN64: =IF(OR(BI64=0,BI64=1),ROUND(O64+X64+Y64+GK64,2),0) -> 4253.17 | GO64: =IF(BI64=2,ROUND(O64+X64+Y64+GK64,2),0) -> 0 | GP64: =IF(BI64=4,ROUND(O64+X64+Y64+GK64,2)+GX64,0) -> 0 | GR64: 0 | GS64: 3 | GT64: 0 | GV64: =ROUND(GT64,6) -> 0 | GW64: 1 | GX64: =ROUND(GV64*GW64*I64,2) -> 0 | HA64: 0 | HB64: 0 | IK64: 0
A65: 17 | B65: 1 | C65: =ROW(SmtRes!A128) -> 128 | D65: =ROW(EtalonRes!A126) -> 126 | E65: 8 | F65: 11-01-039-04 | G65: Устройство плинтусов из плиток керамогранитных | H65: 100 м | I65: =ROUND(585.6/100,9) -> 5.856 | J65: 0 | O65: =ROUND(CP65,2) -> 12056.69 | P65: =ROUND(CQ65*I65,2) -> 0 | Q65: =ROUND(CR65*I65,2) -> 310 | R65: =ROUND(CS65*I65,2) -> 77.78 | S65: =ROUND(CT65*I65,2) -> 11746.69 | T65: =ROUND(CU65*I65,2) -> 0 | U65: =CV65*I65 -> 160.41341 | V65: =CW65*I65 -> 0.8052 | W65: =ROUND(CX65*I65,2) -> 0 | X65: =ROUND(CY65,2) -> 13125.16 | Y65: =ROUND(CZ65,2) -> 7567.66 | AA65: 26914189 | AB65: =ROUND((AC65+AD65+AF65),6) -> 267.3845 | AC65: =ROUND((ES65),6) -> 0 | AD65: =ROUND(((((ET65*1.25))-((EU65*1.25)))+AE65),6) -> 6.875 | AE65: =ROUND(((EU65*1.25)),6) -> 1.725 | AF65: =ROUND(((EV65*1.15)),6) -> 260.5095 | AG65: =ROUND((AP65),6) -> 0 | AH65: =((EW65*1.15)) -> 27.393 | AI65: =((EX65*1.25)) -> 0.1375 | AJ65: =ROUND((AS65),6) -> 0 | AK65: 232.03 | AL65: 0 | AM65: 5.5 | AN65: 1.38 | AO65: 226.53 | AP65: 0 | AQ65: 23.82 | AR65: 0.11 | AS65: 0 | AT65: 111 | AU65: 64 | AV65: 1 | AW65: 1 | AZ65: 7.7 | BA65: 7.7 | BB65: 7.7 | BC65: 7.7 | BH65: 0 | BI65: 1 | BJ65: ФЕР-2001, 11-01-039-04, приказ Минстроя России №1039/пр от 30.12.2016г. | BM65: 11001 | BN65: 0 | BP65: 0 | BQ65: 2 | BR65: 0 | BS65: 7.7 | BT65: 1 | BU65: 1 | BV65: 1 | BW65: 1 | BX65: 1 | BZ65: 123 | CA65: 75 | CF65: 0 | CG65: 0 | CM65: 0 | CN65: Поправка: МДС 81-35.2004, п.4.7 Наименование: Работы, выполняемые при реконструкции зданий и сооружений работы, аналогичные технологическим процессам в новом строительстве (в том числе возведение новых конструктивных элементов) стоимость которых определена по соответствующим сборникам ФЕР, кроме сборника № 46 «Работы при реконструкции зданий и сооружений» | CO65: 0 | CP65: =(P65+Q65+S65) -> 12056.69 | CQ65: =AC65*BC65 -> 0 | CR65: =AD65*BB65 -> 52.9375 | CS65: =AE65*BS65 -> 13.2825 | CT65: =AF65*BA65 -> 2005.9232 | CU65: =AG65 -> 0 | CV65: =AH65 -> 27.393 | CW65: =AI65 -> 0.1375 | CX65: =AJ65 -> 0 | CY65: =(((S65+R65)*AT65)/100) -> 13125.162 | CZ65: =(((S65+R65)*AU65)/100) -> 7567.6608 | DE65: )*1,25 | DF65: )*1,25 | DG65: )*1,15 | DI65: )*1,15 | DJ65: )*1,25 | DN65: 0 | DO65: 0 | DP65: 1 | DQ65: 1 | DU65: 1003 | DV65: 100 м | DW65: 100 м | DX65: 100 | EE65: 26549061 | EF65: 2 | EG65: Общестроительные работы | EH65: 0 | EJ65: 1 | EK65: 11001 | EL65: Полы | EM65: ФЕР-11 | EO65: Поправка: МДС 81-35.2004, п.4.7 | EQ65: 0 | ER65: 232.03 | ES65: 0 | ET65: 5.5 | EU65: 1.38 | EV65: 226.53 | EW65: 23.82 | EX65: 0.11 | EY65: 0 | FQ65: 0 | FR65: =ROUND(IF(AND(BH65=3,BI65=3),P65,0),2) -> 0 | FS65: 0 | FT65: *0,9 | FU65: *0,85 | FX65: 110.7 | FY65: 63.75 | GD65: 0 | GF65: -736606269 | GG65: 1 | GH65: 1 | GI65: 4 | GJ65: 0 | GK65: =ROUND(R65*(S12)/100,2) -> 0 | GL65: =ROUND(IF(AND(BH65=3,BI65=3,FS65<>0),P65,0),2) -> 0 | GM65: =ROUND(O65+X65+Y65+GK65,2)+GX65 -> 32749.51 | GN65: =IF(OR(BI65=0,BI65=1),ROUND(O65+X65+Y65+GK65,2),0) -> 32749.51 | GO65: =IF(BI65=2,ROUND(O65+X65+Y65+GK65,2),0) -> 0 | GP65: =IF(BI65=4,ROUND(O65+X65+Y65+GK65,2)+GX65,0) -> 0 | GR65: 0 | GS65: 3 | GT65: 0 | GV65: =ROUND(GT65,6) -> 0 | GW65: 1 | GX65: =ROUND(GV65*GW65*I65,2) -> 0 | HA65: 0 | HB65: 0 | IK65: 0
A66: 18 | B66: 1 | C66: 121 | E66: 8,1 | F66: 06.2.05.03-0054 | G66: Плитки керамогранитные размером 300х300х8 мм | H66: м2 | I66: =I64*J66 -> 59.1456 | J66: 10.1 | O66: =ROUND(CP66,2) -> 3331.08 | P66: =ROUND(CQ66*I66,2) -> 3331.08 | Q66: =ROUND(CR66*I66,2) -> 0 | R66: =ROUND(CS66*I66,2) -> 0 | S66: =ROUND(CT66*I66,2) -> 0 | T66: =ROUND(CU66*I66,2) -> 0 | U66: =CV66*I66 -> 0 | V66: =CW66*I66 -> 0 | W66: =ROUND(CX66*I66,2) -> 0 | X66: =ROUND(CY66,2) -> 0 | Y66: =ROUND(CZ66,2) -> 0 | AA66: 26914188 | AB66: =ROUND((AC66+AD66+AF66),6) -> 56.32 | AC66: =ROUND((ES66),6) -> 56.32 | AD66: =ROUND((((ET66)-(EU66))+AE66),6) -> 0 | AE66: =ROUND((EU66),6) -> 0 | AF66: =ROUND((EV66),6) -> 0 | AG66: =ROUND((AP66),6) -> 0 | AH66: =(EW66) -> 0 | AI66: =(EX66) -> 0 | AJ66: =ROUND((AS66),6) -> 0 | AK66: 56.32 | AL66: 56.32 | AM66: 0 | AN66: 0 | AO66: 0 | AP66: 0 | AQ66: 0 | AR66: 0 | AS66: 0 | AT66: 111 | AU66: 64 | AV66: 1 | AW66: 1 | AZ66: 1 | BA66: 1 | BB66: 1 | BC66: 1 | BH66: 3 | BI66: 1 | BJ66: ФССЦ-2001, 06.2.05.03-0054, приказ Минстроя России №1039/пр от 30.12.2016г. | BM66: 11001 | BN66: 0 | BP66: 0 | BQ66: 2 | BR66: 0 | BS66: 1 | BT66: 1 | BU66: 1 | BV66: 1 | BW66: 1 | BX66: 1 | BZ66: 123 | CA66: 75 | CF66: 0 | CG66: 0 | CM66: 0 | CO66: 0 | CP66: =(P66+Q66+S66) -> 3331.08 | CQ66: =AC66*BC66 -> 56.32 | CR66: =AD66*BB66 -> 0 | CS66: =AE66*BS66 -> 0 | CT66: =AF66*BA66 -> 0 | CU66: =AG66 -> 0 | CV66: =AH66 -> 0 | CW66: =AI66 -> 0 | CX66: =AJ66 -> 0 | CY66: =(((S66+R66)*AT66)/100) -> 0 | CZ66: =(((S66+R66)*AU66)/100) -> 0 | DN66: 0 | DO66: 0 | DP66: 1 | DQ66: 1 | DU66: 1005 | DV66: м2 | DW66: м2 | DX66: 1 | EE66: 26549061 | EF66: 2 | EG66: Общестроительные работы | EH66: 0 | EJ66: 1 | EK66: 11001 | EL66: Полы | EM66: ФЕР-11 | EQ66: 0 | ER66: 56.32 | ES66: 56.32 | ET66: 0 | EU66: 0 | EV66: 0 | EW66: 0 | EX66: 0 | FQ66: 0 | FR66: =ROUND(IF(AND(BH66=3,BI66=3),P66,0),2) -> 0 | FS66: 0 | FT66: *0,9 | FU66: *0,85 | FX66: 110.7 | FY66: 63.75 | GD66: 0 | GF66: 579238719 | GG66: 2 | GH66: 1 | GI66: -2 | GJ66: 0 | GK66: =ROUND(R66*(R12)/100,2) -> 0 | GL66: =ROUND(IF(AND(BH66=3,BI66=3,FS66<>0),P66,0),2) -> 0 | GM66: =ROUND(O66+X66+Y66+GK66,2)+GX66 -> 3331.08 | GN66: =IF(OR(BI66=0,BI66=1),ROUND(O66+X66+Y66+GK66,2),0) -> 3331.08 | GO66: =IF(BI66=2,ROUND(O66+X66+Y66+GK66,2),0) -> 0 | GP66: =IF(BI66=4,ROUND(O66+X66+Y66+GK66,2)+GX66,0) -> 0 | GR66: 0 | GS66: 3 | GT66: 0 | GV66: =ROUND(GT66,6) -> 0 | GW66: 1 | GX66: =ROUND(GV66*GW66*I66,2) -> 0 | HA66: 0 | HB66: 0 | IK66: 0
A67: 18 | B67: 1 | C67: 127 | E67: 8,1 | F67: 06.2.05.03-0054 | G67: Плитки керамогранитные размером 300х300х8 мм | H67: м2 | I67: =I65*J67 -> 59.1456 | J67: 10.1 | O67: =ROUND(CP67,2) -> 25649.32 | P67: =ROUND(CQ67*I67,2) -> 25649.32 | Q67: =ROUND(CR67*I67,2) -> 0 | R67: =ROUND(CS67*I67,2) -> 0 | S67: =ROUND(CT67*I67,2) -> 0 | T67: =ROUND(CU67*I67,2) -> 0 | U67: =CV67*I67 -> 0 | V67: =CW67*I67 -> 0 | W67: =ROUND(CX67*I67,2) -> 0 | X67: =ROUND(CY67,2) -> 0 | Y67: =ROUND(CZ67,2) -> 0 | AA67: 26914189 | AB67: =ROUND((AC67+AD67+AF67),6) -> 56.32 | AC67: =ROUND((ES67),6) -> 56.32 | AD67: =ROUND((((ET67)-(EU67))+AE67),6) -> 0 | AE67: =ROUND((EU67),6) -> 0 | AF67: =ROUND((EV67),6) -> 0 | AG67: =ROUND((AP67),6) -> 0 | AH67: =(EW67) -> 0 | AI67: =(EX67) -> 0 | AJ67: =ROUND((AS67),6) -> 0 | AK67: 56.32 | AL67: 56.32 | AM67: 0 | AN67: 0 | AO67: 0 | AP67: 0 | AQ67: 0 | AR67: 0 | AS67: 0 | AT67: 111 | AU67: 64 | AV67: 1 | AW67: 1 | AZ67: 7.7 | BA67: 1 | BB67: 1 | BC67: 7.7 | BH67: 3 | BI67: 1 | BJ67: ФССЦ-2001, 06.2.05.03-0054, приказ Минстроя России №1039/пр от 30.12.2016г. | BM67: 11001 | BN67: 0 | BP67: 0 | BQ67: 2 | BR67: 0 | BS67: 1 | BT67: 1 | BU67: 1 | BV67: 1 | BW67: 1 | BX67: 1 | BZ67: 123 | CA67: 75 | CF67: 0 | CG67: 0 | CM67: 0 | CO67: 0 | CP67: =(P67+Q67+S67) -> 25649.32 | CQ67: =AC67*BC67 -> 433.664 | CR67: =AD67*BB67 -> 0 | CS67: =AE67*BS67 -> 0 | CT67: =AF67*BA67 -> 0 | CU67: =AG67 -> 0 | CV67: =AH67 -> 0 | CW67: =AI67 -> 0 | CX67: =AJ67 -> 0 | CY67: =(((S67+R67)*AT67)/100) -> 0 | CZ67: =(((S67+R67)*AU67)/100) -> 0 | DN67: 0 | DO67: 0 | DP67: 1 | DQ67: 1 | DU67: 1005 | DV67: м2 | DW67: м2 | DX67: 1 | EE67: 26549061 | EF67: 2 | EG67: Общестроительные работы | EH67: 0 | EJ67: 1 | EK67: 11001 | EL67: Полы | EM67: ФЕР-11 | EQ67: 0 | ER67: 56.32 | ES67: 56.32 | ET67: 0 | EU67: 0 | EV67: 0 | EW67: 0 | EX67: 0 | FQ67: 0 | FR67: =ROUND(IF(AND(BH67=3,BI67=3),P67,0),2) -> 0 | FS67: 0 | FT67: *0,9 | FU67: *0,85 | FX67: 110.7 | FY67: 63.75 | GD67: 0 | GF67: 579238719 | GG67: 1 | GH67: 1 | GI67: 4 | GJ67: 0 | GK67: =ROUND(R67*(S12)/100,2) -> 0 | GL67: =ROUND(IF(AND(BH67=3,BI67=3,FS67<>0),P67,0),2) -> 0 | GM67: =ROUND(O67+X67+Y67+GK67,2)+GX67 -> 25649.32 | GN67: =IF(OR(BI67=0,BI67=1),ROUND(O67+X67+Y67+GK67,2),0) -> 25649.32 | GO67: =IF(BI67=2,ROUND(O67+X67+Y67+GK67,2),0) -> 0 | GP67: =IF(BI67=4,ROUND(O67+X67+Y67+GK67,2)+GX67,0) -> 0 | GR67: 0 | GS67: 3 | GT67: 0 | GV67: =ROUND(GT67,6) -> 0 | GW67: 1 | GX67: =ROUND(GV67*GW67*I67,2) -> 0 | HA67: 0 | HB67: 0 | IK67: 0
A68: 18 | B68: 1 | C68: 122 | E68: 8,2 | F68: 14.1.06.02-0044 | G68: Клей плиточный «Юнис Гранит» | H68: кг | I68: =I64*J68 -> 2635.2 | J68: 450 | O68: =ROUND(CP68,2) -> 9723.89 | P68: =ROUND(CQ68*I68,2) -> 9723.89 | Q68: =ROUND(CR68*I68,2) -> 0 | R68: =ROUND(CS68*I68,2) -> 0 | S68: =ROUND(CT68*I68,2) -> 0 | T68: =ROUND(CU68*I68,2) -> 0 | U68: =CV68*I68 -> 0 | V68: =CW68*I68 -> 0 | W68: =ROUND(CX68*I68,2) -> 0 | X68: =ROUND(CY68,2) -> 0 | Y68: =ROUND(CZ68,2) -> 0 | AA68: 26914188 | AB68: =ROUND((AC68+AD68+AF68),6) -> 3.69 | AC68: =ROUND((ES68),6) -> 3.69 | AD68: =ROUND((((ET68)-(EU68))+AE68),6) -> 0 | AE68: =ROUND((EU68),6) -> 0 | AF68: =ROUND((EV68),6) -> 0 | AG68: =ROUND((AP68),6) -> 0 | AH68: =(EW68) -> 0 | AI68: =(EX68) -> 0 | AJ68: =ROUND((AS68),6) -> 0 | AK68: 3.69 | AL68: 3.69 | AM68: 0 | AN68: 0 | AO68: 0 | AP68: 0 | AQ68: 0 | AR68: 0 | AS68: 0 | AT68: 111 | AU68: 64 | AV68: 1 | AW68: 1 | AZ68: 1 | BA68: 1 | BB68: 1 | BC68: 1 | BH68: 3 | BI68: 1 | BJ68: ФССЦ-2001, 14.1.06.02-0044, приказ Минстроя России №1039/пр от 30.12.2016г. | BM68: 11001 | BN68: 0 | BP68: 0 | BQ68: 2 | BR68: 0 | BS68: 1 | BT68: 1 | BU68: 1 | BV68: 1 | BW68: 1 | BX68: 1 | BZ68: 123 | CA68: 75 | CF68: 0 | CG68: 0 | CM68: 0 | CO68: 0 | CP68: =(P68+Q68+S68) -> 9723.89 | CQ68: =AC68*BC68 -> 3.69 | CR68: =AD68*BB68 -> 0 | CS68: =AE68*BS68 -> 0 | CT68: =AF68*BA68 -> 0 | CU68: =AG68 -> 0 | CV68: =AH68 -> 0 | CW68: =AI68 -> 0 | CX68: =AJ68 -> 0 | CY68: =(((S68+R68)*AT68)/100) -> 0 | CZ68: =(((S68+R68)*AU68)/100) -> 0 | DN68: 0 | DO68: 0 | DP68: 1 | DQ68: 1 | DU68: 1009 | DV68: кг | DW68: кг | DX68: 1 | EE68: 26549061 | EF68: 2 | EG68: Общестроительные работы | EH68: 0 | EJ68: 1 | EK68: 11001 | EL68: Полы | EM68: ФЕР-11 | EQ68: 0 | ER68: 3.69 | ES68: 3.69 | ET68: 0 | EU68: 0 | EV68: 0 | EW68: 0 | EX68: 0 | FQ68: 0 | FR68: =ROUND(IF(AND(BH68=3,BI68=3),P68,0),2) -> 0 | FS68: 0 | FT68: *0,9 | FU68: *0,85 | FX68: 110.7 | FY68: 63.75 | GD68: 0 | GF68: 830044740 | GG68: 2 | GH68: 1 | GI68: -2 | GJ68: 0 | GK68: =ROUND(R68*(R12)/100,2) -> 0 | GL68: =ROUND(IF(AND(BH68=3,BI68=3,FS68<>0),P68,0),2) -> 0 | GM68: =ROUND(O68+X68+Y68+GK68,2)+GX68 -> 9723.89 | GN68: =IF(OR(BI68=0,BI68=1),ROUND(O68+X68+Y68+GK68,2),0) -> 9723.89 | GO68: =IF(BI68=2,ROUND(O68+X68+Y68+GK68,2),0) -> 0 | GP68: =IF(BI68=4,ROUND(O68+X68+Y68+GK68,2)+GX68,0) -> 0 | GR68: 0 | GS68: 3 | GT68: 0 | GV68: =ROUND(GT68,6) -> 0 | GW68: 1 | GX68: =ROUND(GV68*GW68*I68,2) -> 0 | HA68: 0 | HB68: 0 | IK68: 0
A69: 18 | B69: 1 | C69: 128 | E69: 8,2 | F69: 14.1.06.02-0044 | G69: Клей плиточный «Юнис Гранит» | H69: кг | I69: =I65*J69 -> 2635.2 | J69: 450 | O69: =ROUND(CP69,2) -> 74873.94 | P69: =ROUND(CQ69*I69,2) -> 74873.94 | Q69: =ROUND(CR69*I69,2) -> 0 | R69: =ROUND(CS69*I69,2) -> 0 | S69: =ROUND(CT69*I69,2) -> 0 | T69: =ROUND(CU69*I69,2) -> 0 | U69: =CV69*I69 -> 0 | V69: =CW69*I69 -> 0 | W69: =ROUND(CX69*I69,2) -> 0 | X69: =ROUND(CY69,2) -> 0 | Y69: =ROUND(CZ69,2) -> 0 | AA69: 26914189 | AB69: =ROUND((AC69+AD69+AF69),6) -> 3.69 | AC69: =ROUND((ES69),6) -> 3.69 | AD69: =ROUND((((ET69)-(EU69))+AE69),6) -> 0 | AE69: =ROUND((EU69),6) -> 0 | AF69: =ROUND((EV69),6) -> 0 | AG69: =ROUND((AP69),6) -> 0 | AH69: =(EW69) -> 0 | AI69: =(EX69) -> 0 | AJ69: =ROUND((AS69),6) -> 0 | AK69: 3.69 | AL69: 3.69 | AM69: 0 | AN69: 0 | AO69: 0 | AP69: 0 | AQ69: 0 | AR69: 0 | AS69: 0 | AT69: 111 | AU69: 64 | AV69: 1 | AW69: 1 | AZ69: 7.7 | BA69: 1 | BB69: 1 | BC69: 7.7 | BH69: 3 | BI69: 1 | BJ69: ФССЦ-2001, 14.1.06.02-0044, приказ Минстроя России №1039/пр от 30.12.2016г. | BM69: 11001 | BN69: 0 | BP69: 0 | BQ69: 2 | BR69: 0 | BS69: 1 | BT69: 1 | BU69: 1 | BV69: 1 | BW69: 1 | BX69: 1 | BZ69: 123 | CA69: 75 | CF69: 0 | CG69: 0 | CM69: 0 | CO69: 0 | CP69: =(P69+Q69+S69) -> 74873.94 | CQ69: =AC69*BC69 -> 28.413 | CR69: =AD69*BB69 -> 0 | CS69: =AE69*BS69 -> 0 | CT69: =AF69*BA69 -> 0 | CU69: =AG69 -> 0 | CV69: =AH69 -> 0 | CW69: =AI69 -> 0 | CX69: =AJ69 -> 0 | CY69: =(((S69+R69)*AT69)/100) -> 0 | CZ69: =(((S69+R69)*AU69)/100) -> 0 | DN69: 0 | DO69: 0 | DP69: 1 | DQ69: 1 | DU69: 1009 | DV69: кг | DW69: кг | DX69: 1 | EE69: 26549061 | EF69: 2 | EG69: Общестроительные работы | EH69: 0 | EJ69: 1 | EK69: 11001 | EL69: Полы | EM69: ФЕР-11 | EQ69: 0 | ER69: 3.69 | ES69: 3.69 | ET69: 0 | EU69: 0 | EV69: 0 | EW69: 0 | EX69: 0 | FQ69: 0 | FR69: =ROUND(IF(AND(BH69=3,BI69=3),P69,0),2) -> 0 | FS69: 0 | FT69: *0,9 | FU69: *0,85 | FX69: 110.7 | FY69: 63.75 | GD69: 0 | GF69: 830044740 | GG69: 1 | GH69: 1 | GI69: 4 | GJ69: 0 | GK69: =ROUND(R69*(S12)/100,2) -> 0 | GL69: =ROUND(IF(AND(BH69=3,BI69=3,FS69<>0),P69,0),2) -> 0 | GM69: =ROUND(O69+X69+Y69+GK69,2)+GX69 -> 74873.94 | GN69: =IF(OR(BI69=0,BI69=1),ROUND(O69+X69+Y69+GK69,2),0) -> 74873.94 | GO69: =IF(BI69=2,ROUND(O69+X69+Y69+GK69,2),0) -> 0 | GP69: =IF(BI69=4,ROUND(O69+X69+Y69+GK69,2)+GX69,0) -> 0 | GR69: 0 | GS69: 3 | GT69: 0 | GV69: =ROUND(GT69,6) -> 0 | GW69: 1 | GX69: =ROUND(GV69*GW69*I69,2) -> 0 | HA69: 0 | HB69: 0 | IK69: 0
A70: 17 | B70: 1 | C70: =ROW(SmtRes!A147) -> 147 | D70: =ROW(EtalonRes!A145) -> 145 | E70: 9 | F70: 10-06-032-02 | G70: Устройство перегородок из гипсоволокнистых листов (ГВЛ) по системе «КНАУФ» с одинарным металлическим каркасом и двухслойной обшивкой с обеих сторон (С 362) с одним дверным проемом | H70: 100 м2 | I70: =ROUND(15/100,9) -> 0.15 | J70: 0 | O70: =ROUND(CP70,2) -> 2049.51 | P70: =ROUND(CQ70*I70,2) -> 1818.45 | Q70: =ROUND(CR70*I70,2) -> 1.07 | R70: =ROUND(CS70*I70,2) -> 0 | S70: =ROUND(CT70*I70,2) -> 229.99 | T70: =ROUND(CU70*I70,2) -> 0 | U70: =CV70*I70 -> 25.3575 | V70: =CW70*I70 -> 0 | W70: =ROUND(CX70*I70,2) -> 0 | X70: =ROUND(CY70,2) -> 243.79 | Y70: =ROUND(CZ70,2) -> 124.19 | AA70: 26914188 | AB70: =ROUND((AC70+AD70+AF70),6) -> 13663.421 | AC70: =ROUND((ES70),6) -> 12123 | AD70: =ROUND(((((ET70*1.25))-((EU70*1.25)))+AE70),6) -> 7.1375 | AE70: =ROUND(((EU70*1.25)),6) -> 0 | AF70: =ROUND(((EV70*1.15)),6) -> 1533.2835 | AG70: =ROUND((AP70),6) -> 0 | AH70: =((EW70*1.15)) -> 169.05 | AI70: =((EX70*1.25)) -> 0 | AJ70: =ROUND((AS70),6) -> 0 | AK70: 13462 | AL70: 12123 | AM70: 5.71 | AN70: 0 | AO70: 1333.29 | AP70: 0 | AQ70: 147 | AR70: 0 | AS70: 0 | AT70: 106 | AU70: 54 | AV70: 1 | AW70: 1 | AZ70: 1 | BA70: 1 | BB70: 1 | BC70: 1 | BH70: 0 | BI70: 1 | BJ70: ФЕР-2001, 10-06-032-02, приказ Минстроя России №1039/пр от 30.12.2016г. | BM70: 10001 | BN70: 0 | BP70: 0 | BQ70: 2 | BR70: 0 | BS70: 1 | BT70: 1 | BU70: 1 | BV70: 1 | BW70: 1 | BX70: 1 | BZ70: 118 | CA70: 63 | CF70: 0 | CG70: 0 | CM70: 0 | CN70: Поправка: МДС 81-35.2004, п.4.7 Наименование: Работы, выполняемые при реконструкции зданий и сооружений работы, аналогичные технологическим процессам в новом строительстве (в том числе возведение новых конструктивных элементов) стоимость которых определена по соответствующим сборникам ФЕР, кроме сборника № 46 «Работы при реконструкции зданий и сооружений» | CO70: 0 | CP70: =(P70+Q70+S70) -> 2049.51 | CQ70: =AC70*BC70 -> 12123 | CR70: =AD70*BB70 -> 7.1375 | CS70: =AE70*BS70 -> 0 | CT70: =AF70*BA70 -> 1533.2835 | CU70: =AG70 -> 0 | CV70: =AH70 -> 169.05 | CW70: =AI70 -> 0 | CX70: =AJ70 -> 0 | CY70: =(((S70+R70)*AT70)/100) -> 243.7894 | CZ70: =(((S70+R70)*AU70)/100) -> 124.1946 | DE70: )*1,25 | DF70: )*1,25 | DG70: )*1,15 | DI70: )*1,15 | DJ70: )*1,25 | DN70: 0 | DO70: 0 | DP70: 1 | DQ70: 1 | DU70: 1005 | DV70: 100 м2 | DW70: 100 м2 | DX70: 100 | EE70: 26549060 | EF70: 2 | EG70: Общестроительные работы | EH70: 0 | EJ70: 1 | EK70: 10001 | EL70: Деревянные конструкции | EM70: ФЕР-10 | EO70: Поправка: МДС 81-35.2004, п.4.7 | EQ70: 0 | ER70: 13462 | ES70: 12123 | ET70: 5.71 | EU70: 0 | EV70: 1333.29 | EW70: 147 | EX70: 0 | EY70: 0 | FQ70: 0 | FR70: =ROUND(IF(AND(BH70=3,BI70=3),P70,0),2) -> 0 | FS70: 0 | FT70: *0,9 | FU70: *0,85 | FX70: 106.2 | FY70: 53.55 | GD70: 0 | GF70: 1236979558 | GG70: 2 | GH70: 1 | GI70: -2 | GJ70: 0 | GK70: =ROUND(R70*(R12)/100,2) -> 0 | GL70: =ROUND(IF(AND(BH70=3,BI70=3,FS70<>0),P70,0),2) -> 0 | GM70: =ROUND(O70+X70+Y70+GK70,2)+GX70 -> 2417.49 | GN70: =IF(OR(BI70=0,BI70=1),ROUND(O70+X70+Y70+GK70,2),0) -> 2417.49 | GO70: =IF(BI70=2,ROUND(O70+X70+Y70+GK70,2),0) -> 0 | GP70: =IF(BI70=4,ROUND(O70+X70+Y70+GK70,2)+GX70,0) -> 0 | GR70: 0 | GS70: 3 | GT70: 0 | GV70: =ROUND(GT70,6) -> 0 | GW70: 1 | GX70: =ROUND(GV70*GW70*I70,2) -> 0 | HA70: 0 | HB70: 0 | IK70: 0
A71: 17 | B71: 1 | C71: =ROW(SmtRes!A166) -> 166 | D71: =ROW(EtalonRes!A164) -> 164 | E71: 9 | F71: 10-06-032-02 | G71: Устройство перегородок из гипсоволокнистых листов (ГВЛ) по системе «КНАУФ» с одинарным металлическим каркасом и двухслойной обшивкой с обеих сторон (С 362) с одним дверным проемом | H71: 100 м2 | I71: =ROUND(15/100,9) -> 0.15 | J71: 0 | O71: =ROUND(CP71,2) -> 15781.25 | P71: =ROUND(CQ71*I71,2) -> 14002.07 | Q71: =ROUND(CR71*I71,2) -> 8.24 | R71: =ROUND(CS71*I71,2) -> 0 | S71: =ROUND(CT71*I71,2) -> 1770.94 | T71: =ROUND(CU71*I71,2) -> 0 | U71: =CV71*I71 -> 25.3575 | V71: =CW71*I71 -> 0 | W71: =ROUND(CX71*I71,2) -> 0 | X71: =ROUND(CY71,2) -> 1877.2 | Y71: =ROUND(CZ71,2) -> 956.31 | AA71: 26914189 | AB71: =ROUND((AC71+AD71+AF71),6) -> 13663.421 | AC71: =ROUND((ES71),6) -> 12123 | AD71: =ROUND(((((ET71*1.25))-((EU71*1.25)))+AE71),6) -> 7.1375 | AE71: =ROUND(((EU71*1.25)),6) -> 0 | AF71: =ROUND(((EV71*1.15)),6) -> 1533.2835 | AG71: =ROUND((AP71),6) -> 0 | AH71: =((EW71*1.15)) -> 169.05 | AI71: =((EX71*1.25)) -> 0 | AJ71: =ROUND((AS71),6) -> 0 | AK71: 13462 | AL71: 12123 | AM71: 5.71 | AN71: 0 | AO71: 1333.29 | AP71: 0 | AQ71: 147 | AR71: 0 | AS71: 0 | AT71: 106 | AU71: 54 | AV71: 1 | AW71: 1 | AZ71: 7.7 | BA71: 7.7 | BB71: 7.7 | BC71: 7.7 | BH71: 0 | BI71: 1 | BJ71: ФЕР-2001, 10-06-032-02, приказ Минстроя России №1039/пр от 30.12.2016г. | BM71: 10001 | BN71: 0 | BP71: 0 | BQ71: 2 | BR71: 0 | BS71: 7.7 | BT71: 1 | BU71: 1 | BV71: 1 | BW71: 1 | BX71: 1 | BZ71: 118 | CA71: 63 | CF71: 0 | CG71: 0 | CM71: 0 | CN71: Поправка: МДС 81-35.2004, п.4.7 Наименование: Работы, выполняемые при реконструкции зданий и сооружений работы, аналогичные технологическим процессам в новом строительстве (в том числе возведение новых конструктивных элементов) стоимость которых определена по соответствующим сборникам ФЕР, кроме сборника № 46 «Работы при реконструкции зданий и сооружений» | CO71: 0 | CP71: =(P71+Q71+S71) -> 15781.25 | CQ71: =AC71*BC71 -> 93347.1 | CR71: =AD71*BB71 -> 54.95875 | CS71: =AE71*BS71 -> 0 | CT71: =AF71*BA71 -> 11806.283 | CU71: =AG71 -> 0 | CV71: =AH71 -> 169.05 | CW71: =AI71 -> 0 | CX71: =AJ71 -> 0 | CY71: =(((S71+R71)*AT71)/100) -> 1877.1964 | CZ71: =(((S71+R71)*AU71)/100) -> 956.3076 | DE71: )*1,25 | DF71: )*1,25 | DG71: )*1,15 | DI71: )*1,15 | DJ71: )*1,25 | DN71: 0 | DO71: 0 | DP71: 1 | DQ71: 1 | DU71: 1005 | DV71: 100 м2 | DW71: 100 м2 | DX71: 100 | EE71: 26549060 | EF71: 2 | EG71: Общестроительные работы | EH71: 0 | EJ71: 1 | EK71: 10001 | EL71: Деревянные конструкции | EM71: ФЕР-10 | EO71: Поправка: МДС 81-35.2004, п.4.7 | EQ71: 0 | ER71: 13462 | ES71: 12123 | ET71: 5.71 | EU71: 0 | EV71: 1333.29 | EW71: 147 | EX71: 0 | EY71: 0 | FQ71: 0 | FR71: =ROUND(IF(AND(BH71=3,BI71=3),P71,0),2) -> 0 | FS71: 0 | FT71: *0,9 | FU71: *0,85 | FX71: 106.2 | FY71: 53.55 | GD71: 0 | GF71: 1236979558 | GG71: 1 | GH71: 1 | GI71: 4 | GJ71: 0 | GK71: =ROUND(R71*(S12)/100,2) -> 0 | GL71: =ROUND(IF(AND(BH71=3,BI71=3,FS71<>0),P71,0),2) -> 0 | GM71: =ROUND(O71+X71+Y71+GK71,2)+GX71 -> 18614.76 | GN71: =IF(OR(BI71=0,BI71=1),ROUND(O71+X71+Y71+GK71,2),0) -> 18614.76 | GO71: =IF(BI71=2,ROUND(O71+X71+Y71+GK71,2),0) -> 0 | GP71: =IF(BI71=4,ROUND(O71+X71+Y71+GK71,2)+GX71,0) -> 0 | GR71: 0 | GS71: 3 | GT71: 0 | GV71: =ROUND(GT71,6) -> 0 | GW71: 1 | GX71: =ROUND(GV71*GW71*I71,2) -> 0 | HA71: 0 | HB71: 0 | IK71: 0
A72: 18 | B72: 1 | C72: 145 | E72: 9,1 | F72: 12.2.05.02-0002 | G72: Плиты из минеральной ваты гидрофобизированные негорючие на основе каменных пород "Изолайт" (плотность 50) | H72: м3 | I72: =I70*J72 -> 0.7725 | J72: 5.15 | O72: =ROUND(CP72,2) -> 131.47 | P72: =ROUND(CQ72*I72,2) -> 131.47 | Q72: =ROUND(CR72*I72,2) -> 0 | R72: =ROUND(CS72*I72,2) -> 0 | S72: =ROUND(CT72*I72,2) -> 0 | T72: =ROUND(CU72*I72,2) -> 0 | U72: =CV72*I72 -> 0 | V72: =CW72*I72 -> 0 | W72: =ROUND(CX72*I72,2) -> 0 | X72: =ROUND(CY72,2) -> 0 | Y72: =ROUND(CZ72,2) -> 0 | AA72: 26914188 | AB72: =ROUND((AC72+AD72+AF72),6) -> 170.19 | AC72: =ROUND((ES72),6) -> 170.19 | AD72: =ROUND((((ET72)-(EU72))+AE72),6) -> 0 | AE72: =ROUND((EU72),6) -> 0 | AF72: =ROUND((EV72),6) -> 0 | AG72: =ROUND((AP72),6) -> 0 | AH72: =(EW72) -> 0 | AI72: =(EX72) -> 0 | AJ72: =ROUND((AS72),6) -> 0 | AK72: 170.19 | AL72: 170.19 | AM72: 0 | AN72: 0 | AO72: 0 | AP72: 0 | AQ72: 0 | AR72: 0 | AS72: 0 | AT72: 106 | AU72: 54 | AV72: 1 | AW72: 1 | AZ72: 1 | BA72: 1 | BB72: 1 | BC72: 1 | BH72: 3 | BI72: 1 | BJ72: ФССЦ-2001, 12.2.05.02-0002, приказ Минстроя России №1039/пр от 30.12.2016г. | BM72: 10001 | BN72: 0 | BP72: 0 | BQ72: 2 | BR72: 0 | BS72: 1 | BT72: 1 | BU72: 1 | BV72: 1 | BW72: 1 | BX72: 1 | BZ72: 118 | CA72: 63 | CF72: 0 | CG72: 0 | CM72: 0 | CO72: 0 | CP72: =(P72+Q72+S72) -> 131.47 | CQ72: =AC72*BC72 -> 170.19 | CR72: =AD72*BB72 -> 0 | CS72: =AE72*BS72 -> 0 | CT72: =AF72*BA72 -> 0 | CU72: =AG72 -> 0 | CV72: =AH72 -> 0 | CW72: =AI72 -> 0 | CX72: =AJ72 -> 0 | CY72: =(((S72+R72)*AT72)/100) -> 0 | CZ72: =(((S72+R72)*AU72)/100) -> 0 | DN72: 0 | DO72: 0 | DP72: 1 | DQ72: 1 | DU72: 1007 | DV72: м3 | DW72: м3 | DX72: 1 | EE72: 26549060 | EF72: 2 | EG72: Общестроительные работы | EH72: 0 | EJ72: 1 | EK72: 10001 | EL72: Деревянные конструкции | EM72: ФЕР-10 | EQ72: 0 | ER72: 170.19 | ES72: 170.19 | ET72: 0 | EU72: 0 | EV72: 0 | EW72: 0 | EX72: 0 | FQ72: 0 | FR72: =ROUND(IF(AND(BH72=3,BI72=3),P72,0),2) -> 0 | FS72: 0 | FT72: *0,9 | FU72: *0,85 | FX72: 106.2 | FY72: 53.55 | GD72: 0 | GF72: 2013777 | GG72: 2 | GH72: 1 | GI72: -2 | GJ72: 0 | GK72: =ROUND(R72*(R12)/100,2) -> 0 | GL72: =ROUND(IF(AND(BH72=3,BI72=3,FS72<>0),P72,0),2) -> 0 | GM72: =ROUND(O72+X72+Y72+GK72,2)+GX72 -> 131.47 | GN72: =IF(OR(BI72=0,BI72=1),ROUND(O72+X72+Y72+GK72,2),0) -> 131.47 | GO72: =IF(BI72=2,ROUND(O72+X72+Y72+GK72,2),0) -> 0 | GP72: =IF(BI72=4,ROUND(O72+X72+Y72+GK72,2)+GX72,0) -> 0 | GR72: 0 | GS72: 3 | GT72: 0 | GV72: =ROUND(GT72,6) -> 0 | GW72: 1 | GX72: =ROUND(GV72*GW72*I72,2) -> 0 | HA72: 0 | HB72: 0 | IK72: 0
A73: 18 | B73: 1 | C73: 164 | E73: 9,1 | F73: 12.2.05.02-0002 | G73: Плиты из минеральной ваты гидрофобизированные негорючие на основе каменных пород "Изолайт" (плотность 50) | H73: м3 | I73: =I71*J73 -> 0.7725 | J73: 5.15 | O73: =ROUND(CP73,2) -> 1012.33 | P73: =ROUND(CQ73*I73,2) -> 1012.33 | Q73: =ROUND(CR73*I73,2) -> 0 | R73: =ROUND(CS73*I73,2) -> 0 | S73: =ROUND(CT73*I73,2) -> 0 | T73: =ROUND(CU73*I73,2) -> 0 | U73: =CV73*I73 -> 0 | V73: =CW73*I73 -> 0 | W73: =ROUND(CX73*I73,2) -> 0 | X73: =ROUND(CY73,2) -> 0 | Y73: =ROUND(CZ73,2) -> 0 | AA73: 26914189 | AB73: =ROUND((AC73+AD73+AF73),6) -> 170.19 | AC73: =ROUND((ES73),6) -> 170.19 | AD73: =ROUND((((ET73)-(EU73))+AE73),6) -> 0 | AE73: =ROUND((EU73),6) -> 0 | AF73: =ROUND((EV73),6) -> 0 | AG73: =ROUND((AP73),6) -> 0 | AH73: =(EW73) -> 0 | AI73: =(EX73) -> 0 | AJ73: =ROUND((AS73),6) -> 0 | AK73: 170.19 | AL73: 170.19 | AM73: 0 | AN73: 0 | AO73: 0 | AP73: 0 | AQ73: 0 | AR73: 0 | AS73: 0 | AT73: 106 | AU73: 54 | AV73: 1 | AW73: 1 | AZ73: 7.7 | BA73: 1 | BB73: 1 | BC73: 7.7 | BH73: 3 | BI73: 1 | BJ73: ФССЦ-2001, 12.2.05.02-0002, приказ Минстроя России №1039/пр от 30.12.2016г. | BM73: 10001 | BN73: 0 | BP73: 0 | BQ73: 2 | BR73: 0 | BS73: 1 | BT73: 1 | BU73: 1 | BV73: 1 | BW73: 1 | BX73: 1 | BZ73: 118 | CA73: 63 | CF73: 0 | CG73: 0 | CM73: 0 | CO73: 0 | CP73: =(P73+Q73+S73) -> 1012.33 | CQ73: =AC73*BC73 -> 1310.463 | CR73: =AD73*BB73 -> 0 | CS73: =AE73*BS73 -> 0 | CT73: =AF73*BA73 -> 0 | CU73: =AG73 -> 0 | CV73: =AH73 -> 0 | CW73: =AI73 -> 0 | CX73: =AJ73 -> 0 | CY73: =(((S73+R73)*AT73)/100) -> 0 | CZ73: =(((S73+R73)*AU73)/100) -> 0 | DN73: 0 | DO73: 0 | DP73: 1 | DQ73: 1 | DU73: 1007 | DV73: м3 | DW73: м3 | DX73: 1 | EE73: 26549060 | EF73: 2 | EG73: Общестроительные работы | EH73: 0 | EJ73: 1 | EK73: 10001 | EL73: Деревянные конструкции | EM73: ФЕР-10 | EQ73: 0 | ER73: 170.19 | ES73: 170.19 | ET73: 0 | EU73: 0 | EV73: 0 | EW73: 0 | EX73: 0 | FQ73: 0 | FR73: =ROUND(IF(AND(BH73=3,BI73=3),P73,0),2) -> 0 | FS73: 0 | FT73: *0,9 | FU73: *0,85 | FX73: 106.2 | FY73: 53.55 | GD73: 0 | GF73: 2013777 | GG73: 1 | GH73: 1 | GI73: 4 | GJ73: 0 | GK73: =ROUND(R73*(S12)/100,2) -> 0 | GL73: =ROUND(IF(AND(BH73=3,BI73=3,FS73<>0),P73,0),2) -> 0 | GM73: =ROUND(O73+X73+Y73+GK73,2)+GX73 -> 1012.33 | GN73: =IF(OR(BI73=0,BI73=1),ROUND(O73+X73+Y73+GK73,2),0) -> 1012.33 | GO73: =IF(BI73=2,ROUND(O73+X73+Y73+GK73,2),0) -> 0 | GP73: =IF(BI73=4,ROUND(O73+X73+Y73+GK73,2)+GX73,0) -> 0 | GR73: 0 | GS73: 3 | GT73: 0 | GV73: =ROUND(GT73,6) -> 0 | GW73: 1 | GX73: =ROUND(GV73*GW73*I73,2) -> 0 | HA73: 0 | HB73: 0 | IK73: 0
A74: 18 | B74: 1 | C74: 141 | E74: 9,2 | F74: 07.2.06.03-0112 | G74: Профиль направляющий ПН-2 50/40/0,6 | H74: м | I74: =I70*J74 -> 12.9 | J74: 86 | O74: =ROUND(CP74,2) -> 79.46 | P74: =ROUND(CQ74*I74,2) -> 79.46 | Q74: =ROUND(CR74*I74,2) -> 0 | R74: =ROUND(CS74*I74,2) -> 0 | S74: =ROUND(CT74*I74,2) -> 0 | T74: =ROUND(CU74*I74,2) -> 0 | U74: =CV74*I74 -> 0 | V74: =CW74*I74 -> 0 | W74: =ROUND(CX74*I74,2) -> 0 | X74: =ROUND(CY74,2) -> 0 | Y74: =ROUND(CZ74,2) -> 0 | AA74: 26914188 | AB74: =ROUND((AC74+AD74+AF74),6) -> 6.16 | AC74: =ROUND((ES74),6) -> 6.16 | AD74: =ROUND((((ET74)-(EU74))+AE74),6) -> 0 | AE74: =ROUND((EU74),6) -> 0 | AF74: =ROUND((EV74),6) -> 0 | AG74: =ROUND((AP74),6) -> 0 | AH74: =(EW74) -> 0 | AI74: =(EX74) -> 0 | AJ74: =ROUND((AS74),6) -> 0 | AK74: 6.16 | AL74: 6.16 | AM74: 0 | AN74: 0 | AO74: 0 | AP74: 0 | AQ74: 0 | AR74: 0 | AS74: 0 | AT74: 106 | AU74: 54 | AV74: 1 | AW74: 1 | AZ74: 1 | BA74: 1 | BB74: 1 | BC74: 1 | BH74: 3 | BI74: 1 | BJ74: ФССЦ-2001, 07.2.06.03-0112, приказ Минстроя России №1039/пр от 30.12.2016г. | BM74: 10001 | BN74: 0 | BP74: 0 | BQ74: 2 | BR74: 0 | BS74: 1 | BT74: 1 | BU74: 1 | BV74: 1 | BW74: 1 | BX74: 1 | BZ74: 118 | CA74: 63 | CF74: 0 | CG74: 0 | CM74: 0 | CO74: 0 | CP74: =(P74+Q74+S74) -> 79.46 | CQ74: =AC74*BC74 -> 6.16 | CR74: =AD74*BB74 -> 0 | CS74: =AE74*BS74 -> 0 | CT74: =AF74*BA74 -> 0 | CU74: =AG74 -> 0 | CV74: =AH74 -> 0 | CW74: =AI74 -> 0 | CX74: =AJ74 -> 0 | CY74: =(((S74+R74)*AT74)/100) -> 0 | CZ74: =(((S74+R74)*AU74)/100) -> 0 | DN74: 0 | DO74: 0 | DP74: 1 | DQ74: 1 | DU74: 1003 | DV74: м | DW74: м | DX74: 1 | EE74: 26549060 | EF74: 2 | EG74: Общестроительные работы | EH74: 0 | EJ74: 1 | EK74: 10001 | EL74: Деревянные конструкции | EM74: ФЕР-10 | EQ74: 0 | ER74: 6.16 | ES74: 6.16 | ET74: 0 | EU74: 0 | EV74: 0 | EW74: 0 | EX74: 0 | FQ74: 0 | FR74: =ROUND(IF(AND(BH74=3,BI74=3),P74,0),2) -> 0 | FS74: 0 | FT74: *0,9 | FU74: *0,85 | FX74: 106.2 | FY74: 53.55 | GD74: 0 | GF74: 238585318 | GG74: 2 | GH74: 1 | GI74: -2 | GJ74: 0 | GK74: =ROUND(R74*(R12)/100,2) -> 0 | GL74: =ROUND(IF(AND(BH74=3,BI74=3,FS74<>0),P74,0),2) -> 0 | GM74: =ROUND(O74+X74+Y74+GK74,2)+GX74 -> 79.46 | GN74: =IF(OR(BI74=0,BI74=1),ROUND(O74+X74+Y74+GK74,2),0) -> 79.46 | GO74: =IF(BI74=2,ROUND(O74+X74+Y74+GK74,2),0) -> 0 | GP74: =IF(BI74=4,ROUND(O74+X74+Y74+GK74,2)+GX74,0) -> 0 | GR74: 0 | GS74: 3 | GT74: 0 | GV74: =ROUND(GT74,6) -> 0 | GW74: 1 | GX74: =ROUND(GV74*GW74*I74,2) -> 0 | HA74: 0 | HB74: 0 | IK74: 0
A75: 18 | B75: 1 | C75: 160 | E75: 9,2 | F75: 07.2.06.03-0112 | G75: Профиль направляющий ПН-2 50/40/0,6 | H75: м | I75: =I71*J75 -> 12.9 | J75: 86 | O75: =ROUND(CP75,2) -> 611.87 | P75: =ROUND(CQ75*I75,2) -> 611.87 | Q75: =ROUND(CR75*I75,2) -> 0 | R75: =ROUND(CS75*I75,2) -> 0 | S75: =ROUND(CT75*I75,2) -> 0 | T75: =ROUND(CU75*I75,2) -> 0 | U75: =CV75*I75 -> 0 | V75: =CW75*I75 -> 0 | W75: =ROUND(CX75*I75,2) -> 0 | X75: =ROUND(CY75,2) -> 0 | Y75: =ROUND(CZ75,2) -> 0 | AA75: 26914189 | AB75: =ROUND((AC75+AD75+AF75),6) -> 6.16 | AC75: =ROUND((ES75),6) -> 6.16 | AD75: =ROUND((((ET75)-(EU75))+AE75),6) -> 0 | AE75: =ROUND((EU75),6) -> 0 | AF75: =ROUND((EV75),6) -> 0 | AG75: =ROUND((AP75),6) -> 0 | AH75: =(EW75) -> 0 | AI75: =(EX75) -> 0 | AJ75: =ROUND((AS75),6) -> 0 | AK75: 6.16 | AL75: 6.16 | AM75: 0 | AN75: 0 | AO75: 0 | AP75: 0 | AQ75: 0 | AR75: 0 | AS75: 0 | AT75: 106 | AU75: 54 | AV75: 1 | AW75: 1 | AZ75: 7.7 | BA75: 1 | BB75: 1 | BC75: 7.7 | BH75: 3 | BI75: 1 | BJ75: ФССЦ-2001, 07.2.06.03-0112, приказ Минстроя России №1039/пр от 30.12.2016г. | BM75: 10001 | BN75: 0 | BP75: 0 | BQ75: 2 | BR75: 0 | BS75: 1 | BT75: 1 | BU75: 1 | BV75: 1 | BW75: 1 | BX75: 1 | BZ75: 118 | CA75: 63 | CF75: 0 | CG75: 0 | CM75: 0 | CO75: 0 | CP75: =(P75+Q75+S75) -> 611.87 | CQ75: =AC75*BC75 -> 47.432 | CR75: =AD75*BB75 -> 0 | CS75: =AE75*BS75 -> 0 | CT75: =AF75*BA75 -> 0 | CU75: =AG75 -> 0 | CV75: =AH75 -> 0 | CW75: =AI75 -> 0 | CX75: =AJ75 -> 0 | CY75: =(((S75+R75)*AT75)/100) -> 0 | CZ75: =(((S75+R75)*AU75)/100) -> 0 | DN75: 0 | DO75: 0 | DP75: 1 | DQ75: 1 | DU75: 1003 | DV75: м | DW75: м | DX75: 1 | EE75: 26549060 | EF75: 2 | EG75: Общестроительные работы | EH75: 0 | EJ75: 1 | EK75: 10001 | EL75: Деревянные конструкции | EM75: ФЕР-10 | EQ75: 0 | ER75: 6.16 | ES75: 6.16 | ET75: 0 | EU75: 0 | EV75: 0 | EW75: 0 | EX75: 0 | FQ75: 0 | FR75: =ROUND(IF(AND(BH75=3,BI75=3),P75,0),2) -> 0 | FS75: 0 | FT75: *0,9 | FU75: *0,85 | FX75: 106.2 | FY75: 53.55 | GD75: 0 | GF75: 238585318 | GG75: 1 | GH75: 1 | GI75: 4 | GJ75: 0 | GK75: =ROUND(R75*(S12)/100,2) -> 0 | GL75: =ROUND(IF(AND(BH75=3,BI75=3,FS75<>0),P75,0),2) -> 0 | GM75: =ROUND(O75+X75+Y75+GK75,2)+GX75 -> 611.87 | GN75: =IF(OR(BI75=0,BI75=1),ROUND(O75+X75+Y75+GK75,2),0) -> 611.87 | GO75: =IF(BI75=2,ROUND(O75+X75+Y75+GK75,2),0) -> 0 | GP75: =IF(BI75=4,ROUND(O75+X75+Y75+GK75,2)+GX75,0) -> 0 | GR75: 0 | GS75: 3 | GT75: 0 | GV75: =ROUND(GT75,6) -> 0 | GW75: 1 | GX75: =ROUND(GV75*GW75*I75,2) -> 0 | HA75: 0 | HB75: 0 | IK75: 0
A76: 18 | B76: 1 | C76: 132 | E76: 9,3 | F76: 01.6.01.02-0010 | G76: Листы гипсокартонные огнестойкие, ГИПРОК, толщиной 15 мм | H76: м2 | I76: =I70*J76 -> 67.35 | J76: 449 | O76: =ROUND(CP76,2) -> 744.22 | P76: =ROUND(CQ76*I76,2) -> 744.22 | Q76: =ROUND(CR76*I76,2) -> 0 | R76: =ROUND(CS76*I76,2) -> 0 | S76: =ROUND(CT76*I76,2) -> 0 | T76: =ROUND(CU76*I76,2) -> 0 | U76: =CV76*I76 -> 0 | V76: =CW76*I76 -> 0 | W76: =ROUND(CX76*I76,2) -> 0 | X76: =ROUND(CY76,2) -> 0 | Y76: =ROUND(CZ76,2) -> 0 | AA76: 26914188 | AB76: =ROUND((AC76+AD76+AF76),6) -> 11.05 | AC76: =ROUND((ES76),6) -> 11.05 | AD76: =ROUND((((ET76)-(EU76))+AE76),6) -> 0 | AE76: =ROUND((EU76),6) -> 0 | AF76: =ROUND((EV76),6) -> 0 | AG76: =ROUND((AP76),6) -> 0 | AH76: =(EW76) -> 0 | AI76: =(EX76) -> 0 | AJ76: =ROUND((AS76),6) -> 0 | AK76: 11.05 | AL76: 11.05 | AM76: 0 | AN76: 0 | AO76: 0 | AP76: 0 | AQ76: 0 | AR76: 0 | AS76: 0 | AT76: 106 | AU76: 54 | AV76: 1 | AW76: 1 | AZ76: 1 | BA76: 1 | BB76: 1 | BC76: 1 | BH76: 3 | BI76: 1 | BJ76: ФССЦ-2001, 01.6.01.02-0010, приказ Минстроя России №1039/пр от 30.12.2016г. | BM76: 10001 | BN76: 0 | BP76: 0 | BQ76: 2 | BR76: 0 | BS76: 1 | BT76: 1 | BU76: 1 | BV76: 1 | BW76: 1 | BX76: 1 | BZ76: 118 | CA76: 63 | CF76: 0 | CG76: 0 | CM76: 0 | CO76: 0 | CP76: =(P76+Q76+S76) -> 744.22 | CQ76: =AC76*BC76 -> 11.05 | CR76: =AD76*BB76 -> 0 | CS76: =AE76*BS76 -> 0 | CT76: =AF76*BA76 -> 0 | CU76: =AG76 -> 0 | CV76: =AH76 -> 0 | CW76: =AI76 -> 0 | CX76: =AJ76 -> 0 | CY76: =(((S76+R76)*AT76)/100) -> 0 | CZ76: =(((S76+R76)*AU76)/100) -> 0 | DN76: 0 | DO76: 0 | DP76: 1 | DQ76: 1 | DU76: 1005 | DV76: м2 | DW76: м2 | DX76: 1 | EE76: 26549060 | EF76: 2 | EG76: Общестроительные работы | EH76: 0 | EJ76: 1 | EK76: 10001 | EL76: Деревянные конструкции | EM76: ФЕР-10 | EQ76: 0 | ER76: 11.05 | ES76: 11.05 | ET76: 0 | EU76: 0 | EV76: 0 | EW76: 0 | EX76: 0 | FQ76: 0 | FR76: =ROUND(IF(AND(BH76=3,BI76=3),P76,0),2) -> 0 | FS76: 0 | FT76: *0,9 | FU76: *0,85 | FX76: 106.2 | FY76: 53.55 | GD76: 0 | GF76: 1736106746 | GG76: 2 | GH76: 1 | GI76: -2 | GJ76: 0 | GK76: =ROUND(R76*(R12)/100,2) -> 0 | GL76: =ROUND(IF(AND(BH76=3,BI76=3,FS76<>0),P76,0),2) -> 0 | GM76: =ROUND(O76+X76+Y76+GK76,2)+GX76 -> 744.22 | GN76: =IF(OR(BI76=0,BI76=1),ROUND(O76+X76+Y76+GK76,2),0) -> 744.22 | GO76: =IF(BI76=2,ROUND(O76+X76+Y76+GK76,2),0) -> 0 | GP76: =IF(BI76=4,ROUND(O76+X76+Y76+GK76,2)+GX76,0) -> 0 | GR76: 0 | GS76: 3 | GT76: 0 | GV76: =ROUND(GT76,6) -> 0 | GW76: 1 | GX76: =ROUND(GV76*GW76*I76,2) -> 0 | HA76: 0 | HB76: 0 | IK76: 0
A77: 18 | B77: 1 | C77: 151 | E77: 9,3 | F77: 01.6.01.02-0010 | G77: Листы гипсокартонные огнестойкие, ГИПРОК, толщиной 15 мм | H77: м2 | I77: =I71*J77 -> 67.35 | J77: 449 | O77: =ROUND(CP77,2) -> 5730.47 | P77: =ROUND(CQ77*I77,2) -> 5730.47 | Q77: =ROUND(CR77*I77,2) -> 0 | R77: =ROUND(CS77*I77,2) -> 0 | S77: =ROUND(CT77*I77,2) -> 0 | T77: =ROUND(CU77*I77,2) -> 0 | U77: =CV77*I77 -> 0 | V77: =CW77*I77 -> 0 | W77: =ROUND(CX77*I77,2) -> 0 | X77: =ROUND(CY77,2) -> 0 | Y77: =ROUND(CZ77,2) -> 0 | AA77: 26914189 | AB77: =ROUND((AC77+AD77+AF77),6) -> 11.05 | AC77: =ROUND((ES77),6) -> 11.05 | AD77: =ROUND((((ET77)-(EU77))+AE77),6) -> 0 | AE77: =ROUND((EU77),6) -> 0 | AF77: =ROUND((EV77),6) -> 0 | AG77: =ROUND((AP77),6) -> 0 | AH77: =(EW77) -> 0 | AI77: =(EX77) -> 0 | AJ77: =ROUND((AS77),6) -> 0 | AK77: 11.05 | AL77: 11.05 | AM77: 0 | AN77: 0 | AO77: 0 | AP77: 0 | AQ77: 0 | AR77: 0 | AS77: 0 | AT77: 106 | AU77: 54 | AV77: 1 | AW77: 1 | AZ77: 7.7 | BA77: 1 | BB77: 1 | BC77: 7.7 | BH77: 3 | BI77: 1 | BJ77: ФССЦ-2001, 01.6.01.02-0010, приказ Минстроя России №1039/пр от 30.12.2016г. | BM77: 10001 | BN77: 0 | BP77: 0 | BQ77: 2 | BR77: 0 | BS77: 1 | BT77: 1 | BU77: 1 | BV77: 1 | BW77: 1 | BX77: 1 | BZ77: 118 | CA77: 63 | CF77: 0 | CG77: 0 | CM77: 0 | CO77: 0 | CP77: =(P77+Q77+S77) -> 5730.47 | CQ77: =AC77*BC77 -> 85.085 | CR77: =AD77*BB77 -> 0 | CS77: =AE77*BS77 -> 0 | CT77: =AF77*BA77 -> 0 | CU77: =AG77 -> 0 | CV77: =AH77 -> 0 | CW77: =AI77 -> 0 | CX77: =AJ77 -> 0 | CY77: =(((S77+R77)*AT77)/100) -> 0 | CZ77: =(((S77+R77)*AU77)/100) -> 0 | DN77: 0 | DO77: 0 | DP77: 1 | DQ77: 1 | DU77: 1005 | DV77: м2 | DW77: м2 | DX77: 1 | EE77: 26549060 | EF77: 2 | EG77: Общестроительные работы | EH77: 0 | EJ77: 1 | EK77: 10001 | EL77: Деревянные конструкции | EM77: ФЕР-10 | EQ77: 0 | ER77: 11.05 | ES77: 11.05 | ET77: 0 | EU77: 0 | EV77: 0 | EW77: 0 | EX77: 0 | FQ77: 0 | FR77: =ROUND(IF(AND(BH77=3,BI77=3),P77,0),2) -> 0 | FS77: 0 | FT77: *0,9 | FU77: *0,85 | FX77: 106.2 | FY77: 53.55 | GD77: 0 | GF77: 1736106746 | GG77: 1 | GH77: 1 | GI77: 4 | GJ77: 0 | GK77: =ROUND(R77*(S12)/100,2) -> 0 | GL77: =ROUND(IF(AND(BH77=3,BI77=3,FS77<>0),P77,0),2) -> 0 | GM77: =ROUND(O77+X77+Y77+GK77,2)+GX77 -> 5730.47 | GN77: =IF(OR(BI77=0,BI77=1),ROUND(O77+X77+Y77+GK77,2),0) -> 5730.47 | GO77: =IF(BI77=2,ROUND(O77+X77+Y77+GK77,2),0) -> 0 | GP77: =IF(BI77=4,ROUND(O77+X77+Y77+GK77,2)+GX77,0) -> 0 | GR77: 0 | GS77: 3 | GT77: 0 | GV77: =ROUND(GT77,6) -> 0 | GW77: 1 | GX77: =ROUND(GV77*GW77*I77,2) -> 0 | HA77: 0 | HB77: 0 | IK77: 0
A78: 18 | B78: 1 | C78: 142 | E78: 9,4 | F78: 07.2.06.03-0195 | G78: Профиль стоечный ПС-2 50/50/0,6 | H78: м | I78: =I70*J78 -> 38.1 | J78: 254 | O78: =ROUND(CP78,2) -> 261.37 | P78: =ROUND(CQ78*I78,2) -> 261.37 | Q78: =ROUND(CR78*I78,2) -> 0 | R78: =ROUND(CS78*I78,2) -> 0 | S78: =ROUND(CT78*I78,2) -> 0 | T78: =ROUND(CU78*I78,2) -> 0 | U78: =CV78*I78 -> 0 | V78: =CW78*I78 -> 0 | W78: =ROUND(CX78*I78,2) -> 0 | X78: =ROUND(CY78,2) -> 0 | Y78: =ROUND(CZ78,2) -> 0 | AA78: 26914188 | AB78: =ROUND((AC78+AD78+AF78),6) -> 6.86 | AC78: =ROUND((ES78),6) -> 6.86 | AD78: =ROUND((((ET78)-(EU78))+AE78),6) -> 0 | AE78: =ROUND((EU78),6) -> 0 | AF78: =ROUND((EV78),6) -> 0 | AG78: =ROUND((AP78),6) -> 0 | AH78: =(EW78) -> 0 | AI78: =(EX78) -> 0 | AJ78: =ROUND((AS78),6) -> 0 | AK78: 6.86 | AL78: 6.86 | AM78: 0 | AN78: 0 | AO78: 0 | AP78: 0 | AQ78: 0 | AR78: 0 | AS78: 0 | AT78: 106 | AU78: 54 | AV78: 1 | AW78: 1 | AZ78: 1 | BA78: 1 | BB78: 1 | BC78: 1 | BH78: 3 | BI78: 1 | BJ78: ФССЦ-2001, 07.2.06.03-0195, приказ Минстроя России №1039/пр от 30.12.2016г. | BM78: 10001 | BN78: 0 | BP78: 0 | BQ78: 2 | BR78: 0 | BS78: 1 | BT78: 1 | BU78: 1 | BV78: 1 | BW78: 1 | BX78: 1 | BZ78: 118 | CA78: 63 | CF78: 0 | CG78: 0 | CM78: 0 | CO78: 0 | CP78: =(P78+Q78+S78) -> 261.37 | CQ78: =AC78*BC78 -> 6.86 | CR78: =AD78*BB78 -> 0 | CS78: =AE78*BS78 -> 0 | CT78: =AF78*BA78 -> 0 | CU78: =AG78 -> 0 | CV78: =AH78 -> 0 | CW78: =AI78 -> 0 | CX78: =AJ78 -> 0 | CY78: =(((S78+R78)*AT78)/100) -> 0 | CZ78: =(((S78+R78)*AU78)/100) -> 0 | DN78: 0 | DO78: 0 | DP78: 1 | DQ78: 1 | DU78: 1003 | DV78: м | DW78: м | DX78: 1 | EE78: 26549060 | EF78: 2 | EG78: Общестроительные работы | EH78: 0 | EJ78: 1 | EK78: 10001 | EL78: Деревянные конструкции | EM78: ФЕР-10 | EQ78: 0 | ER78: 6.86 | ES78: 6.86 | ET78: 0 | EU78: 0 | EV78: 0 | EW78: 0 | EX78: 0 | FQ78: 0 | FR78: =ROUND(IF(AND(BH78=3,BI78=3),P78,0),2) -> 0 | FS78: 0 | FT78: *0,9 | FU78: *0,85 | FX78: 106.2 | FY78: 53.55 | GD78: 0 | GF78: -1697320922 | GG78: 2 | GH78: 1 | GI78: -2 | GJ78: 0 | GK78: =ROUND(R78*(R12)/100,2) -> 0 | GL78: =ROUND(IF(AND(BH78=3,BI78=3,FS78<>0),P78,0),2) -> 0 | GM78: =ROUND(O78+X78+Y78+GK78,2)+GX78 -> 261.37 | GN78: =IF(OR(BI78=0,BI78=1),ROUND(O78+X78+Y78+GK78,2),0) -> 261.37 | GO78: =IF(BI78=2,ROUND(O78+X78+Y78+GK78,2),0) -> 0 | GP78: =IF(BI78=4,ROUND(O78+X78+Y78+GK78,2)+GX78,0) -> 0 | GR78: 0 | GS78: 3 | GT78: 0 | GV78: =ROUND(GT78,6) -> 0 | GW78: 1 | GX78: =ROUND(GV78*GW78*I78,2) -> 0 | HA78: 0 | HB78: 0 | IK78: 0
A79: 18 | B79: 1 | C79: 161 | E79: 9,4 | F79: 07.2.06.03-0195 | G79: Профиль стоечный ПС-2 50/50/0,6 | H79: м | I79: =I71*J79 -> 38.1 | J79: 254 | O79: =ROUND(CP79,2) -> 2012.52 | P79: =ROUND(CQ79*I79,2) -> 2012.52 | Q79: =ROUND(CR79*I79,2) -> 0 | R79: =ROUND(CS79*I79,2) -> 0 | S79: =ROUND(CT79*I79,2) -> 0 | T79: =ROUND(CU79*I79,2) -> 0 | U79: =CV79*I79 -> 0 | V79: =CW79*I79 -> 0 | W79: =ROUND(CX79*I79,2) -> 0 | X79: =ROUND(CY79,2) -> 0 | Y79: =ROUND(CZ79,2) -> 0 | AA79: 26914189 | AB79: =ROUND((AC79+AD79+AF79),6) -> 6.86 | AC79: =ROUND((ES79),6) -> 6.86 | AD79: =ROUND((((ET79)-(EU79))+AE79),6) -> 0 | AE79: =ROUND((EU79),6) -> 0 | AF79: =ROUND((EV79),6) -> 0 | AG79: =ROUND((AP79),6) -> 0 | AH79: =(EW79) -> 0 | AI79: =(EX79) -> 0 | AJ79: =ROUND((AS79),6) -> 0 | AK79: 6.86 | AL79: 6.86 | AM79: 0 | AN79: 0 | AO79: 0 | AP79: 0 | AQ79: 0 | AR79: 0 | AS79: 0 | AT79: 106 | AU79: 54 | AV79: 1 | AW79: 1 | AZ79: 7.7 | BA79: 1 | BB79: 1 | BC79: 7.7 | BH79: 3 | BI79: 1 | BJ79: ФССЦ-2001, 07.2.06.03-0195, приказ Минстроя России №1039/пр от 30.12.2016г. | BM79: 10001 | BN79: 0 | BP79: 0 | BQ79: 2 | BR79: 0 | BS79: 1 | BT79: 1 | BU79: 1 | BV79: 1 | BW79: 1 | BX79: 1 | BZ79: 118 | CA79: 63 | CF79: 0 | CG79: 0 | CM79: 0 | CO79: 0 | CP79: =(P79+Q79+S79) -> 2012.52 | CQ79: =AC79*BC79 -> 52.822 | CR79: =AD79*BB79 -> 0 | CS79: =AE79*BS79 -> 0 | CT79: =AF79*BA79 -> 0 | CU79: =AG79 -> 0 | CV79: =AH79 -> 0 | CW79: =AI79 -> 0 | CX79: =AJ79 -> 0 | CY79: =(((S79+R79)*AT79)/100) -> 0 | CZ79: =(((S79+R79)*AU79)/100) -> 0 | DN79: 0 | DO79: 0 | DP79: 1 | DQ79: 1 | DU79: 1003 | DV79: м | DW79: м | DX79: 1 | EE79: 26549060 | EF79: 2 | EG79: Общестроительные работы | EH79: 0 | EJ79: 1 | EK79: 10001 | EL79: Деревянные конструкции | EM79: ФЕР-10 | EQ79: 0 | ER79: 6.86 | ES79: 6.86 | ET79: 0 | EU79: 0 | EV79: 0 | EW79: 0 | EX79: 0 | FQ79: 0 | FR79: =ROUND(IF(AND(BH79=3,BI79=3),P79,0),2) -> 0 | FS79: 0 | FT79: *0,9 | FU79: *0,85 | FX79: 106.2 | FY79: 53.55 | GD79: 0 | GF79: -1697320922 | GG79: 1 | GH79: 1 | GI79: 4 | GJ79: 0 | GK79: =ROUND(R79*(S12)/100,2) -> 0 | GL79: =ROUND(IF(AND(BH79=3,BI79=3,FS79<>0),P79,0),2) -> 0 | GM79: =ROUND(O79+X79+Y79+GK79,2)+GX79 -> 2012.52 | GN79: =IF(OR(BI79=0,BI79=1),ROUND(O79+X79+Y79+GK79,2),0) -> 2012.52 | GO79: =IF(BI79=2,ROUND(O79+X79+Y79+GK79,2),0) -> 0 | GP79: =IF(BI79=4,ROUND(O79+X79+Y79+GK79,2)+GX79,0) -> 0 | GR79: 0 | GS79: 3 | GT79: 0 | GV79: =ROUND(GT79,6) -> 0 | GW79: 1 | GX79: =ROUND(GV79*GW79*I79,2) -> 0 | HA79: 0 | HB79: 0 | IK79: 0
A80: 18 | B80: 1 | C80: 134 | E80: 9,5 | F80: 01.7.06.01-0042 | G80: Лента эластичная самоклеящаяся для профилей направляющих «Дихтунгсбанд» 50/30000 мм | H80: м | I80: =I70*J80 -> 17.55 | J80: 117 | O80: =ROUND(CP80,2) -> 10.53 | P80: =ROUND(CQ80*I80,2) -> 10.53 | Q80: =ROUND(CR80*I80,2) -> 0 | R80: =ROUND(CS80*I80,2) -> 0 | S80: =ROUND(CT80*I80,2) -> 0 | T80: =ROUND(CU80*I80,2) -> 0 | U80: =CV80*I80 -> 0 | V80: =CW80*I80 -> 0 | W80: =ROUND(CX80*I80,2) -> 0 | X80: =ROUND(CY80,2) -> 0 | Y80: =ROUND(CZ80,2) -> 0 | AA80: 26914188 | AB80: =ROUND((AC80+AD80+AF80),6) -> 0.6 | AC80: =ROUND((ES80),6) -> 0.6 | AD80: =ROUND((((ET80)-(EU80))+AE80),6) -> 0 | AE80: =ROUND((EU80),6) -> 0 | AF80: =ROUND((EV80),6) -> 0 | AG80: =ROUND((AP80),6) -> 0 | AH80: =(EW80) -> 0 | AI80: =(EX80) -> 0 | AJ80: =ROUND((AS80),6) -> 0 | AK80: 0.6 | AL80: 0.6 | AM80: 0 | AN80: 0 | AO80: 0 | AP80: 0 | AQ80: 0 | AR80: 0 | AS80: 0 | AT80: 106 | AU80: 54 | AV80: 1 | AW80: 1 | AZ80: 1 | BA80: 1 | BB80: 1 | BC80: 1 | BH80: 3 | BI80: 1 | BJ80: ФССЦ-2001, 01.7.06.01-0042, приказ Минстроя России №1039/пр от 30.12.2016г. | BM80: 10001 | BN80: 0 | BP80: 0 | BQ80: 2 | BR80: 0 | BS80: 1 | BT80: 1 | BU80: 1 | BV80: 1 | BW80: 1 | BX80: 1 | BZ80: 118 | CA80: 63 | CF80: 0 | CG80: 0 | CM80: 0 | CO80: 0 | CP80: =(P80+Q80+S80) -> 10.53 | CQ80: =AC80*BC80 -> 0.6 | CR80: =AD80*BB80 -> 0 | CS80: =AE80*BS80 -> 0 | CT80: =AF80*BA80 -> 0 | CU80: =AG80 -> 0 | CV80: =AH80 -> 0 | CW80: =AI80 -> 0 | CX80: =AJ80 -> 0 | CY80: =(((S80+R80)*AT80)/100) -> 0 | CZ80: =(((S80+R80)*AU80)/100) -> 0 | DN80: 0 | DO80: 0 | DP80: 1 | DQ80: 1 | DU80: 1003 | DV80: м | DW80: м | DX80: 1 | EE80: 26549060 | EF80: 2 | EG80: Общестроительные работы | EH80: 0 | EJ80: 1 | EK80: 10001 | EL80: Деревянные конструкции | EM80: ФЕР-10 | EQ80: 0 | ER80: 0.6 | ES80: 0.6 | ET80: 0 | EU80: 0 | EV80: 0 | EW80: 0 | EX80: 0 | FQ80: 0 | FR80: =ROUND(IF(AND(BH80=3,BI80=3),P80,0),2) -> 0 | FS80: 0 | FT80: *0,9 | FU80: *0,85 | FX80: 106.2 | FY80: 53.55 | GD80: 0 | GF80: 207034482 | GG80: 2 | GH80: 1 | GI80: -2 | GJ80: 0 | GK80: =ROUND(R80*(R12)/100,2) -> 0 | GL80: =ROUND(IF(AND(BH80=3,BI80=3,FS80<>0),P80,0),2) -> 0 | GM80: =ROUND(O80+X80+Y80+GK80,2)+GX80 -> 10.53 | GN80: =IF(OR(BI80=0,BI80=1),ROUND(O80+X80+Y80+GK80,2),0) -> 10.53 | GO80: =IF(BI80=2,ROUND(O80+X80+Y80+GK80,2),0) -> 0 | GP80: =IF(BI80=4,ROUND(O80+X80+Y80+GK80,2)+GX80,0) -> 0 | GR80: 0 | GS80: 3 | GT80: 0 | GV80: =ROUND(GT80,6) -> 0 | GW80: 1 | GX80: =ROUND(GV80*GW80*I80,2) -> 0 | HA80: 0 | HB80: 0 | IK80: 0
A81: 18 | B81: 1 | C81: 153 | E81: 9,5 | F81: 01.7.06.01-0042 | G81: Лента эластичная самоклеящаяся для профилей направляющих «Дихтунгсбанд» 50/30000 мм | H81: м | I81: =I71*J81 -> 17.55 | J81: 117 | O81: =ROUND(CP81,2) -> 81.08 | P81: =ROUND(CQ81*I81,2) -> 81.08 | Q81: =ROUND(CR81*I81,2) -> 0 | R81: =ROUND(CS81*I81,2) -> 0 | S81: =ROUND(CT81*I81,2) -> 0 | T81: =ROUND(CU81*I81,2) -> 0 | U81: =CV81*I81 -> 0 | V81: =CW81*I81 -> 0 | W81: =ROUND(CX81*I81,2) -> 0 | X81: =ROUND(CY81,2) -> 0 | Y81: =ROUND(CZ81,2) -> 0 | AA81: 26914189 | AB81: =ROUND((AC81+AD81+AF81),6) -> 0.6 | AC81: =ROUND((ES81),6) -> 0.6 | AD81: =ROUND((((ET81)-(EU81))+AE81),6) -> 0 | AE81: =ROUND((EU81),6) -> 0 | AF81: =ROUND((EV81),6) -> 0 | AG81: =ROUND((AP81),6) -> 0 | AH81: =(EW81) -> 0 | AI81: =(EX81) -> 0 | AJ81: =ROUND((AS81),6) -> 0 | AK81: 0.6 | AL81: 0.6 | AM81: 0 | AN81: 0 | AO81: 0 | AP81: 0 | AQ81: 0 | AR81: 0 | AS81: 0 | AT81: 106 | AU81: 54 | AV81: 1 | AW81: 1 | AZ81: 7.7 | BA81: 1 | BB81: 1 | BC81: 7.7 | BH81: 3 | BI81: 1 | BJ81: ФССЦ-2001, 01.7.06.01-0042, приказ Минстроя России №1039/пр от 30.12.2016г. | BM81: 10001 | BN81: 0 | BP81: 0 | BQ81: 2 | BR81: 0 | BS81: 1 | BT81: 1 | BU81: 1 | BV81: 1 | BW81: 1 | BX81: 1 | BZ81: 118 | CA81: 63 | CF81: 0 | CG81: 0 | CM81: 0 | CO81: 0 | CP81: =(P81+Q81+S81) -> 81.08 | CQ81: =AC81*BC81 -> 4.62 | CR81: =AD81*BB81 -> 0 | CS81: =AE81*BS81 -> 0 | CT81: =AF81*BA81 -> 0 | CU81: =AG81 -> 0 | CV81: =AH81 -> 0 | CW81: =AI81 -> 0 | CX81: =AJ81 -> 0 | CY81: =(((S81+R81)*AT81)/100) -> 0 | CZ81: =(((S81+R81)*AU81)/100) -> 0 | DN81: 0 | DO81: 0 | DP81: 1 | DQ81: 1 | DU81: 1003 | DV81: м | DW81: м | DX81: 1 | EE81: 26549060 | EF81: 2 | EG81: Общестроительные работы | EH81: 0 | EJ81: 1 | EK81: 10001 | EL81: Деревянные конструкции | EM81: ФЕР-10 | EQ81: 0 | ER81: 0.6 | ES81: 0.6 | ET81: 0 | EU81: 0 | EV81: 0 | EW81: 0 | EX81: 0 | FQ81: 0 | FR81: =ROUND(IF(AND(BH81=3,BI81=3),P81,0),2) -> 0 | FS81: 0 | FT81: *0,9 | FU81: *0,85 | FX81: 106.2 | FY81: 53.55 | GD81: 0 | GF81: 207034482 | GG81: 1 | GH81: 1 | GI81: 4 | GJ81: 0 | GK81: =ROUND(R81*(S12)/100,2) -> 0 | GL81: =ROUND(IF(AND(BH81=3,BI81=3,FS81<>0),P81,0),2) -> 0 | GM81: =ROUND(O81+X81+Y81+GK81,2)+GX81 -> 81.08 | GN81: =IF(OR(BI81=0,BI81=1),ROUND(O81+X81+Y81+GK81,2),0) -> 81.08 | GO81: =IF(BI81=2,ROUND(O81+X81+Y81+GK81,2),0) -> 0 | GP81: =IF(BI81=4,ROUND(O81+X81+Y81+GK81,2)+GX81,0) -> 0 | GR81: 0 | GS81: 3 | GT81: 0 | GV81: =ROUND(GT81,6) -> 0 | GW81: 1 | GX81: =ROUND(GV81*GW81*I81,2) -> 0 | HA81: 0 | HB81: 0 | IK81: 0
A82: 17 | B82: 1 | C82: =ROW(SmtRes!A175) -> 175 | D82: =ROW(EtalonRes!A172) -> 172 | E82: 10 | F82: 56-23-1 | G82: Обрамление проемов сталью | H82: т | I82: 0.326 | J82: 0 | O82: =ROUND(CP82,2) -> 2193.05 | P82: =ROUND(CQ82*I82,2) -> 2057.23 | Q82: =ROUND(CR82*I82,2) -> 7.15 | R82: =ROUND(CS82*I82,2) -> 2.05 | S82: =ROUND(CT82*I82,2) -> 128.67 | T82: =ROUND(CU82*I82,2) -> 0 | U82: =CV82*I82 -> 14.344 | V82: =CW82*I82 -> 0.15648 | W82: =ROUND(CX82*I82,2) -> 0 | X82: =ROUND(CY82,2) -> 107.19 | Y82: =ROUND(CZ82,2) -> 81.05 | AA82: 26914188 | AB82: =ROUND((AC82+AD82+AF82),6) -> 6727.13 | AC82: =ROUND((ES82),6) -> 6310.52 | AD82: =ROUND((((ET82)-(EU82))+AE82),6) -> 21.93 | AE82: =ROUND((EU82),6) -> 6.29 | AF82: =ROUND((EV82),6) -> 394.68 | AG82: =ROUND((AP82),6) -> 0 | AH82: =(EW82) -> 44 | AI82: =(EX82) -> 0.48 | AJ82: =ROUND((AS82),6) -> 0 | AK82: 6727.13 | AL82: 6310.52 | AM82: 21.93 | AN82: 6.29 | AO82: 394.68 | AP82: 0 | AQ82: 44 | AR82: 0.48 | AS82: 0 | AT82: 82 | AU82: 62 | AV82: 1 | AW82: 1 | AZ82: 1 | BA82: 1 | BB82: 1 | BC82: 1 | BH82: 0 | BI82: 1 | BJ82: ФЕР-2001, 56-23-1, приказ Минстроя России №1039/пр от 30.12.2016г. | BM82: 56001 | BN82: 0 | BP82: 0 | BQ82: 6 | BR82: 0 | BS82: 1 | BT82: 1 | BU82: 1 | BV82: 1 | BW82: 1 | BX82: 1 | BZ82: 82 | CA82: 62 | CF82: 0 | CG82: 0 | CM82: 0 | CO82: 0 | CP82: =(P82+Q82+S82) -> 2193.05 | CQ82: =AC82*BC82 -> 6310.52 | CR82: =AD82*BB82 -> 21.93 | CS82: =AE82*BS82 -> 6.29 | CT82: =AF82*BA82 -> 394.68 | CU82: =AG82 -> 0 | CV82: =AH82 -> 44 | CW82: =AI82 -> 0.48 | CX82: =AJ82 -> 0 | CY82: =(((S82+R82)*AT82)/100) -> 107.1904 | CZ82: =(((S82+R82)*AU82)/100) -> 81.0464 | DN82: 0 | DO82: 0 | DP82: 1 | DQ82: 1 | DU82: 1009 | DV82: т | DW82: т | DX82: 1000 | EE82: 26549138 | EF82: 6 | EG82: Ремонтно-строительные работы | EH82: 0 | EJ82: 1 | EK82: 56001 | EL82: Проемы | EM82: рФЕР-56 | EQ82: 0 | ER82: 6727.13 | ES82: 6310.52 | ET82: 21.93 | EU82: 6.29 | EV82: 394.68 | EW82: 44 | EX82: 0.48 | EY82: 0 | FQ82: 0 | FR82: =ROUND(IF(AND(BH82=3,BI82=3),P82,0),2) -> 0 | FS82: 0 | FX82: 82 | FY82: 62 | GD82: 0 | GF82: 2120163166 | GG82: 2 | GH82: 1 | GI82: -2 | GJ82: 0 | GK82: =ROUND(R82*(R12)/100,2) -> 0 | GL82: =ROUND(IF(AND(BH82=3,BI82=3,FS82<>0),P82,0),2) -> 0 | GM82: =ROUND(O82+X82+Y82+GK82,2)+GX82 -> 2381.29 | GN82: =IF(OR(BI82=0,BI82=1),ROUND(O82+X82+Y82+GK82,2),0) -> 2381.29 | GO82: =IF(BI82=2,ROUND(O82+X82+Y82+GK82,2),0) -> 0 | GP82: =IF(BI82=4,ROUND(O82+X82+Y82+GK82,2)+GX82,0) -> 0 | GR82: 0 | GS82: 3 | GT82: 0 | GV82: =ROUND(GT82,6) -> 0 | GW82: 1 | GX82: =ROUND(GV82*GW82*I82,2) -> 0 | HA82: 0 | HB82: 0 | IK82: 0
A83: 17 | B83: 1 | C83: =ROW(SmtRes!A184) -> 184 | D83: =ROW(EtalonRes!A180) -> 180 | E83: 10 | F83: 56-23-1 | G83: Обрамление проемов сталью | H83: т | I83: 0.326 | J83: 0 | O83: =ROUND(CP83,2) -> 16886.45 | P83: =ROUND(CQ83*I83,2) -> 15840.67 | Q83: =ROUND(CR83*I83,2) -> 55.05 | R83: =ROUND(CS83*I83,2) -> 15.79 | S83: =ROUND(CT83*I83,2) -> 990.73 | T83: =ROUND(CU83*I83,2) -> 0 | U83: =CV83*I83 -> 14.344 | V83: =CW83*I83 -> 0.15648 | W83: =ROUND(CX83*I83,2) -> 0 | X83: =ROUND(CY83,2) -> 825.35 | Y83: =ROUND(CZ83,2) -> 624.04 | AA83: 26914189 | AB83: =ROUND((AC83+AD83+AF83),6) -> 6727.13 | AC83: =ROUND((ES83),6) -> 6310.52 | AD83: =ROUND((((ET83)-(EU83))+AE83),6) -> 21.93 | AE83: =ROUND((EU83),6) -> 6.29 | AF83: =ROUND((EV83),6) -> 394.68 | AG83: =ROUND((AP83),6) -> 0 | AH83: =(EW83) -> 44 | AI83: =(EX83) -> 0.48 | AJ83: =ROUND((AS83),6) -> 0 | AK83: 6727.13 | AL83: 6310.52 | AM83: 21.93 | AN83: 6.29 | AO83: 394.68 | AP83: 0 | AQ83: 44 | AR83: 0.48 | AS83: 0 | AT83: 82 | AU83: 62 | AV83: 1 | AW83: 1 | AZ83: 7.7 | BA83: 7.7 | BB83: 7.7 | BC83: 7.7 | BH83: 0 | BI83: 1 | BJ83: ФЕР-2001, 56-23-1, приказ Минстроя России №1039/пр от 30.12.2016г. | BM83: 56001 | BN83: 0 | BP83: 0 | BQ83: 6 | BR83: 0 | BS83: 7.7 | BT83: 1 | BU83: 1 | BV83: 1 | BW83: 1 | BX83: 1 | BZ83: 82 | CA83: 62 | CF83: 0 | CG83: 0 | CM83: 0 | CO83: 0 | CP83: =(P83+Q83+S83) -> 16886.45 | CQ83: =AC83*BC83 -> 48591.004 | CR83: =AD83*BB83 -> 168.861 | CS83: =AE83*BS83 -> 48.433 | CT83: =AF83*BA83 -> 3039.036 | CU83: =AG83 -> 0 | CV83: =AH83 -> 44 | CW83: =AI83 -> 0.48 | CX83: =AJ83 -> 0 | CY83: =(((S83+R83)*AT83)/100) -> 825.3464 | CZ83: =(((S83+R83)*AU83)/100) -> 624.0424 | DN83: 0 | DO83: 0 | DP83: 1 | DQ83: 1 | DU83: 1009 | DV83: т | DW83: т | DX83: 1000 | EE83: 26549138 | EF83: 6 | EG83: Ремонтно-строительные работы | EH83: 0 | EJ83: 1 | EK83: 56001 | EL83: Проемы | EM83: рФЕР-56 | EQ83: 0 | ER83: 6727.13 | ES83: 6310.52 | ET83: 21.93 | EU83: 6.29 | EV83: 394.68 | EW83: 44 | EX83: 0.48 | EY83: 0 | FQ83: 0 | FR83: =ROUND(IF(AND(BH83=3,BI83=3),P83,0),2) -> 0 | FS83: 0 | FX83: 82 | FY83: 62 | GD83: 0 | GF83: 2120163166 | GG83: 1 | GH83: 1 | GI83: 4 | GJ83: 0 | GK83: =ROUND(R83*(S12)/100,2) -> 0 | GL83: =ROUND(IF(AND(BH83=3,BI83=3,FS83<>0),P83,0),2) -> 0 | GM83: =ROUND(O83+X83+Y83+GK83,2)+GX83 -> 18335.84 | GN83: =IF(OR(BI83=0,BI83=1),ROUND(O83+X83+Y83+GK83,2),0) -> 18335.84 | GO83: =IF(BI83=2,ROUND(O83+X83+Y83+GK83,2),0) -> 0 | GP83: =IF(BI83=4,ROUND(O83+X83+Y83+GK83,2)+GX83,0) -> 0 | GR83: 0 | GS83: 3 | GT83: 0 | GV83: =ROUND(GT83,6) -> 0 | GW83: 1 | GX83: =ROUND(GV83*GW83*I83,2) -> 0 | HA83: 0 | HB83: 0 | IK83: 0
A84: 18 | B84: 1 | C84: 174 | E84: 10,1 | F84: 08.3.08.02-0011 | G84: Угловой равнополочный горячекатаный прокат толщиной 11-30 мм, при ширине полки 180-200 мм, из углеродистой обыкновенного качества стали марки Ст6сп | H84: т | I84: =I82*J84 -> -0.31948 | J84: -0.98 | O84: =ROUND(CP84,2) -> -1949.47 | P84: =ROUND(CQ84*I84,2) -> -1949.47 | Q84: =ROUND(CR84*I84,2) -> 0 | R84: =ROUND(CS84*I84,2) -> 0 | S84: =ROUND(CT84*I84,2) -> 0 | T84: =ROUND(CU84*I84,2) -> 0 | U84: =CV84*I84 -> 0 | V84: =CW84*I84 -> 0 | W84: =ROUND(CX84*I84,2) -> 0 | X84: =ROUND(CY84,2) -> 0 | Y84: =ROUND(CZ84,2) -> 0 | AA84: 26914188 | AB84: =ROUND((AC84+AD84+AF84),6) -> 6102 | AC84: =ROUND((ES84),6) -> 6102 | AD84: =ROUND((((ET84)-(EU84))+AE84),6) -> 0 | AE84: =ROUND((EU84),6) -> 0 | AF84: =ROUND((EV84),6) -> 0 | AG84: =ROUND((AP84),6) -> 0 | AH84: =(EW84) -> 0 | AI84: =(EX84) -> 0 | AJ84: =ROUND((AS84),6) -> 0 | AK84: 6102 | AL84: 6102 | AM84: 0 | AN84: 0 | AO84: 0 | AP84: 0 | AQ84: 0 | AR84: 0 | AS84: 0 | AT84: 82 | AU84: 62 | AV84: 1 | AW84: 1 | AZ84: 1 | BA84: 1 | BB84: 1 | BC84: 1 | BH84: 3 | BI84: 1 | BJ84: ФССЦ-2001, 08.3.08.02-0011, приказ Минстроя России №1039/пр от 30.12.2016г. | BM84: 56001 | BN84: 0 | BP84: 0 | BQ84: 6 | BR84: 1 | BS84: 1 | BT84: 1 | BU84: 1 | BV84: 1 | BW84: 1 | BX84: 1 | BZ84: 82 | CA84: 62 | CF84: 0 | CG84: 0 | CM84: 0 | CO84: 0 | CP84: =(P84+Q84+S84) -> -1949.47 | CQ84: =AC84*BC84 -> 6102 | CR84: =AD84*BB84 -> 0 | CS84: =AE84*BS84 -> 0 | CT84: =AF84*BA84 -> 0 | CU84: =AG84 -> 0 | CV84: =AH84 -> 0 | CW84: =AI84 -> 0 | CX84: =AJ84 -> 0 | CY84: =(((S84+R84)*AT84)/100) -> 0 | CZ84: =(((S84+R84)*AU84)/100) -> 0 | DN84: 0 | DO84: 0 | DP84: 1 | DQ84: 1 | DU84: 1009 | DV84: т | DW84: т | DX84: 1000 | EE84: 26549138 | EF84: 6 | EG84: Ремонтно-строительные работы | EH84: 0 | EJ84: 1 | EK84: 56001 | EL84: Проемы | EM84: рФЕР-56 | EQ84: 0 | ER84: 6102 | ES84: 6102 | ET84: 0 | EU84: 0 | EV84: 0 | EW84: 0 | EX84: 0 | FQ84: 0 | FR84: =ROUND(IF(AND(BH84=3,BI84=3),P84,0),2) -> 0 | FS84: 0 | FX84: 82 | FY84: 62 | GD84: 0 | GF84: 773831 | GG84: 2 | GH84: 1 | GI84: -2 | GJ84: 0 | GK84: =ROUND(R84*(R12)/100,2) -> 0 | GL84: =ROUND(IF(AND(BH84=3,BI84=3,FS84<>0),P84,0),2) -> 0 | GM84: =ROUND(O84+X84+Y84+GK84,2)+GX84 -> -1949.47 | GN84: =IF(OR(BI84=0,BI84=1),ROUND(O84+X84+Y84+GK84,2),0) -> -1949.47 | GO84: =IF(BI84=2,ROUND(O84+X84+Y84+GK84,2),0) -> 0 | GP84: =IF(BI84=4,ROUND(O84+X84+Y84+GK84,2)+GX84,0) -> 0 | GR84: 0 | GS84: 0 | GT84: 0 | GV84: =ROUND(GT84,6) -> 0 | GW84: 1 | GX84: =ROUND(GV84*GW84*I84,2) -> 0 | HA84: 0 | HB84: 0 | IK84: 0
A85: 18 | B85: 1 | C85: 183 | E85: 10,1 | F85: 08.3.08.02-0011 | G85: Угловой равнополочный горячекатаный прокат толщиной 11-30 мм, при ширине полки 180-200 мм, из углеродистой обыкновенного качества стали марки Ст6сп | H85: т | I85: =I83*J85 -> -0.31948 | J85: -0.98 | O85: =ROUND(CP85,2) -> -15010.9 | P85: =ROUND(CQ85*I85,2) -> -15010.9 | Q85: =ROUND(CR85*I85,2) -> 0 | R85: =ROUND(CS85*I85,2) -> 0 | S85: =ROUND(CT85*I85,2) -> 0 | T85: =ROUND(CU85*I85,2) -> 0 | U85: =CV85*I85 -> 0 | V85: =CW85*I85 -> 0 | W85: =ROUND(CX85*I85,2) -> 0 | X85: =ROUND(CY85,2) -> 0 | Y85: =ROUND(CZ85,2) -> 0 | AA85: 26914189 | AB85: =ROUND((AC85+AD85+AF85),6) -> 6102 | AC85: =ROUND((ES85),6) -> 6102 | AD85: =ROUND((((ET85)-(EU85))+AE85),6) -> 0 | AE85: =ROUND((EU85),6) -> 0 | AF85: =ROUND((EV85),6) -> 0 | AG85: =ROUND((AP85),6) -> 0 | AH85: =(EW85) -> 0 | AI85: =(EX85) -> 0 | AJ85: =ROUND((AS85),6) -> 0 | AK85: 6102 | AL85: 6102 | AM85: 0 | AN85: 0 | AO85: 0 | AP85: 0 | AQ85: 0 | AR85: 0 | AS85: 0 | AT85: 82 | AU85: 62 | AV85: 1 | AW85: 1 | AZ85: 7.7 | BA85: 1 | BB85: 1 | BC85: 7.7 | BH85: 3 | BI85: 1 | BJ85: ФССЦ-2001, 08.3.08.02-0011, приказ Минстроя России №1039/пр от 30.12.2016г. | BM85: 56001 | BN85: 0 | BP85: 0 | BQ85: 6 | BR85: 1 | BS85: 1 | BT85: 1 | BU85: 1 | BV85: 1 | BW85: 1 | BX85: 1 | BZ85: 82 | CA85: 62 | CF85: 0 | CG85: 0 | CM85: 0 | CO85: 0 | CP85: =(P85+Q85+S85) -> -15010.9 | CQ85: =AC85*BC85 -> 46985.4 | CR85: =AD85*BB85 -> 0 | CS85: =AE85*BS85 -> 0 | CT85: =AF85*BA85 -> 0 | CU85: =AG85 -> 0 | CV85: =AH85 -> 0 | CW85: =AI85 -> 0 | CX85: =AJ85 -> 0 | CY85: =(((S85+R85)*AT85)/100) -> 0 | CZ85: =(((S85+R85)*AU85)/100) -> 0 | DN85: 0 | DO85: 0 | DP85: 1 | DQ85: 1 | DU85: 1009 | DV85: т | DW85: т | DX85: 1000 | EE85: 26549138 | EF85: 6 | EG85: Ремонтно-строительные работы | EH85: 0 | EJ85: 1 | EK85: 56001 | EL85: Проемы | EM85: рФЕР-56 | EQ85: 0 | ER85: 6102 | ES85: 6102 | ET85: 0 | EU85: 0 | EV85: 0 | EW85: 0 | EX85: 0 | FQ85: 0 | FR85: =ROUND(IF(AND(BH85=3,BI85=3),P85,0),2) -> 0 | FS85: 0 | FX85: 82 | FY85: 62 | GD85: 0 | GF85: 773831 | GG85: 1 | GH85: 1 | GI85: 4 | GJ85: 0 | GK85: =ROUND(R85*(S12)/100,2) -> 0 | GL85: =ROUND(IF(AND(BH85=3,BI85=3,FS85<>0),P85,0),2) -> 0 | GM85: =ROUND(O85+X85+Y85+GK85,2)+GX85 -> -15010.9 | GN85: =IF(OR(BI85=0,BI85=1),ROUND(O85+X85+Y85+GK85,2),0) -> -15010.9 | GO85: =IF(BI85=2,ROUND(O85+X85+Y85+GK85,2),0) -> 0 | GP85: =IF(BI85=4,ROUND(O85+X85+Y85+GK85,2)+GX85,0) -> 0 | GR85: 0 | GS85: 0 | GT85: 0 | GV85: =ROUND(GT85,6) -> 0 | GW85: 1 | GX85: =ROUND(GV85*GW85*I85,2) -> 0 | HA85: 0 | HB85: 0 | IK85: 0
